Workbook

Sheet invoices
D1: Total
A2: Agency | D2: Assessment | F2: Assessment | H2: Deferred | J2: Invoiced | K2: License | L2: License | M2: License | N2: Invoice
A3: Code | B3: Name | D3: Percentage | F3: Amount | H3: Amount | J3: Amount | K3: Quantity | L3: Fee | M3: Sutbtotal | N3: Amount Due
A5: A101 | B5: Texas Senate | D5: =+assessment!H5 -> 0.00076594102 | F5: =+assessment!J5 -> 45652.429 | H5: =-F5*0.25 -> -11413.107 | J5: =SUM(F5:H5) -> 34239.322 | K5: 1 | L5: 225 | M5: =SUM(K5*L5) -> 225 | N5: =J5+M5 -> 34464.322
A6: A102 | B6: Texas House of Representatives | D6: =+assessment!H6 -> 0.0012125035 | F6: =+assessment!J6 -> 72268.92 | H6: =-F6*0.25 -> -18067.23 | J6: =SUM(F6:H6) -> 54201.69 | K6: 1 | L6: 225 | M6: =SUM(K6*L6) -> 225 | N6: =J6+M6 -> 54426.69
A7: A103 | B7: Legislative Council | D7: =+assessment!H7 -> 0.00062068351 | F7: =+assessment!J7 -> 36994.637 | H7: =-F7*0.25 -> -9248.6593 | J7: =SUM(F7:H7) -> 27745.978 | K7: 1 | L7: 225 | M7: =SUM(K7*L7) -> 225 | N7: =J7+M7 -> 27970.978
A8: A104 | B8: Legislative Budget Board | D8: =+assessment!H8 -> 0.00022977421 | F8: =+assessment!J8 -> 13695.246 | H8: =-F8*0.25 -> -3423.8116 | J8: =SUM(F8:H8) -> 10271.435 | K8: 1 | L8: 225 | M8: =SUM(K8*L8) -> 225 | N8: =J8+M8 -> 10496.435
A9: A105 | B9: Legislative Reference Library | D9: =+assessment!H9 -> 3.0745284e-05 | F9: =+assessment!J9 -> 1832.513 | H9: =-F9*0.25 -> -458.12826 | J9: =SUM(F9:H9) -> 1374.3848 | K9: 0 | L9: 225 | M9: =SUM(K9*L9) -> 0 | N9: =J9+M9 -> 1374.3848
A10: A116 | B10: Sunset Advisory Commission | D10: =+assessment!H10 -> 4.8978773e-05 | F10: =+assessment!J10 -> 2919.2848 | H10: =-F10*0.25 -> -729.82119 | J10: =SUM(F10:H10) -> 2189.4636 | K10: 1 | L10: 225 | M10: =SUM(K10*L10) -> 225 | N10: =J10+M10 -> 2414.4636
A11: A201 | B11: Supreme Court of Texas | D11: =+assessment!H11 -> 0.00014106907 | F11: =+assessment!J11 -> 8408.1485 | H11: =-F11*0.25 -> -2102.0371 | J11: =SUM(F11:H11) -> 6306.1113 | K11: 1 | L11: 225 | M11: =SUM(K11*L11) -> 225 | N11: =J11+M11 -> 6531.1113
A12: A203 | B12: Law Examiners, Board of | D12: =+assessment!H12 -> 3.5865246e-05 | F12: =+assessment!J12 -> 2137.6784 | H12: =-F12*0.25 -> -534.41961 | J12: =SUM(F12:H12) -> 1603.2588 | K12: 0 | L12: 225 | M12: =SUM(K12*L12) -> 0 | N12: =J12+M12 -> 1603.2588
A13: A211 | B13: Court of Criminal Appeals | D13: =+assessment!H13 -> 0.00011660464 | F13: =+assessment!J13 -> 6949.9934 | H13: =-F13*0.25 -> -1737.4983 | J13: =SUM(F13:H13) -> 5212.495 | K13: 1 | L13: 225 | M13: =SUM(K13*L13) -> 225 | N13: =J13+M13 -> 5437.495
A14: A212 | B14: Court Administration, Office of | D14: =+assessment!H14 -> 0.00045664763 | F14: =+assessment!J14 -> 27217.596 | H14: =-F14*0.25 -> -6804.3991 | J14: =SUM(F14:H14) -> 20413.197 | K14: 0 | L14: 225 | M14: =SUM(K14*L14) -> 0 | N14: =J14+M14 -> 20413.197
A15: A213 | B15: Prosecuting Attorney, State | D15: =+assessment!H15 -> 7.018678e-06 | F15: =+assessment!J15 -> 418.33469 | H15: =-F15*0.25 -> -104.58367 | J15: =SUM(F15:H15) -> 313.75102 | K15: 1 | L15: 225 | M15: =SUM(K15*L15) -> 225 | N15: =J15+M15 -> 538.75102
A16: A215 | B16: Office of Capital and Forensic Writs | D16: =+assessment!H16 -> 7.4560469e-05 | F16: =+assessment!J16 -> 4444.0322 | H16: =-F16*0.25 -> -1111.008 | J16: =SUM(F16:H16) -> 3333.0241 | K16: 0 | L16: 225 | M16: =SUM(K16*L16) -> 0 | N16: =J16+M16 -> 3333.0241
... A262: C252 | B262: Young | D262: =+assessment!H262 -> 8.5964686e-06 | F262: =+assessment!J262 -> 512.37584 | H262: =-F262*0.25 -> -128.09396 | J262: =SUM(F262:H262) -> 384.28188 | K262: 0 | L262: 225 | M262: =SUM(K262*L262) -> 0 | N262: =J262+M262 -> 384.28188
B263: CSCDs | D263: =SUM(D21:D22) -> 0.00013378688 | F263: =SUBTOTAL(9,F141:F262) -> 752077 | H263: =SUBTOTAL(9,H141:H262) -> -188019.25 | J263: =SUBTOTAL(9,J141:J262) -> 564057.75 | K263: =SUBTOTAL(9,K141:K262) -> 26 | L263: =SUBTOTAL(9,L141:L262) -> 27450 | M263: =SUBTOTAL(9,M141:M262) -> 5850 | N263: =SUBTOTAL(9,N141:N262) -> 569907.75
D265: =SUBTOTAL(9,D4:D264) -> 1.0001338 | F265: =SUBTOTAL(9,F4:F264) -> 59603061 | H265: =SUBTOTAL(9,H4:H264) -> -14900765 | J265: =SUBTOTAL(9,J4:J264) -> 44702296 | K265: =SUBTOTAL(9,K4:K264) -> 201 | L265: =SUBTOTAL(9,L5:L264) -> 58050 | M265: =SUBTOTAL(9,M5:M264) -> 45225 | N265: =SUBTOTAL(9,N4:N264) -> 44747521
D268: Projected Current FY (2027) Claim Payments | F268: =assessment!J268 -> 45670000 | H268: =+$H$265*(F268/$F$273) -> -11417500 | J268: =SUM(F268:H268) -> 34252500
D269: Previous FY Collected Shortage (Overage) | F269: =assessment!J269 -> -1000000 | H269: =+$H$265*(F269/$F$273) -> 250000 | J269: =SUM(F269:H269) -> -750000
D270: Risk Management and Workers' Comp. Administration | F270: =assessment!J270 -> 15333061 | H270: =+$H$265*(F270/$F$273) -> -3833265.2 | J270: =SUM(F270:H270) -> 11499796
D271: Previous FY Collected Shortage (Overage) | F271: =assessment!J271 -> -400000 | H271: =+$H$265*(F271/$F$273) -> 100000 | J271: =SUM(F271:H271) -> -300000
F273: =SUM(F268:F272) -> 59603061 | H273: =SUM(H268:H272) -> -14900765 | J273: =SUM(J268:J272) -> 44702296

Sheet assessment
F1: Costs | H1: Total | O1: Final | R1: Final
A2: Agency | C2: Payroll * | D2: FTEs | E2: # Claims | F2: (Payouts) | H2: Assessment | J2: Assessment | L2: % of | O2: FY 2026 | R2: FY 2026
A3: Code | B3: Name | C3: 0.125 | D3: 0.125 | E3: 0.15 | F3: 0.6 | H3: Percentage | J3: Amount | L3: Payroll | O3: Assessment | P3: difference | R3: Percentage | S3: difference
A5: A101 | B5: Texas Senate | C5: =+payroll!G5 -> 0.0032187619 | D5: =+IFR!T5 -> 0.0028237434 | E5: =+claims!R5 -> 5.4953478e-05 | F5: =+costs!L5 -> 3.9747269e-06 | H5: =(C5*$C$3)+(D5*$D$3)+(E5*$E$3)+(F5*$F$3) -> 0.00076594102 | J5: =(+H5*$J$273) -> 45652.429 | L5: =+J5/payroll!F5 -> 0.0010769882 | O5: 37598.688 | P5: =+J5-O5 -> 8053.7408 | R5: 0.00071848859 | S5: =+H5-R5 -> 4.7452428e-05
A6: A102 | B6: Texas House of Representatives | C6: =+payroll!G6 -> 0.0034762919 | D6: =+IFR!T6 -> 0.0043786497 | E6: =+claims!R6 -> 0.00032972087 | F6: =+costs!L6 -> 0.00030196278 | H6: =(C6*$C$3)+(D6*$D$3)+(E6*$E$3)+(F6*$F$3) -> 0.0012125035 | J6: =(+H6*$J$273) -> 72268.92 | L6: =+J6/payroll!F6 -> 0.0015785969 | O6: 49029.555 | P6: =+J6-O6 -> 23239.366 | R6: 0.00093692565 | S6: =+H6-R6 -> 0.00027557785
A7: A103 | B7: Legislative Council | C7: =+payroll!G7 -> 0.0027096193 | D7: =+IFR!T7 -> 0.0021421349 | E7: =+claims!R7 -> 5.4953478e-05 | F7: =+costs!L7 -> 9.9520385e-06 | H7: =(C7*$C$3)+(D7*$D$3)+(E7*$E$3)+(F7*$F$3) -> 0.00062068351 | J7: =(+H7*$J$273) -> 36994.637 | L7: =+J7/payroll!F7 -> 0.0010367318 | O7: 30837.396 | P7: =+J7-O7 -> 6157.2414 | R7: 0.00058928431 | S7: =+H7-R7 -> 3.1399205e-05
A8: A104 | B8: Legislative Budget Board | C8: =+payroll!G8 -> 0.0011514146 | D8: =+IFR!T8 -> 0.00068677914 | E8: =+claims!R8 -> 0 | F8: =+costs!L8 -> 0 | H8: =(C8*$C$3)+(D8*$D$3)+(E8*$E$3)+(F8*$F$3) -> 0.00022977421 | J8: =(+H8*$J$273) -> 13695.246 | L8: =+J8/payroll!F8 -> 0.00090317944 | O8: 12249.976 | P8: =+J8-O8 -> 1445.2701 | R8: 0.00023408977 | S8: =+H8-R8 -> -4.3155544e-06
A9: A105 | B9: Legislative Reference Library | C9: =+payroll!G9 -> 0.00011734098 | D9: =+IFR!T9 -> 0.0001286213 | E9: =+claims!R9 -> 0 | F9: =+costs!L9 -> 0 | H9: =(C9*$C$3)+(D9*$D$3)+(E9*$E$3)+(F9*$F$3) -> 3.0745284e-05 | J9: =(+H9*$J$273) -> 1832.513 | L9: =+J9/payroll!F9 -> 0.0011858596 | O9: 1598.4629 | P9: =+J9-O9 -> 234.05015 | R9: 3.0545676e-05 | S9: =+H9-R9 -> 1.9960821e-07
A10: A116 | B10: Sunset Advisory Commission | C10: =+payroll!G10 -> 0.00022273179 | D10: =+IFR!T10 -> 0.00016909839 | E10: =+claims!R10 -> 0 | F10: =+costs!L10 -> 0 | H10: =(C10*$C$3)+(D10*$D$3)+(E10*$E$3)+(F10*$F$3) -> 4.8978773e-05 | J10: =(+H10*$J$273) -> 2919.2848 | L10: =+J10/payroll!F10 -> 0.00099524536 | O10: 2321.6652 | P10: =+J10-O10 -> 597.6196 | R10: 4.4365642e-05 | S10: =+H10-R10 -> 4.6131309e-06
A11: A201 | B11: Supreme Court of Texas | C11: =+payroll!G11 -> 0.00060754883 | D11: =+IFR!T11 -> 0.00042804972 | E11: =+claims!R11 -> 5.4953478e-05 | F11: =+costs!L11 -> 5.6270506e-06 | H11: =(C11*$C$3)+(D11*$D$3)+(E11*$E$3)+(F11*$F$3) -> 0.00014106907 | J11: =(+H11*$J$273) -> 8408.1485 | L11: =+J11/payroll!F11 -> 0.0010508847 | O11: 7648.9054 | P11: =+J11-O11 -> 759.24309 | R11: 0.00014616604 | S11: =+H11-R11 -> -5.0969644e-06
A12: A203 | B12: Law Examiners, Board of | C12: =+payroll!G12 -> 0.0001589886 | D12: =+IFR!T12 -> 0.00012793336 | E12: =+claims!R12 -> 0 | F12: =+costs!L12 -> 0 | H12: =(C12*$C$3)+(D12*$D$3)+(E12*$E$3)+(F12*$F$3) -> 3.5865246e-05 | J12: =(+H12*$J$273) -> 2137.6784 | L12: =+J12/payroll!F12 -> 0.0010209684 | O12: 1876.5952 | P12: =+J12-O12 -> 261.08326 | R12: 3.5860618e-05 | S12: =+H12-R12 -> 4.6274263e-09
A13: A211 | B13: Court of Criminal Appeals | C13: =+payroll!G13 -> 0.00058551966 | D13: =+IFR!T13 -> 0.00034731744 | E13: =+claims!R13 -> 0 | F13: =+costs!L13 -> 0 | H13: =(C13*$C$3)+(D13*$D$3)+(E13*$E$3)+(F13*$F$3) -> 0.00011660464 | J13: =(+H13*$J$273) -> 6949.9934 | L13: =+J13/payroll!F13 -> 0.0009013196 | O13: 6388.2099 | P13: =+J13-O13 -> 561.78344 | R13: 0.0001220749 | S13: =+H13-R13 -> -5.4702569e-06
A14: A212 | B14: Court Administration, Office of | C14: =+payroll!G14 -> 0.0020657643 | D14: =+IFR!T14 -> 0.0015874167 | E14: =+claims!R14 -> 0 | F14: =+costs!L14 -> 0 | H14: =(C14*$C$3)+(D14*$D$3)+(E14*$E$3)+(F14*$F$3) -> 0.00045664763 | J14: =(+H14*$J$273) -> 27217.596 | L14: =+J14/payroll!F14 -> 0.0010004719 | O14: 23031.034 | P14: =+J14-O14 -> 4186.5621 | R14: 0.00044010938 | S14: =+H14-R14 -> 1.653825e-05
A15: A213 | B15: Prosecuting Attorney, State | C15: =+payroll!G15 -> 3.484569e-05 | D15: =+IFR!T15 -> 2.1303734e-05 | E15: =+claims!R15 -> 0 | F15: =+costs!L15 -> 0 | H15: =(C15*$C$3)+(D15*$D$3)+(E15*$E$3)+(F15*$F$3) -> 7.018678e-06 | J15: =(+H15*$J$273) -> 418.33469 | L15: =+J15/payroll!F15 -> 0.00091161345 | O15: 383.3202 | P15: =+J15-O15 -> 35.014497 | R15: 7.3250211e-06 | S15: =+H15-R15 -> -3.0634313e-07
A16: A215 | B16: Office of Capital and Forensic Writs | C16: =+payroll!G16 -> 0.00019435584 | D16: =+IFR!T16 -> 0.00012868787 | E16: =+claims!R16 -> 0.00010990696 | F16: =+costs!L16 -> 2.9489937e-05 | H16: =(C16*$C$3)+(D16*$D$3)+(E16*$E$3)+(F16*$F$3) -> 7.4560469e-05 | J16: =(+H16*$J$273) -> 4444.0322 | L16: =+J16/payroll!F16 -> 0.001736263 | O16: 1998.8872 | P16: =+J16-O16 -> 2445.145 | R16: 3.8197546e-05 | S16: =+H16-R16 -> 3.6362923e-05
... A262: C252 | B262: Young | C262: =+payroll!G262 -> 3.015873e-05 | D262: =+IFR!T262 -> 3.8613019e-05 | E262: =+claims!R262 -> 0 | F262: =+costs!L262 -> 0 | H262: =(C262*$C$3)+(D262*$D$3)+(E262*$E$3)+(F262*$F$3) -> 8.5964686e-06 | J262: =(+H262*$J$273) -> 512.37584 | L262: =+J262/payroll!F262 -> 0.0012900647 | O262: 448.03133 | P262: =+J262-O262 -> 64.344517 | R262: 8.5616124e-06 | S262: =+H262-R262 -> 3.4856245e-08
B263: CSCDs | C263: =SUBTOTAL(9,C141:C262) -> 0.023569141 | D263: =SUBTOTAL(9,D141:D262) -> 0.03019183 | E263: =SUBTOTAL(9,E141:E262) -> 0.0102763 | F263: =SUBTOTAL(9,F141:F262) -> 0.0072608786 | H263: =SUBTOTAL(9,H141:H262) -> 0.012618094 | J263: =SUBTOTAL(9,J141:J262) -> 752077 | L263: =+J263/payroll!F263 -> 0.0024230059 | O263: =SUBTOTAL(9,O141:O262) -> 650914.32 | P263: =SUBTOTAL(9,P141:P262) -> 101162.68 | Q263: =SUBTOTAL(9,Q141:Q262) -> 0 | R263: =SUBTOTAL(9,R141:R262) -> 0.012438586 | S263: =SUBTOTAL(9,S141:S262) -> 0.00017950776
C265: =SUBTOTAL(9,C4:C264) -> 1 | D265: =SUBTOTAL(9,D4:D264) -> 1 | E265: =SUBTOTAL(9,E4:E264) -> 1 | F265: =SUBTOTAL(9,F4:F264) -> 1 | H265: =SUBTOTAL(9,H4:H264) -> 1 | J265: =SUBTOTAL(9,J4:J264) -> 59603061 | L265: =+J265/payroll!F265 -> 0.004525895 | O265: =SUBTOTAL(9,O4:O262) -> 52330251 | P265: =SUBTOTAL(9,P4:P264) -> 7272809.8 | R265: =SUBTOTAL(9,R4:R262) -> 1 | S265: =SUBTOTAL(9,S4:S264) -> -3.2529962e-16
H268: Projected Current FY (2027) Claim Payments | J268: 45670000 | O268: 43000000 | P268: =+J268-O268 -> 2670000
H269: Previous FY Collected Shortage (Overage) | J269: -1000000 | O269: =-2966696.8 -> -2966696.8 | P269: =+J269-O269 -> 1966696.8
H270: Risk Management and Workers' Comp. Administration(incl.required funding for emp.benefits) | J270: =12562872+734866+1433094+600640+1589 -> 15333061 | O270: =12562872+2597067+597453 -> 15757392 | P270: =+J270-O270 -> -424331
H271: Previous FY Collected Shortage (Overage) | J271: -400000 | O271: -3460444 | P271: =+J271-O271 -> 3060444
J273: =SUM(J268:J272) -> 59603061 | O273: =SUM(O268:O272) -> 52330251 | P273: =SUM(P268:P272) -> 7272809.8

Sheet payroll
A2: Agency | F2: weighted | G2: Assessment
A3: Code | B3: Name | C3: FY2023 | D3: FY2024 | E3: FY2025 | F3: average | G3: Percentage
A5: A101 | B5: Texas Senate | C5: 36697632 | D5: 39082362 | E5: 46490503 | F5: =IF(C5>0,(+C5+(D5*2)+(E5*3))/6,IF(D5>0,((D5*2)+(E5*3))/5,E5)) -> 42388978 | G5: =+F5/$F$265 -> 0.0032187619
A6: A102 | B6: Texas House of Representatives | C6: 40407364 | D6: 42054278 | E6: 50055651 | F6: =IF(C6>0,(+C6+(D6*2)+(E6*3))/6,IF(D6>0,((D6*2)+(E6*3))/5,E6)) -> 45780479 | G6: =+F6/$F$265 -> 0.0034762919
A7: A103 | B7: Legislative Council | C7: 32755436 | D7: 32606617 | E7: 38711585 | F7: =IF(C7>0,(+C7+(D7*2)+(E7*3))/6,IF(D7>0,((D7*2)+(E7*3))/5,E7)) -> 35683904 | G7: =+F7/$F$265 -> 0.0027096193
A8: A104 | B8: Legislative Budget Board | C8: 12724952 | D8: 16106054 | E8: 15347725 | F8: =IF(C8>0,(+C8+(D8*2)+(E8*3))/6,IF(D8>0,((D8*2)+(E8*3))/5,E8)) -> 15163373 | G8: =+F8/$F$265 -> 0.0011514146
A9: A105 | B9: Legislative Reference Library | C9: 1381287.9 | D9: 1496557 | E9: 1632473 | F9: =IF(C9>0,(+C9+(D9*2)+(E9*3))/6,IF(D9>0,((D9*2)+(E9*3))/5,E9)) -> 1545303.5 | G9: =+F9/$F$265 -> 0.00011734098
A10: A116 | B10: Sunset Advisory Commission | C10: 2044603.2 | D10: 2800557.9 | E10: 3317889.5 | F10: =IF(C10>0,(+C10+(D10*2)+(E10*3))/6,IF(D10>0,((D10*2)+(E10*3))/5,E10)) -> 2933231.2 | G10: =+F10/$F$265 -> 0.00022273179
A11: A201 | B11: Supreme Court of Texas | C11: 8240720 | D11: 7023424 | E11: 8572848 | F11: =IF(C11>0,(+C11+(D11*2)+(E11*3))/6,IF(D11>0,((D11*2)+(E11*3))/5,E11)) -> 8001018.7 | G11: =+F11/$F$265 -> 0.00060754883
A12: A203 | B12: Law Examiners, Board of | C12: 1554604.8 | D12: 2156319 | E12: 2231803.1 | F12: =IF(C12>0,(+C12+(D12*2)+(E12*3))/6,IF(D12>0,((D12*2)+(E12*3))/5,E12)) -> 2093775.4 | G12: =+F12/$F$265 -> 0.0001589886
A13: A211 | B13: Court of Criminal Appeals | C13: 6902979 | D13: 7835837 | E13: 7896933.6 | F13: =IF(C13>0,(+C13+(D13*2)+(E13*3))/6,IF(D13>0,((D13*2)+(E13*3))/5,E13)) -> 7710908.9 | G13: =+F13/$F$265 -> 0.00058551966
A14: A212 | B14: Court Administration, Office of | C14: 23564983 | D14: 24303797 | E14: 30351990 | F14: =IF(C14>0,(+C14+(D14*2)+(E14*3))/6,IF(D14>0,((D14*2)+(E14*3))/5,E14)) -> 27204758 | G14: =+F14/$F$265 -> 0.0020657643
A15: A213 | B15: Prosecuting Attorney, State | C15: 446491.22 | D15: 446947 | E15: 470994.57 | F15: =IF(C15>0,(+C15+(D15*2)+(E15*3))/6,IF(D15>0,((D15*2)+(E15*3))/5,E15)) -> 458894.82 | G15: =+F15/$F$265 -> 3.484569e-05
A16: A215 | B16: Office of Capital and Forensic Writs | C16: 1745715.1 | D16: 2562751.6 | E16: 2828671 | F16: =IF(C16>0,(+C16+(D16*2)+(E16*3))/6,IF(D16>0,((D16*2)+(E16*3))/5,E16)) -> 2559538.6 | G16: =+F16/$F$265 -> 0.00019435584
... A34: A243 | B34: Law Library, State | C34: 661271.08 | D34: 723179.27 | E34: 787247.14 | F34: =IF(C34>0,(+C34+(D34*2)+(E34*3))/6,IF(D34>0,((D34*2)+(E34*3))/5,E34)) -> 744895.17 | G34: =+F34/$F$265 -> 5.6562822e-05
A35: A301 | B35: Governor's Office | C35: 24264018 | D35: 27546370 | E35: =18779626.58+12596974.53 -> 31376601 | F35: =IF(C35>0,(+C35+(D35*2)+(E35*3))/6,IF(D35>0,((D35*2)+(E35*3))/5,E35)) -> 28914427 | G35: =+F35/$F$265 -> 0.0021955862
A36: A302 | B36: Attorney General, Office of the | C36: 253316825 | D36: 284942274 | E36: 309817607 | F36: =IF(C36>0,(+C36+(D36*2)+(E36*3))/6,IF(D36>0,((D36*2)+(E36*3))/5,E36)) -> 2.9210903e+08 | G36: =+F36/$F$265 -> 0.022180988
A37: A303 | B37: Texas Facilities Commission | C37: 24419585 | D37: 28230766 | E37: 33115656 | F37: =IF(C37>0,(+C37+(D37*2)+(E37*3))/6,IF(D37>0,((D37*2)+(E37*3))/5,E37)) -> 30038014 | G37: =+F37/$F$265 -> 0.0022809046
A38: A304 | B38: Comptroller of Public Accounts, State | C38: 1.9535413e+08 | D38: 2.1920153e+08 | E38: 2.5104824e+08 | F38: =IF(C38>0,(+C38+(D38*2)+(E38*3))/6,IF(D38>0,((D38*2)+(E38*3))/5,E38)) -> 2.3115032e+08 | G38: =+F38/$F$265 -> 0.017552153
A39: A305 | B39: General Land Office | C39: 65667867 | D39: 73486233 | E39: 81721866 | F39: =IF(C39>0,(+C39+(D39*2)+(E39*3))/6,IF(D39>0,((D39*2)+(E39*3))/5,E39)) -> 76300988 | G39: =+F39/$F$265 -> 0.0057938343
A40: A306 | B40: Library and Archives Commission | C40: 8310399 | D40: 9212759 | E40: 10425917 | F40: =IF(C40>0,(+C40+(D40*2)+(E40*3))/6,IF(D40>0,((D40*2)+(E40*3))/5,E40)) -> 9668944.7 | G40: =+F40/$F$265 -> 0.00073420102
A41: A307 | B41: Secretary of State | C41: 12541156 | D41: 16781974 | E41: 23371491 | F41: =IF(C41>0,(+C41+(D41*2)+(E41*3))/6,IF(D41>0,((D41*2)+(E41*3))/5,E41)) -> 19369929 | G41: =+F41/$F$265 -> 0.001470835
A42: A308 | B42: State Auditor's Office | C42: 16638244 | D42: 17442981 | E42: 18761958 | F42: =IF(C42>0,(+C42+(D42*2)+(E42*3))/6,IF(D42>0,((D42*2)+(E42*3))/5,E42)) -> 17968347 | G42: =+F42/$F$265 -> 0.0013644073
A43: A312 | B43: Securities Board | C43: 6357031 | D43: 6846580 | E43: 7181677.6 | F43: =IF(C43>0,(+C43+(D43*2)+(E43*3))/6,IF(D43>0,((D43*2)+(E43*3))/5,E43)) -> 6932537.3 | G43: =+F43/$F$265 -> 0.00052641484
A44: A313 | B44: Information Resources, Dept. of | C44: 21945251 | D44: 24648459 | E44: 27775942 | F44: =IF(C44>0,(+C44+(D44*2)+(E44*3))/6,IF(D44>0,((D44*2)+(E44*3))/5,E44)) -> 25761666 | G44: =+F44/$F$265 -> 0.0019561847
A45: A320 | B45: Texas Workforce Commission | C45: 242020827 | D45: 276963600 | E45: 297146033 | F45: =IF(C45>0,(+C45+(D45*2)+(E45*3))/6,IF(D45>0,((D45*2)+(E45*3))/5,E45)) -> 281231021 | G45: =+F45/$F$265 -> 0.021354978
A46: A326 | B46: Texas Emergency Services Retirement System | C46: 450800 | D46: 571733 | E46: 600437.53 | F46: =IF(C46>0,(+C46+(D46*2)+(E46*3))/6,IF(D46>0,((D46*2)+(E46*3))/5,E46)) -> 565929.77 | G46: =+F46/$F$265 -> 4.2973274e-05
A47: A329 | B47: Real Estate Commission | C47: 11074732 | D47: 12307041 | E47: 12573706 | F47: =IF(C47>0,(+C47+(D47*2)+(E47*3))/6,IF(D47>0,((D47*2)+(E47*3))/5,E47)) -> 12234989 | G47: =+F47/$F$265 -> 0.00092905084
... A65: A451 | B65: Banking, State Department of | C65: 19550942 | D65: 20988270 | E65: 23234743 | F65: =IF(C65>0,(+C65+(D65*2)+(E65*3))/6,IF(D65>0,((D65*2)+(E65*3))/5,E65)) -> 21871952 | G65: =+F65/$F$265 -> 0.0016608234
A66: A452 | B66: Licensing and Regulation, Dept. of | C66: 54540910 | D66: 58745498 | E66: =15301255.03+38368389.96 -> 53669645 | F66: =IF(C66>0,(+C66+(D66*2)+(E66*3))/6,IF(D66>0,((D66*2)+(E66*3))/5,E66)) -> 55506807 | G66: =+F66/$F$265 -> 0.0042148503
A67: A454 | B67: Insurance, Department of | C67: 84994364 | D67: 89165641 | E67: 96972840 | F67: =IF(C67>0,(+C67+(D67*2)+(E67*3))/6,IF(D67>0,((D67*2)+(E67*3))/5,E67)) -> 92374028 | G67: =+F67/$F$265 -> 0.0070143234
A68: A455 | B68: Railroad Commission | C68: 70710013 | D68: 78451334 | E68: 87966744 | F68: =IF(C68>0,(+C68+(D68*2)+(E68*3))/6,IF(D68>0,((D68*2)+(E68*3))/5,E68)) -> 81918819 | G68: =+F68/$F$265 -> 0.0062204183
A69: A456 | B69: Plumbing Examiners, State Board of | C69: 2047721 | D69: 2205042 | E69: 2646382 | F69: =IF(C69>0,(+C69+(D69*2)+(E69*3))/6,IF(D69>0,((D69*2)+(E69*3))/5,E69)) -> 2399491.8 | G69: =+F69/$F$265 -> 0.00018220286
A70: A457 | B70: Public Accountancy, State Board of | C70: 3137655.2 | D70: 3244610.7 | E70: 3531153 | F70: =IF(C70>0,(+C70+(D70*2)+(E70*3))/6,IF(D70>0,((D70*2)+(E70*3))/5,E70)) -> 3370055.9 | G70: =+F70/$F$265 -> 0.00025590161
A71: A458 | B71: Alcoholic Beverage Commission | C71: 36721657 | D71: 39577547 | E71: 42003564 | F71: =IF(C71>0,(+C71+(D71*2)+(E71*3))/6,IF(D71>0,((D71*2)+(E71*3))/5,E71)) -> 40314574 | G71: =+F71/$F$265 -> 0.0030612442
A72: A459 | B72: Architectural Examiners, Board of | C72: 1822197 | D72: 1881802 | E72: 1823805.3 | F72: =IF(C72>0,(+C72+(D72*2)+(E72*3))/6,IF(D72>0,((D72*2)+(E72*3))/5,E72)) -> 1842869.5 | G72: =+F72/$F$265 -> 0.00013993633
A73: A460 | B73: Professional Engineers and Land Surveyors, Texas Board of | C73: 2675787.7 | D73: 2788385.9 | E73: 2987239.6 | F73: =IF(C73>0,(+C73+(D73*2)+(E73*3))/6,IF(D73>0,((D73*2)+(E73*3))/5,E73)) -> 2869046.4 | G73: =+F73/$F$265 -> 0.00021785798
A74: A466 | B74: Consumer Credit Commissioner, Office of | C74: 4883480.9 | D74: 5043061.1 | E74: 5326290.6 | F74: =IF(C74>0,(+C74+(D74*2)+(E74*3))/6,IF(D74>0,((D74*2)+(E74*3))/5,E74)) -> 5158079.1 | G74: =+F74/$F$265 -> 0.00039167325
A75: A469 | B75: Credit Union Department | C75: 2718471 | D75: 3022333 | E75: 3372393 | F75: =IF(C75>0,(+C75+(D75*2)+(E75*3))/6,IF(D75>0,((D75*2)+(E75*3))/5,E75)) -> 3146719.3 | G75: =+F75/$F$265 -> 0.00023894278
A76: A473 | B76: Public Utility Commission of Texas | C76: 19697661 | D76: 23596118 | E76: 31044496 | F76: =IF(C76>0,(+C76+(D76*2)+(E76*3))/6,IF(D76>0,((D76*2)+(E76*3))/5,E76)) -> 26670564 | G76: =+F76/$F$265 -> 0.0020252009
A77: A475 | B77: Public Utility Counsel, Office of | C77: 1155484 | D77: 1348432 | E77: 1662056.8 | F77: =IF(C77>0,(+C77+(D77*2)+(E77*3))/6,IF(D77>0,((D77*2)+(E77*3))/5,E77)) -> 1473086.4 | G77: =+F77/$F$265 -> 0.00011185725
A78: A476 | B78: Racing Commission | C78: 2575528.2 | D78: 2788244.5 | E78: 3499815 | F78: =IF(C78>0,(+C78+(D78*2)+(E78*3))/6,IF(D78>0,((D78*2)+(E78*3))/5,E78)) -> 3108577 | G78: =+F78/$F$265 -> 0.00023604649
... A116: A752 | B116: University of North Texas | C116: 3.7657705e+08 | D116: 4.0720554e+08 | E116: 4.2033027e+08 | F116: =IF(C116>0,(+C116+(D116*2)+(E116*3))/6,IF(D116>0,((D116*2)+(E116*3))/5,E116)) -> 4.0866316e+08 | G116: =+F116/$F$265 -> 0.031031402
A117: A753 | B117: Sam Houston State University | C117: 1.9280087e+08 | D117: 2.0406765e+08 | E117: =190901281.77+13382286.29 -> 2.0428357e+08 | F117: =IF(C117>0,(+C117+(D117*2)+(E117*3))/6,IF(D117>0,((D117*2)+(E117*3))/5,E117)) -> 2.0229781e+08 | G117: =+F117/$F$265 -> 0.015361269
A118: A754 | B118: Texas State University | C118: 3.2846872e+08 | D118: 3.6420087e+08 | E118: 3.8363074e+08 | F118: =IF(C118>0,(+C118+(D118*2)+(E118*3))/6,IF(D118>0,((D118*2)+(E118*3))/5,E118)) -> 3.6796045e+08 | G118: =+F118/$F$265 -> 0.027940685
A119: A756 | B119: Sul Ross State University | C119: 23458637 | D119: 24973917 | E119: 26754372 | F119: =IF(C119>0,(+C119+(D119*2)+(E119*3))/6,IF(D119>0,((D119*2)+(E119*3))/5,E119)) -> 25611598 | G119: =+F119/$F$265 -> 0.0019447894
A120: A758 | B120: Texas State University System Administration | C120: 8644661.5 | D120: 9404881.5 | E120: 9795447 | F120: =IF(C120>0,(+C120+(D120*2)+(E120*3))/6,IF(D120>0,((D120*2)+(E120*3))/5,E120)) -> 9473460.9 | G120: =+F120/$F$265 -> 0.00071935717
A121: A759 | B121: University of Houston - Clear Lake | C121: 74770649 | D121: 78027702 | E121: 78221742 | F121: =IF(C121>0,(+C121+(D121*2)+(E121*3))/6,IF(D121>0,((D121*2)+(E121*3))/5,E121)) -> 77581880 | G121: =+F121/$F$265 -> 0.0058910974
A122: A763 | B122: Univ. of North Texas Health Science Center | C122: 122889810 | D122: 130361376 | E122: 133731327 | F122: =IF(C122>0,(+C122+(D122*2)+(E122*3))/6,IF(D122>0,((D122*2)+(E122*3))/5,E122)) -> 1.3080109e+08 | G122: =+F122/$F$265 -> 0.0099322415
A123: A769 | B123: University of North Texas System Administration | C123: 32973435 | D123: 35416687 | E123: 35410524 | F123: =IF(C123>0,(+C123+(D123*2)+(E123*3))/6,IF(D123>0,((D123*2)+(E123*3))/5,E123)) -> 35006397 | G123: =+F123/$F$265 -> 0.0026581735
A124: A771 | B124: Blind and Visually Impaired, School for the | C124: 23292044 | D124: 26573897 | E124: 28951913 | F124: =IF(C124>0,(+C124+(D124*2)+(E124*3))/6,IF(D124>0,((D124*2)+(E124*3))/5,E124)) -> 27215930 | G124: =+F124/$F$265 -> 0.0020666126
A125: A772 | B125: Deaf, School for the | C125: 30388340 | D125: 31105085 | E125: 32186553 | F125: =IF(C125>0,(+C125+(D125*2)+(E125*3))/6,IF(D125>0,((D125*2)+(E125*3))/5,E125)) -> 31526361 | G125: =+F125/$F$265 -> 0.0023939207
A126: A773 | B126: University of North Texas Dallas | C126: 34549422 | D126: 36909383 | E126: 36650773 | F126: =IF(C126>0,(+C126+(D126*2)+(E126*3))/6,IF(D126>0,((D126*2)+(E126*3))/5,E126)) -> 36386751 | G126: =+F126/$F$265 -> 0.0027629892
A127: A774 | B127: Texas Tech University Health Sciences Center at El Paso | C127: 155343148 | D127: 161603817 | E127: 169482388 | F127: =IF(C127>0,(+C127+(D127*2)+(E127*3))/6,IF(D127>0,((D127*2)+(E127*3))/5,E127)) -> 1.6449966e+08 | G127: =+F127/$F$265 -> 0.012491106
A128: A781 | B128: Coordinating Board, Higher Education | C128: 29266402 | D128: 34647314 | E128: 38224998 | F128: =IF(C128>0,(+C128+(D128*2)+(E128*3))/6,IF(D128>0,((D128*2)+(E128*3))/5,E128)) -> 35539337 | G128: =+F128/$F$265 -> 0.0026986417
A129: A783 | B129: University of Houston System Administration | C129: 9275171 | D129: 8863501.4 | E129: 9427233.7 | F129: =IF(C129>0,(+C129+(D129*2)+(E129*3))/6,IF(D129>0,((D129*2)+(E129*3))/5,E129)) -> 9213979.2 | G129: =+F129/$F$265 -> 0.0006996537
... A262: C252 | B262: Young | C262: 358671.58 | D262: 368904.91 | E262: 428847.5 | F262: =IF(C262>0,(+C262+(D262*2)+(E262*3))/6,IF(D262>0,((D262*2)+(E262*3))/5,E262)) -> 397170.65 | G262: =+F262/$F$265 -> 3.015873e-05
B263: CSCDs | C263: =SUBTOTAL(9,C141:C262) -> 2.6965535e+08 | D263: =SUBTOTAL(9,D141:D262) -> 2.964993e+08 | E263: =SUBTOTAL(9,E141:E262) -> 3.3322885e+08 | F263: =SUBTOTAL(9,F141:F262) -> 3.1039008e+08 | G263: =SUBTOTAL(9,G141:G262) -> 0.023569141
C265: =SUBTOTAL(9,C5:C262) -> 1.1629112e+10 | D265: =SUBTOTAL(9,D5:D262) -> 1.2857304e+10 | E265: =SUBTOTAL(9,E5:E262) -> 1.3872836e+10 | F265: =SUBTOTAL(9,F5:F262) -> 1.3169342e+10 | G265: =SUBTOTAL(9,G5:G264) -> 1

Sheet IFR
T1: FTE | AD1: raw
A2: Agency | C2: 2023 | G2: 2023 Avg. | H2: 2024 | L2: 2024 Avg. | M2: 2025 | Q2: 2025 Avg. | R2: weighted | T2: Assessment | V2: FY2023 | W2: FY2024 | X2: FY2025 | Z2: FY2023 | AA2: FY2024 | AB2: FY2025 | AD2: weighted
A3: Code | B3: Name | C3: 1 | D3: 2 | E3: 3 | F3: 4 | G3: FTE | H3: 1 | I3: 2 | J3: 3 | K3: 4 | L3: FTE | M3: 1 | N3: 2 | O3: 3 | P3: 4 | Q3: FTE | R3: FTE avg. | T3: Percentage | V3: claims | W3: claims | X3: claims | Z3: IFR | AA3: IFR | AB3: IFR | AD3: IFR avg.
A5: A101 | B5: Texas Senate | C5: 439.1 | D5: 507.4 | E5: 561.1 | F5: 525.8 | G5: =AVERAGE(C5:F5) -> 508.35 | H5: 500.6 | I5: 493.2 | J5: 478.9 | K5: 492.6 | L5: =AVERAGE(H5:K5) -> 491.325 | M5: 500.3 | N5: 568 | O5: 618.1 | P5: 567.1 | Q5: =AVERAGE(M5:P5) -> 563.375 | R5: =IF(G5>0,(+G5+(L5*2)+(Q5*3))/6,IF(L5>0,((L5*2)+(Q5*3))/5,Q5)) -> 530.1875 | T5: =+R5/$R$265 -> 0.0028237434 | V5: =+claims!D5 -> 0 | W5: =+claims!E5 -> 0 | X5: =+claims!F5 -> 1 | Z5: =IF(G5>100,IF(V5<1,0,+V5/G5),IF(V5<1,0,+V5/100)) -> 0 | AA5: =IF(L5>100,IF(W5<1,0,+W5/L5),IF(W5<1,0,+W5/100)) -> 0 | AB5: =IF(Q5>100,IF(X5<1,0,+X5/Q5),IF(X5<1,0,+X5/100)) -> 0.0017750166 | AD5: =(+Z5+(AA5*2)+(AB5*3))/6 -> 0.00088750832
A6: A102 | B6: Texas House of Representatives | C6: 715.8 | D6: 686.6 | E6: 664.1 | F6: 676.8 | G6: =AVERAGE(C6:F6) -> 685.825 | H6: 764.5 | I6: 754.7 | J6: 744.1 | K6: 761.4 | L6: =AVERAGE(H6:K6) -> 756.175 | M6: 765.5 | N6: 920.9 | O6: 1062.8 | P6: 897 | Q6: =AVERAGE(M6:P6) -> 911.55 | R6: =IF(G6>0,(+G6+(L6*2)+(Q6*3))/6,IF(L6>0,((L6*2)+(Q6*3))/5,Q6)) -> 822.1375 | T6: =+R6/$R$265 -> 0.0043786497 | V6: =+claims!D6 -> 1 | W6: =+claims!E6 -> 1 | X6: =+claims!F6 -> 4 | Z6: =IF(G6>100,IF(V6<1,0,+V6/G6),IF(V6<1,0,+V6/100)) -> 0.0014580979 | AA6: =IF(L6>100,IF(W6<1,0,+W6/L6),IF(W6<1,0,+W6/100)) -> 0.0013224452 | AB6: =IF(Q6>100,IF(X6<1,0,+X6/Q6),IF(X6<1,0,+X6/100)) -> 0.0043881301 | AD6: =(+Z6+(AA6*2)+(AB6*3))/6 -> 0.0028778964
A7: A103 | B7: Legislative Council | C7: 379 | D7: 403 | E7: 402 | F7: 378 | G7: =AVERAGE(C7:F7) -> 390.5 | H7: 370 | I7: 371 | J7: 373 | K7: 380.3 | L7: =AVERAGE(H7:K7) -> 373.575 | M7: 420 | N7: 439 | O7: 437.8 | P7: 404 | Q7: =AVERAGE(M7:P7) -> 425.2 | R7: =IF(G7>0,(+G7+(L7*2)+(Q7*3))/6,IF(L7>0,((L7*2)+(Q7*3))/5,Q7)) -> 402.20833 | T7: =+R7/$R$265 -> 0.0021421349 | V7: =+claims!D7 -> 0 | W7: =+claims!E7 -> 0 | X7: =+claims!F7 -> 1 | Z7: =IF(G7>100,IF(V7<1,0,+V7/G7),IF(V7<1,0,+V7/100)) -> 0 | AA7: =IF(L7>100,IF(W7<1,0,+W7/L7),IF(W7<1,0,+W7/100)) -> 0 | AB7: =IF(Q7>100,IF(X7<1,0,+X7/Q7),IF(X7<1,0,+X7/100)) -> 0.0023518344 | AD7: =(+Z7+(AA7*2)+(AB7*3))/6 -> 0.0011759172
A8: A104 | B8: Legislative Budget Board | C8: 127 | D8: 124 | E8: 128 | F8: 128 | G8: =AVERAGE(C8:F8) -> 126.75 | H8: 129 | I8: 129 | J8: 129 | K8: 132 | L8: =AVERAGE(H8:K8) -> 129.75 | M8: 129 | N8: 130.3 | O8: 130.3 | P8: 127 | Q8: =AVERAGE(M8:P8) -> 129.15 | R8: =IF(G8>0,(+G8+(L8*2)+(Q8*3))/6,IF(L8>0,((L8*2)+(Q8*3))/5,Q8)) -> 128.95 | T8: =+R8/$R$265 -> 0.00068677914 | V8: =+claims!D8 -> 0 | W8: =+claims!E8 -> 0 | X8: =+claims!F8 -> 0 | Z8: =IF(G8>100,IF(V8<1,0,+V8/G8),IF(V8<1,0,+V8/100)) -> 0 | AA8: =IF(L8>100,IF(W8<1,0,+W8/L8),IF(W8<1,0,+W8/100)) -> 0 | AB8: =IF(Q8>100,IF(X8<1,0,+X8/Q8),IF(X8<1,0,+X8/100)) -> 0 | AD8: =(+Z8+(AA8*2)+(AB8*3))/6 -> 0
A9: A105 | B9: Legislative Reference Library | C9: 21 | D9: 22.5 | E9: 24.2 | F9: 23.6 | G9: =AVERAGE(C9:F9) -> 22.825 | H9: 23.2 | I9: 22.4 | J9: 22.9 | K9: 24 | L9: =AVERAGE(H9:K9) -> 23.125 | M9: 27 | N9: 25.6 | O9: 24.3 | P9: 24.2 | Q9: =AVERAGE(M9:P9) -> 25.275 | R9: =IF(G9>0,(+G9+(L9*2)+(Q9*3))/6,IF(L9>0,((L9*2)+(Q9*3))/5,Q9)) -> 24.15 | T9: =+R9/$R$265 -> 0.0001286213 | V9: =+claims!D9 -> 0 | W9: =+claims!E9 -> 0 | X9: =+claims!F9 -> 0 | Z9: =IF(G9>100,IF(V9<1,0,+V9/G9),IF(V9<1,0,+V9/100)) -> 0 | AA9: =IF(L9>100,IF(W9<1,0,+W9/L9),IF(W9<1,0,+W9/100)) -> 0 | AB9: =IF(Q9>100,IF(X9<1,0,+X9/Q9),IF(X9<1,0,+X9/100)) -> 0 | AD9: =(+Z9+(AA9*2)+(AB9*3))/6 -> 0
A10: A116 | B10: Sunset Advisory Commission | C10: 24 | D10: 24 | E10: 23 | F10: 24.5 | G10: =AVERAGE(C10:F10) -> 23.875 | H10: 30.3 | I10: 30.8 | J10: 32 | K10: 32.4 | L10: =AVERAGE(H10:K10) -> 31.375 | M10: 32.6 | N10: 33.1 | O10: 33 | P10: 39.8 | Q10: =AVERAGE(M10:P10) -> 34.625 | R10: =IF(G10>0,(+G10+(L10*2)+(Q10*3))/6,IF(L10>0,((L10*2)+(Q10*3))/5,Q10)) -> 31.75 | T10: =+R10/$R$265 -> 0.00016909839 | V10: =+claims!D10 -> 0 | W10: =+claims!E10 -> 0 | X10: =+claims!F10 -> 0 | Z10: =IF(G10>100,IF(V10<1,0,+V10/G10),IF(V10<1,0,+V10/100)) -> 0 | AA10: =IF(L10>100,IF(W10<1,0,+W10/L10),IF(W10<1,0,+W10/100)) -> 0 | AB10: =IF(Q10>100,IF(X10<1,0,+X10/Q10),IF(X10<1,0,+X10/100)) -> 0 | AD10: =(+Z10+(AA10*2)+(AB10*3))/6 -> 0
A11: A201 | B11: Supreme Court of Texas | C11: 81.2 | D11: 82.1 | E11: 80.9 | F11: 79.9 | G11: =AVERAGE(C11:F11) -> 81.025 | H11: 81.5 | I11: 82 | J11: 82 | K11: 79.3 | L11: =AVERAGE(H11:K11) -> 81.2 | M11: 79.8 | N11: 81.5 | O11: 80 | P11: 77.1 | Q11: =AVERAGE(M11:P11) -> 79.6 | R11: =IF(G11>0,(+G11+(L11*2)+(Q11*3))/6,IF(L11>0,((L11*2)+(Q11*3))/5,Q11)) -> 80.370833 | T11: =+R11/$R$265 -> 0.00042804972 | V11: =+claims!D11 -> 1 | W11: =+claims!E11 -> 0 | X11: =+claims!F11 -> 0 | Z11: =IF(G11>100,IF(V11<1,0,+V11/G11),IF(V11<1,0,+V11/100)) -> 0.01 | AA11: =IF(L11>100,IF(W11<1,0,+W11/L11),IF(W11<1,0,+W11/100)) -> 0 | AB11: =IF(Q11>100,IF(X11<1,0,+X11/Q11),IF(X11<1,0,+X11/100)) -> 0 | AD11: =(+Z11+(AA11*2)+(AB11*3))/6 -> 0.0016666667
A12: A203 | B12: Law Examiners, Board of | C12: 20 | D12: 19.5 | E12: 20 | F12: 30 | G12: =AVERAGE(C12:F12) -> 22.375 | H12: 20.5 | I12: 20.5 | J12: 24 | K12: 33 | L12: =AVERAGE(H12:K12) -> 24.5 | M12: 20.5 | N12: 20.5 | O12: 24 | P12: 32 | Q12: =AVERAGE(M12:P12) -> 24.25 | R12: =IF(G12>0,(+G12+(L12*2)+(Q12*3))/6,IF(L12>0,((L12*2)+(Q12*3))/5,Q12)) -> 24.020833 | T12: =+R12/$R$265 -> 0.00012793336 | V12: =+claims!D12 -> 0 | W12: =+claims!E12 -> 0 | X12: =+claims!F12 -> 0 | Z12: =IF(G12>100,IF(V12<1,0,+V12/G12),IF(V12<1,0,+V12/100)) -> 0 | AA12: =IF(L12>100,IF(W12<1,0,+W12/L12),IF(W12<1,0,+W12/100)) -> 0 | AB12: =IF(Q12>100,IF(X12<1,0,+X12/Q12),IF(X12<1,0,+X12/100)) -> 0 | AD12: =(+Z12+(AA12*2)+(AB12*3))/6 -> 0
A13: A211 | B13: Court of Criminal Appeals | C13: 67.2 | D13: 68 | E13: 67.4 | F13: 64.2 | G13: =AVERAGE(C13:F13) -> 66.7 | H13: 66.3 | I13: 68.7 | J13: 68.4 | K13: 62.8 | L13: =AVERAGE(H13:K13) -> 66.55 | M13: 65 | N13: 64 | O13: 63.4 | P13: 62.9 | Q13: =AVERAGE(M13:P13) -> 63.825 | R13: =IF(G13>0,(+G13+(L13*2)+(Q13*3))/6,IF(L13>0,((L13*2)+(Q13*3))/5,Q13)) -> 65.2125 | T13: =+R13/$R$265 -> 0.00034731744 | V13: =+claims!D13 -> 0 | W13: =+claims!E13 -> 0 | X13: =+claims!F13 -> 0 | Z13: =IF(G13>100,IF(V13<1,0,+V13/G13),IF(V13<1,0,+V13/100)) -> 0 | AA13: =IF(L13>100,IF(W13<1,0,+W13/L13),IF(W13<1,0,+W13/100)) -> 0 | AB13: =IF(Q13>100,IF(X13<1,0,+X13/Q13),IF(X13<1,0,+X13/100)) -> 0 | AD13: =(+Z13+(AA13*2)+(AB13*3))/6 -> 0
A14: A212 | B14: Court Administration, Office of | C14: 277.1 | D14: 281.1 | E14: 280.1 | F14: 278.2 | G14: =AVERAGE(C14:F14) -> 279.125 | H14: 279 | I14: 282.6 | J14: 287.1 | K14: 290.2 | L14: =AVERAGE(H14:K14) -> 284.725 | M14: 304.1 | N14: 315 | O14: 315.2 | P14: 318.7 | Q14: =AVERAGE(M14:P14) -> 313.25 | R14: =IF(G14>0,(+G14+(L14*2)+(Q14*3))/6,IF(L14>0,((L14*2)+(Q14*3))/5,Q14)) -> 298.05417 | T14: =+R14/$R$265 -> 0.0015874167 | V14: =+claims!D14 -> 0 | W14: =+claims!E14 -> 0 | X14: =+claims!F14 -> 0 | Z14: =IF(G14>100,IF(V14<1,0,+V14/G14),IF(V14<1,0,+V14/100)) -> 0 | AA14: =IF(L14>100,IF(W14<1,0,+W14/L14),IF(W14<1,0,+W14/100)) -> 0 | AB14: =IF(Q14>100,IF(X14<1,0,+X14/Q14),IF(X14<1,0,+X14/100)) -> 0 | AD14: =(+Z14+(AA14*2)+(AB14*3))/6 -> 0
A15: A213 | B15: Prosecuting Attorney, State | C15: 4 | D15: 4 | E15: 4 | F15: 4 | G15: =AVERAGE(C15:F15) -> 4 | H15: 4 | I15: 4 | J15: 4 | K15: 4 | L15: =AVERAGE(H15:K15) -> 4 | M15: 4 | N15: 4 | O15: 4 | P15: 4 | Q15: =AVERAGE(M15:P15) -> 4 | R15: =IF(G15>0,(+G15+(L15*2)+(Q15*3))/6,IF(L15>0,((L15*2)+(Q15*3))/5,Q15)) -> 4 | T15: =+R15/$R$265 -> 2.1303734e-05 | V15: =+claims!D15 -> 0 | W15: =+claims!E15 -> 0 | X15: =+claims!F15 -> 0 | Z15: =IF(G15>100,IF(V15<1,0,+V15/G15),IF(V15<1,0,+V15/100)) -> 0 | AA15: =IF(L15>100,IF(W15<1,0,+W15/L15),IF(W15<1,0,+W15/100)) -> 0 | AB15: =IF(Q15>100,IF(X15<1,0,+X15/Q15),IF(X15<1,0,+X15/100)) -> 0 | AD15: =(+Z15+(AA15*2)+(AB15*3))/6 -> 0
A16: A215 | B16: Office of Capital and Forensic Writs | C16: 21 | D16: 21.4 | E16: 20.6 | F16: 20.4 | G16: =AVERAGE(C16:F16) -> 20.85 | H16: 22.3 | I16: 23.9 | J16: 26.2 | K16: 26 | L16: =AVERAGE(H16:K16) -> 24.6 | M16: 25 | N16: 24.2 | O16: 26 | P16: 24.7 | Q16: =AVERAGE(M16:P16) -> 24.975 | R16: =IF(G16>0,(+G16+(L16*2)+(Q16*3))/6,IF(L16>0,((L16*2)+(Q16*3))/5,Q16)) -> 24.1625 | T16: =+R16/$R$265 -> 0.00012868787 | V16: =+claims!D16 -> 0 | W16: =+claims!E16 -> 0 | X16: =+claims!F16 -> 2 | Z16: =IF(G16>100,IF(V16<1,0,+V16/G16),IF(V16<1,0,+V16/100)) -> 0 | AA16: =IF(L16>100,IF(W16<1,0,+W16/L16),IF(W16<1,0,+W16/100)) -> 0 | AB16: =IF(Q16>100,IF(X16<1,0,+X16/Q16),IF(X16<1,0,+X16/100)) -> 0.02 | AD16: =(+Z16+(AA16*2)+(AB16*3))/6 -> 0.01
... A34: A243 | B34: Law Library, State | C34: 10 | D34: 10.9 | E34: 11.3 | F34: 10.8 | G34: =AVERAGE(C34:F34) -> 10.75 | H34: 11 | I34: 11.5 | J34: 10.8 | K34: 11 | L34: =AVERAGE(H34:K34) -> 11.075 | M34: 11.3 | N34: 11.3 | O34: 10.6 | P34: 11.8 | Q34: =AVERAGE(M34:P34) -> 11.25 | R34: =IF(G34>0,(+G34+(L34*2)+(Q34*3))/6,IF(L34>0,((L34*2)+(Q34*3))/5,Q34)) -> 11.108333 | T34: =+R34/$R$265 -> 5.9162246e-05 | V34: =+claims!D34 -> 0 | W34: =+claims!E34 -> 0 | X34: =+claims!F34 -> 0 | Z34: =IF(G34>100,IF(V34<1,0,+V34/G34),IF(V34<1,0,+V34/100)) -> 0 | AA34: =IF(L34>100,IF(W34<1,0,+W34/L34),IF(W34<1,0,+W34/100)) -> 0 | AB34: =IF(Q34>100,IF(X34<1,0,+X34/Q34),IF(X34<1,0,+X34/100)) -> 0 | AD34: =(+Z34+(AA34*2)+(AB34*3))/6 -> 0
A35: A301 | B35: Governor's Office | C35: 252 | D35: 267.3 | E35: 281 | F35: 293.6 | G35: =AVERAGE(C35:F35) -> 273.475 | H35: 297.1 | I35: 293.2 | J35: 299.1 | K35: 303.7 | L35: =AVERAGE(H35:K35) -> 298.275 | M35: =208.8+101.2 -> 310 | N35: =213+105.6 -> 318.6 | O35: =216.2+110.6 -> 326.8 | P35: =213.8+111.4 -> 325.2 | Q35: =AVERAGE(M35:P35) -> 320.15 | R35: =IF(G35>0,(+G35+(L35*2)+(Q35*3))/6,IF(L35>0,((L35*2)+(Q35*3))/5,Q35)) -> 305.07917 | T35: =+R35/$R$265 -> 0.0016248314 | V35: =+claims!D35 -> 0 | W35: =+claims!E35 -> 0 | X35: =+claims!F35 -> 3 | Z35: =IF(G35>100,IF(V35<1,0,+V35/G35),IF(V35<1,0,+V35/100)) -> 0 | AA35: =IF(L35>100,IF(W35<1,0,+W35/L35),IF(W35<1,0,+W35/100)) -> 0 | AB35: =IF(Q35>100,IF(X35<1,0,+X35/Q35),IF(X35<1,0,+X35/100)) -> 0.0093706075 | AD35: =(+Z35+(AA35*2)+(AB35*3))/6 -> 0.0046853038
A36: A302 | B36: Attorney General, Office of the | C36: 3915.3 | D36: 3931.5 | E36: 3938.2 | F36: 4001.1 | G36: =AVERAGE(C36:F36) -> 3946.525 | H36: 4026.8 | I36: 4105.1 | J36: 4165.9 | K36: 4231.8 | L36: =AVERAGE(H36:K36) -> 4132.4 | M36: 4211 | N36: 4258.9 | O36: 4159.2 | P36: 4224.5 | Q36: =AVERAGE(M36:P36) -> 4213.4 | R36: =IF(G36>0,(+G36+(L36*2)+(Q36*3))/6,IF(L36>0,((L36*2)+(Q36*3))/5,Q36)) -> 4141.9208 | T36: =+R36/$R$265 -> 0.022059595 | V36: =+claims!D36 -> 8 | W36: =+claims!E36 -> 16 | X36: =+claims!F36 -> 10 | Z36: =IF(G36>100,IF(V36<1,0,+V36/G36),IF(V36<1,0,+V36/100)) -> 0.0020270998 | AA36: =IF(L36>100,IF(W36<1,0,+W36/L36),IF(W36<1,0,+W36/100)) -> 0.003871842 | AB36: =IF(Q36>100,IF(X36<1,0,+X36/Q36),IF(X36<1,0,+X36/100)) -> 0.0023733802 | AD36: =(+Z36+(AA36*2)+(AB36*3))/6 -> 0.0028151541
A37: A303 | B37: Texas Facilities Commission | C37: 390.5 | D37: 390 | E37: 391.7 | F37: 390.2 | G37: =AVERAGE(C37:F37) -> 390.6 | H37: 406.4 | I37: 413 | J37: 416.3 | K37: 435 | L37: =AVERAGE(H37:K37) -> 417.675 | M37: 443.8 | N37: 444 | O37: 453.6 | P37: 459.7 | Q37: =AVERAGE(M37:P37) -> 450.275 | R37: =IF(G37>0,(+G37+(L37*2)+(Q37*3))/6,IF(L37>0,((L37*2)+(Q37*3))/5,Q37)) -> 429.4625 | T37: =+R37/$R$265 -> 0.0022872888 | V37: =+claims!D37 -> 14 | W37: =+claims!E37 -> 5 | X37: =+claims!F37 -> 13 | Z37: =IF(G37>100,IF(V37<1,0,+V37/G37),IF(V37<1,0,+V37/100)) -> 0.035842294 | AA37: =IF(L37>100,IF(W37<1,0,+W37/L37),IF(W37<1,0,+W37/100)) -> 0.01197103 | AB37: =IF(Q37>100,IF(X37<1,0,+X37/Q37),IF(X37<1,0,+X37/100)) -> 0.028871245 | AD37: =(+Z37+(AA37*2)+(AB37*3))/6 -> 0.024399682
A38: A304 | B38: Comptroller of Public Accounts, State | C38: 2463.7 | D38: 2534.4 | E38: 2580 | F38: 2680.6 | G38: =AVERAGE(C38:F38) -> 2564.675 | H38: 2664.9 | I38: 2702.3 | J38: 2735 | K38: 2799.5 | L38: =AVERAGE(H38:K38) -> 2725.425 | M38: 2800.5 | N38: 2853.3 | O38: 2900.6 | P38: 2953.2 | Q38: =AVERAGE(M38:P38) -> 2876.9 | R38: =IF(G38>0,(+G38+(L38*2)+(Q38*3))/6,IF(L38>0,((L38*2)+(Q38*3))/5,Q38)) -> 2774.3708 | T38: =+R38/$R$265 -> 0.014776115 | V38: =+claims!D38 -> 7 | W38: =+claims!E38 -> 6 | X38: =+claims!F38 -> 14 | Z38: =IF(G38>100,IF(V38<1,0,+V38/G38),IF(V38<1,0,+V38/100)) -> 0.0027293907 | AA38: =IF(L38>100,IF(W38<1,0,+W38/L38),IF(W38<1,0,+W38/100)) -> 0.0022014915 | AB38: =IF(Q38>100,IF(X38<1,0,+X38/Q38),IF(X38<1,0,+X38/100)) -> 0.0048663492 | AD38: =(+Z38+(AA38*2)+(AB38*3))/6 -> 0.0036219035
A39: A305 | B39: General Land Office | C39: 736.6 | D39: 739.1 | E39: 733.9 | F39: 750.6 | G39: =AVERAGE(C39:F39) -> 740.05 | H39: 753.1 | I39: 771.3 | J39: 784.5 | K39: 814.2 | L39: =AVERAGE(H39:K39) -> 780.775 | M39: 811.8 | N39: 817.2 | O39: 815.5 | P39: 818.3 | Q39: =AVERAGE(M39:P39) -> 815.7 | R39: =IF(G39>0,(+G39+(L39*2)+(Q39*3))/6,IF(L39>0,((L39*2)+(Q39*3))/5,Q39)) -> 791.45 | T39: =+R39/$R$265 -> 0.0042152101 | V39: =+claims!D39 -> 4 | W39: =+claims!E39 -> 6 | X39: =+claims!F39 -> 2 | Z39: =IF(G39>100,IF(V39<1,0,+V39/G39),IF(V39<1,0,+V39/100)) -> 0.0054050402 | AA39: =IF(L39>100,IF(W39<1,0,+W39/L39),IF(W39<1,0,+W39/100)) -> 0.0076846723 | AB39: =IF(Q39>100,IF(X39<1,0,+X39/Q39),IF(X39<1,0,+X39/100)) -> 0.0024518818 | AD39: =(+Z39+(AA39*2)+(AB39*3))/6 -> 0.0046883384
A40: A306 | B40: Library and Archives Commission | C40: 153.1 | D40: 149.6 | E40: 151.5 | F40: 157 | G40: =AVERAGE(C40:F40) -> 152.8 | H40: 153.6 | I40: 155.8 | J40: 156.2 | K40: 163.7 | L40: =AVERAGE(H40:K40) -> 157.325 | M40: 169.2 | N40: 168.7 | O40: 166.5 | P40: 164.9 | Q40: =AVERAGE(M40:P40) -> 167.325 | R40: =IF(G40>0,(+G40+(L40*2)+(Q40*3))/6,IF(L40>0,((L40*2)+(Q40*3))/5,Q40)) -> 161.57083 | T40: =+R40/$R$265 -> 0.00086051553 | V40: =+claims!D40 -> 1 | W40: =+claims!E40 -> 2 | X40: =+claims!F40 -> 2 | Z40: =IF(G40>100,IF(V40<1,0,+V40/G40),IF(V40<1,0,+V40/100)) -> 0.0065445026 | AA40: =IF(L40>100,IF(W40<1,0,+W40/L40),IF(W40<1,0,+W40/100)) -> 0.012712538 | AB40: =IF(Q40>100,IF(X40<1,0,+X40/Q40),IF(X40<1,0,+X40/100)) -> 0.011952786 | AD40: =(+Z40+(AA40*2)+(AB40*3))/6 -> 0.011304656
A41: A307 | B41: Secretary of State | C41: 198.1 | D41: 198.5 | E41: 199.3 | F41: 206 | G41: =AVERAGE(C41:F41) -> 200.475 | H41: 206.9 | I41: 217.3 | J41: 239.2 | K41: 257.1 | L41: =AVERAGE(H41:K41) -> 230.125 | M41: 263.3 | N41: 267.1 | O41: 269.1 | P41: 272.6 | Q41: =AVERAGE(M41:P41) -> 268.025 | R41: =IF(G41>0,(+G41+(L41*2)+(Q41*3))/6,IF(L41>0,((L41*2)+(Q41*3))/5,Q41)) -> 244.13333 | T41: =+R41/$R$265 -> 0.0013002379 | V41: =+claims!D41 -> 0 | W41: =+claims!E41 -> 0 | X41: =+claims!F41 -> 2 | Z41: =IF(G41>100,IF(V41<1,0,+V41/G41),IF(V41<1,0,+V41/100)) -> 0 | AA41: =IF(L41>100,IF(W41<1,0,+W41/L41),IF(W41<1,0,+W41/100)) -> 0 | AB41: =IF(Q41>100,IF(X41<1,0,+X41/Q41),IF(X41<1,0,+X41/100)) -> 0.0074619905 | AD41: =(+Z41+(AA41*2)+(AB41*3))/6 -> 0.0037309952
A42: A308 | B42: State Auditor's Office | C42: 175 | D42: 174 | E42: 174.4 | F42: 176 | G42: =AVERAGE(C42:F42) -> 174.85 | H42: 178.3 | I42: 184.1 | J42: 182.2 | K42: 194.9 | L42: =AVERAGE(H42:K42) -> 184.875 | M42: 183.9 | N42: 189 | O42: 191 | P42: 198.6 | Q42: =AVERAGE(M42:P42) -> 190.625 | R42: =IF(G42>0,(+G42+(L42*2)+(Q42*3))/6,IF(L42>0,((L42*2)+(Q42*3))/5,Q42)) -> 186.07917 | T42: =+R42/$R$265 -> 0.00099104529 | V42: =+claims!D42 -> 1 | W42: =+claims!E42 -> 0 | X42: =+claims!F42 -> 0 | Z42: =IF(G42>100,IF(V42<1,0,+V42/G42),IF(V42<1,0,+V42/100)) -> 0.0057191879 | AA42: =IF(L42>100,IF(W42<1,0,+W42/L42),IF(W42<1,0,+W42/100)) -> 0 | AB42: =IF(Q42>100,IF(X42<1,0,+X42/Q42),IF(X42<1,0,+X42/100)) -> 0 | AD42: =(+Z42+(AA42*2)+(AB42*3))/6 -> 0.00095319798
A43: A312 | B43: Securities Board | C43: 78.3 | D43: 80.3 | E43: 78.3 | F43: 80.3 | G43: =AVERAGE(C43:F43) -> 79.3 | H43: 81.3 | I43: 85.3 | J43: 82.3 | K43: 84.3 | L43: =AVERAGE(H43:K43) -> 83.3 | M43: 85.3 | N43: 85.3 | O43: 84.3 | P43: 86.3 | Q43: =AVERAGE(M43:P43) -> 85.3 | R43: =IF(G43>0,(+G43+(L43*2)+(Q43*3))/6,IF(L43>0,((L43*2)+(Q43*3))/5,Q43)) -> 83.633333 | T43: =+R43/$R$265 -> 0.00044542558 | V43: =+claims!D43 -> 0 | W43: =+claims!E43 -> 0 | X43: =+claims!F43 -> 0 | Z43: =IF(G43>100,IF(V43<1,0,+V43/G43),IF(V43<1,0,+V43/100)) -> 0 | AA43: =IF(L43>100,IF(W43<1,0,+W43/L43),IF(W43<1,0,+W43/100)) -> 0 | AB43: =IF(Q43>100,IF(X43<1,0,+X43/Q43),IF(X43<1,0,+X43/100)) -> 0 | AD43: =(+Z43+(AA43*2)+(AB43*3))/6 -> 0
A44: A313 | B44: Information Resources, Dept. of | C44: 213.4 | D44: 212.5 | E44: 220.4 | F44: 225.7 | G44: =AVERAGE(C44:F44) -> 218 | H44: 232.2 | I44: 240.1 | J44: 254 | K44: 250.4 | L44: =AVERAGE(H44:K44) -> 244.175 | M44: 247.9 | N44: 254.4 | O44: 255.3 | P44: 256.9 | Q44: =AVERAGE(M44:P44) -> 253.625 | R44: =IF(G44>0,(+G44+(L44*2)+(Q44*3))/6,IF(L44>0,((L44*2)+(Q44*3))/5,Q44)) -> 244.5375 | T44: =+R44/$R$265 -> 0.0013023905 | V44: =+claims!D44 -> 0 | W44: =+claims!E44 -> 1 | X44: =+claims!F44 -> 1 | Z44: =IF(G44>100,IF(V44<1,0,+V44/G44),IF(V44<1,0,+V44/100)) -> 0 | AA44: =IF(L44>100,IF(W44<1,0,+W44/L44),IF(W44<1,0,+W44/100)) -> 0.0040954234 | AB44: =IF(Q44>100,IF(X44<1,0,+X44/Q44),IF(X44<1,0,+X44/100)) -> 0.003942829 | AD44: =(+Z44+(AA44*2)+(AB44*3))/6 -> 0.0033365556
A45: A320 | B45: Texas Workforce Commission | C45: 4674 | D45: 4655.7 | E45: 4761.1 | F45: 4710.5 | G45: =AVERAGE(C45:F45) -> 4700.325 | H45: 4670.5 | I45: 4671.8 | J45: 4675.5 | K45: 4701.2 | L45: =AVERAGE(H45:K45) -> 4679.75 | M45: 4673.3 | N45: 4674.1 | O45: 4643.8 | P45: 4654.1 | Q45: =AVERAGE(M45:P45) -> 4661.325 | R45: =IF(G45>0,(+G45+(L45*2)+(Q45*3))/6,IF(L45>0,((L45*2)+(Q45*3))/5,Q45)) -> 4673.9667 | T45: =+R45/$R$265 -> 0.024893236 | V45: =+claims!D45 -> 25 | W45: =+claims!E45 -> 28 | X45: =+claims!F45 -> 29 | Z45: =IF(G45>100,IF(V45<1,0,+V45/G45),IF(V45<1,0,+V45/100)) -> 0.0053187811 | AA45: =IF(L45>100,IF(W45<1,0,+W45/L45),IF(W45<1,0,+W45/100)) -> 0.0059832256 | AB45: =IF(Q45>100,IF(X45<1,0,+X45/Q45),IF(X45<1,0,+X45/100)) -> 0.006221407 | AD45: =(+Z45+(AA45*2)+(AB45*3))/6 -> 0.0059915756
A46: A326 | B46: Texas Emergency Services Retirement System | C46: 9 | D46: 6 | E46: 7 | F46: 9 | G46: =AVERAGE(C46:F46) -> 7.75 | H46: 9 | I46: 9 | J46: 8 | K46: 8 | L46: =AVERAGE(H46:K46) -> 8.5 | M46: 9 | N46: 8 | O46: 8 | P46: 9 | Q46: =AVERAGE(M46:P46) -> 8.5 | R46: =IF(G46>0,(+G46+(L46*2)+(Q46*3))/6,IF(L46>0,((L46*2)+(Q46*3))/5,Q46)) -> 8.375 | T46: =+R46/$R$265 -> 4.4604694e-05 | V46: =+claims!D46 -> 0 | W46: =+claims!E46 -> 0 | X46: =+claims!F46 -> 0 | Z46: =IF(G46>100,IF(V46<1,0,+V46/G46),IF(V46<1,0,+V46/100)) -> 0 | AA46: =IF(L46>100,IF(W46<1,0,+W46/L46),IF(W46<1,0,+W46/100)) -> 0 | AB46: =IF(Q46>100,IF(X46<1,0,+X46/Q46),IF(X46<1,0,+X46/100)) -> 0 | AD46: =(+Z46+(AA46*2)+(AB46*3))/6 -> 0
A47: A329 | B47: Real Estate Commission | C47: 151 | D47: 159 | E47: 157 | F47: 161 | G47: =AVERAGE(C47:F47) -> 157 | H47: 162 | I47: 163 | J47: 162 | K47: 161 | L47: =AVERAGE(H47:K47) -> 162 | M47: 158 | N47: 157 | O47: 150 | P47: 151 | Q47: =AVERAGE(M47:P47) -> 154 | R47: =IF(G47>0,(+G47+(L47*2)+(Q47*3))/6,IF(L47>0,((L47*2)+(Q47*3))/5,Q47)) -> 157.16667 | T47: =+R47/$R$265 -> 0.00083705923 | V47: =+claims!D47 -> 0 | W47: =+claims!E47 -> 0 | X47: =+claims!F47 -> 0 | Z47: =IF(G47>100,IF(V47<1,0,+V47/G47),IF(V47<1,0,+V47/100)) -> 0 | AA47: =IF(L47>100,IF(W47<1,0,+W47/L47),IF(W47<1,0,+W47/100)) -> 0 | AB47: =IF(Q47>100,IF(X47<1,0,+X47/Q47),IF(X47<1,0,+X47/100)) -> 0 | AD47: =(+Z47+(AA47*2)+(AB47*3))/6 -> 0
... A65: A451 | B65: Banking, State Department of | C65: 162.4 | D65: 166.4 | E65: 164.8 | F65: 178.1 | G65: =AVERAGE(C65:F65) -> 167.925 | H65: 171.1 | I65: 176.5 | J65: 181.8 | K65: 191.8 | L65: =AVERAGE(H65:K65) -> 180.3 | M65: 171.4 | N65: 192 | O65: 187.7 | P65: 191.8 | Q65: =AVERAGE(M65:P65) -> 185.725 | R65: =IF(G65>0,(+G65+(L65*2)+(Q65*3))/6,IF(L65>0,((L65*2)+(Q65*3))/5,Q65)) -> 180.95 | T65: =+R65/$R$265 -> 0.00096372768 | V65: =+claims!D65 -> 0 | W65: =+claims!E65 -> 0 | X65: =+claims!F65 -> 1 | Z65: =IF(G65>100,IF(V65<1,0,+V65/G65),IF(V65<1,0,+V65/100)) -> 0 | AA65: =IF(L65>100,IF(W65<1,0,+W65/L65),IF(W65<1,0,+W65/100)) -> 0 | AB65: =IF(Q65>100,IF(X65<1,0,+X65/Q65),IF(X65<1,0,+X65/100)) -> 0.0053843048 | AD65: =(+Z65+(AA65*2)+(AB65*3))/6 -> 0.0026921524
A66: A452 | B66: Licensing and Regulation, Dept. of | C66: 764.2 | D66: 766.5 | E66: 770.6 | F66: 789.6 | G66: =AVERAGE(C66:F66) -> 772.725 | H66: 793.9 | I66: 804 | J66: 804 | K66: 815.6 | L66: =AVERAGE(H66:K66) -> 804.375 | M66: =300.9+518.7 -> 819.6 | N66: =298.6+530.8 -> 829.4 | O66: =536.3+297.1 -> 833.4 | P66: =290.1+537.2 -> 827.3 | Q66: =AVERAGE(M66:P66) -> 827.425 | R66: =IF(G66>0,(+G66+(L66*2)+(Q66*3))/6,IF(L66>0,((L66*2)+(Q66*3))/5,Q66)) -> 810.625 | T66: =+R66/$R$265 -> 0.0043173349 | V66: =+claims!D66 -> 7 | W66: =+claims!E66 -> 5 | X66: =+claims!F66 -> 3 | Z66: =IF(G66>100,IF(V66<1,0,+V66/G66),IF(V66<1,0,+V66/100)) -> 0.0090588502 | AA66: =IF(L66>100,IF(W66<1,0,+W66/L66),IF(W66<1,0,+W66/100)) -> 0.0062160062 | AB66: =IF(Q66>100,IF(X66<1,0,+X66/Q66),IF(X66<1,0,+X66/100)) -> 0.0036257063 | AD66: =(+Z66+(AA66*2)+(AB66*3))/6 -> 0.0053946636
A67: A454 | B67: Insurance, Department of | C67: 1182.9 | D67: 1189.2 | E67: 1214.8 | F67: 1229.6 | G67: =AVERAGE(C67:F67) -> 1204.125 | H67: 1227.4 | I67: 1234.5 | J67: 1226.8 | K67: 1233.2 | L67: =AVERAGE(H67:K67) -> 1230.475 | M67: 1238.3 | N67: 1237.7 | O67: 1236.8 | P67: 1223.5 | Q67: =AVERAGE(M67:P67) -> 1234.075 | R67: =IF(G67>0,(+G67+(L67*2)+(Q67*3))/6,IF(L67>0,((L67*2)+(Q67*3))/5,Q67)) -> 1227.8833 | T67: =+R67/$R$265 -> 0.0065396251 | V67: =+claims!D67 -> 8 | W67: =+claims!E67 -> 3 | X67: =+claims!F67 -> 8 | Z67: =IF(G67>100,IF(V67<1,0,+V67/G67),IF(V67<1,0,+V67/100)) -> 0.0066438285 | AA67: =IF(L67>100,IF(W67<1,0,+W67/L67),IF(W67<1,0,+W67/100)) -> 0.0024380829 | AB67: =IF(Q67>100,IF(X67<1,0,+X67/Q67),IF(X67<1,0,+X67/100)) -> 0.0064825882 | AD67: =(+Z67+(AA67*2)+(AB67*3))/6 -> 0.0051612931
A68: A455 | B68: Railroad Commission | C68: 938 | D68: 953 | E68: 963.4 | F68: 985.3 | G68: =AVERAGE(C68:F68) -> 959.925 | H68: 993 | I68: 1005.7 | J68: 1013 | K68: 1029.6 | L68: =AVERAGE(H68:K68) -> 1010.325 | M68: 1047 | N68: 1055.3 | O68: 1058.9 | P68: 1039.5 | Q68: =AVERAGE(M68:P68) -> 1050.175 | R68: =IF(G68>0,(+G68+(L68*2)+(Q68*3))/6,IF(L68>0,((L68*2)+(Q68*3))/5,Q68)) -> 1021.85 | T68: =+R68/$R$265 -> 0.0054423052 | V68: =+claims!D68 -> 2 | W68: =+claims!E68 -> 3 | X68: =+claims!F68 -> 1 | Z68: =IF(G68>100,IF(V68<1,0,+V68/G68),IF(V68<1,0,+V68/100)) -> 0.0020834961 | AA68: =IF(L68>100,IF(W68<1,0,+W68/L68),IF(W68<1,0,+W68/100)) -> 0.0029693415 | AB68: =IF(Q68>100,IF(X68<1,0,+X68/Q68),IF(X68<1,0,+X68/100)) -> 0.00095222225 | AD68: =(+Z68+(AA68*2)+(AB68*3))/6 -> 0.001813141
A69: A456 | B69: Plumbing Examiners, State Board of | C69: 36.4 | D69: 36.4 | E69: 34 | F69: 30.7 | G69: =AVERAGE(C69:F69) -> 34.375 | H69: 36.9 | I69: 36.4 | J69: 38.6 | K69: 39.8 | L69: =AVERAGE(H69:K69) -> 37.925 | M69: 41.6 | N69: 42.9 | O69: 43.5 | P69: 42.1 | Q69: =AVERAGE(M69:P69) -> 42.525 | R69: =IF(G69>0,(+G69+(L69*2)+(Q69*3))/6,IF(L69>0,((L69*2)+(Q69*3))/5,Q69)) -> 39.633333 | T69: =+R69/$R$265 -> 0.0002110845 | V69: =+claims!D69 -> 0 | W69: =+claims!E69 -> 0 | X69: =+claims!F69 -> 0 | Z69: =IF(G69>100,IF(V69<1,0,+V69/G69),IF(V69<1,0,+V69/100)) -> 0 | AA69: =IF(L69>100,IF(W69<1,0,+W69/L69),IF(W69<1,0,+W69/100)) -> 0 | AB69: =IF(Q69>100,IF(X69<1,0,+X69/Q69),IF(X69<1,0,+X69/100)) -> 0 | AD69: =(+Z69+(AA69*2)+(AB69*3))/6 -> 0
A70: A457 | B70: Public Accountancy, State Board of | C70: 38 | D70: 36.3 | E70: 36.2 | F70: 37.4 | G70: =AVERAGE(C70:F70) -> 36.975 | H70: 35.5 | I70: 36.4 | J70: 35.5 | K70: 35.5 | L70: =AVERAGE(H70:K70) -> 35.725 | M70: 36.7 | N70: 37.4 | O70: 37.2 | P70: 38 | Q70: =AVERAGE(M70:P70) -> 37.325 | R70: =IF(G70>0,(+G70+(L70*2)+(Q70*3))/6,IF(L70>0,((L70*2)+(Q70*3))/5,Q70)) -> 36.733333 | T70: =+R70/$R$265 -> 0.00019563929 | V70: =+claims!D70 -> 1 | W70: =+claims!E70 -> 0 | X70: =+claims!F70 -> 0 | Z70: =IF(G70>100,IF(V70<1,0,+V70/G70),IF(V70<1,0,+V70/100)) -> 0.01 | AA70: =IF(L70>100,IF(W70<1,0,+W70/L70),IF(W70<1,0,+W70/100)) -> 0 | AB70: =IF(Q70>100,IF(X70<1,0,+X70/Q70),IF(X70<1,0,+X70/100)) -> 0 | AD70: =(+Z70+(AA70*2)+(AB70*3))/6 -> 0.0016666667
A71: A458 | B71: Alcoholic Beverage Commission | C71: 528.2 | D71: 517.9 | E71: 512.6 | F71: 534.7 | G71: =AVERAGE(C71:F71) -> 523.35 | H71: 529.8 | I71: 532.6 | J71: 528.9 | K71: 535.3 | L71: =AVERAGE(H71:K71) -> 531.65 | M71: 532 | N71: 529.8 | O71: 527.6 | P71: 540.5 | Q71: =AVERAGE(M71:P71) -> 532.475 | R71: =IF(G71>0,(+G71+(L71*2)+(Q71*3))/6,IF(L71>0,((L71*2)+(Q71*3))/5,Q71)) -> 530.67917 | T71: =+R71/$R$265 -> 0.002826362 | V71: =+claims!D71 -> 12 | W71: =+claims!E71 -> 13 | X71: =+claims!F71 -> 12 | Z71: =IF(G71>100,IF(V71<1,0,+V71/G71),IF(V71<1,0,+V71/100)) -> 0.022929206 | AA71: =IF(L71>100,IF(W71<1,0,+W71/L71),IF(W71<1,0,+W71/100)) -> 0.024452177 | AB71: =IF(Q71>100,IF(X71<1,0,+X71/Q71),IF(X71<1,0,+X71/100)) -> 0.022536269 | AD71: =(+Z71+(AA71*2)+(AB71*3))/6 -> 0.023240395
A72: A459 | B72: Architectural Examiners, Board of | C72: 20 | D72: 20 | E72: 20 | F72: 20 | G72: =AVERAGE(C72:F72) -> 20 | H72: 20 | I72: 20 | J72: 18 | K72: 19 | L72: =AVERAGE(H72:K72) -> 19.25 | M72: 20 | N72: 20 | O72: 20 | P72: 20 | Q72: =AVERAGE(M72:P72) -> 20 | R72: =IF(G72>0,(+G72+(L72*2)+(Q72*3))/6,IF(L72>0,((L72*2)+(Q72*3))/5,Q72)) -> 19.75 | T72: =+R72/$R$265 -> 0.00010518719 | V72: =+claims!D72 -> 0 | W72: =+claims!E72 -> 0 | X72: =+claims!F72 -> 0 | Z72: =IF(G72>100,IF(V72<1,0,+V72/G72),IF(V72<1,0,+V72/100)) -> 0 | AA72: =IF(L72>100,IF(W72<1,0,+W72/L72),IF(W72<1,0,+W72/100)) -> 0 | AB72: =IF(Q72>100,IF(X72<1,0,+X72/Q72),IF(X72<1,0,+X72/100)) -> 0 | AD72: =(+Z72+(AA72*2)+(AB72*3))/6 -> 0
A73: A460 | B73: Professional Engineers and Land Surveyors, Texas Board of | C73: 36 | D73: 36 | E73: 34 | F73: 34 | G73: =AVERAGE(C73:F73) -> 35 | H73: 31 | I73: 33 | J73: 34 | K73: 35 | L73: =AVERAGE(H73:K73) -> 33.25 | M73: 31 | N73: 31 | O73: 31 | P73: 32 | Q73: =AVERAGE(M73:P73) -> 31.25 | R73: =IF(G73>0,(+G73+(L73*2)+(Q73*3))/6,IF(L73>0,((L73*2)+(Q73*3))/5,Q73)) -> 32.541667 | T73: =+R73/$R$265 -> 0.00017331476 | V73: =+claims!D73 -> 0 | W73: =+claims!E73 -> 0 | X73: =+claims!F73 -> 0 | Z73: =IF(G73>100,IF(V73<1,0,+V73/G73),IF(V73<1,0,+V73/100)) -> 0 | AA73: =IF(L73>100,IF(W73<1,0,+W73/L73),IF(W73<1,0,+W73/100)) -> 0 | AB73: =IF(Q73>100,IF(X73<1,0,+X73/Q73),IF(X73<1,0,+X73/100)) -> 0 | AD73: =(+Z73+(AA73*2)+(AB73*3))/6 -> 0
A74: A466 | B74: Consumer Credit Commissioner, Office of | C74: 69.5 | D74: 71.1 | E74: 70 | F74: 71 | G74: =AVERAGE(C74:F74) -> 70.4 | H74: 69 | I74: 68.2 | J74: 66 | K74: 67.3 | L74: =AVERAGE(H74:K74) -> 67.625 | M74: 68.9 | N74: 67 | O74: 65.2 | P74: 67.4 | Q74: =AVERAGE(M74:P74) -> 67.125 | R74: =IF(G74>0,(+G74+(L74*2)+(Q74*3))/6,IF(L74>0,((L74*2)+(Q74*3))/5,Q74)) -> 67.8375 | T74: =+R74/$R$265 -> 0.00036129802 | V74: =+claims!D74 -> 0 | W74: =+claims!E74 -> 0 | X74: =+claims!F74 -> 0 | Z74: =IF(G74>100,IF(V74<1,0,+V74/G74),IF(V74<1,0,+V74/100)) -> 0 | AA74: =IF(L74>100,IF(W74<1,0,+W74/L74),IF(W74<1,0,+W74/100)) -> 0 | AB74: =IF(Q74>100,IF(X74<1,0,+X74/Q74),IF(X74<1,0,+X74/100)) -> 0 | AD74: =(+Z74+(AA74*2)+(AB74*3))/6 -> 0
A75: A469 | B75: Credit Union Department | C75: 31 | D75: 31 | E75: 32 | F75: 33 | G75: =AVERAGE(C75:F75) -> 31.75 | H75: 32 | I75: 34 | J75: 33 | K75: 34 | L75: =AVERAGE(H75:K75) -> 33.25 | M75: 33 | N75: 32 | O75: 32 | P75: 33 | Q75: =AVERAGE(M75:P75) -> 32.5 | R75: =IF(G75>0,(+G75+(L75*2)+(Q75*3))/6,IF(L75>0,((L75*2)+(Q75*3))/5,Q75)) -> 32.625 | T75: =+R75/$R$265 -> 0.00017375858 | V75: =+claims!D75 -> 0 | W75: =+claims!E75 -> 0 | X75: =+claims!F75 -> 0 | Z75: =IF(G75>100,IF(V75<1,0,+V75/G75),IF(V75<1,0,+V75/100)) -> 0 | AA75: =IF(L75>100,IF(W75<1,0,+W75/L75),IF(W75<1,0,+W75/100)) -> 0 | AB75: =IF(Q75>100,IF(X75<1,0,+X75/Q75),IF(X75<1,0,+X75/100)) -> 0 | AD75: =(+Z75+(AA75*2)+(AB75*3))/6 -> 0
A76: A473 | B76: Public Utility Commission of Texas | C76: 194.9 | D76: 200.9 | E76: 200.1 | F76: 211.1 | G76: =AVERAGE(C76:F76) -> 201.75 | H76: 219.2 | I76: 228.5 | J76: 236.2 | K76: 249.2 | L76: =AVERAGE(H76:K76) -> 233.275 | M76: 257.2 | N76: 261.4 | O76: 264.6 | P76: 266.3 | Q76: =AVERAGE(M76:P76) -> 262.375 | R76: =IF(G76>0,(+G76+(L76*2)+(Q76*3))/6,IF(L76>0,((L76*2)+(Q76*3))/5,Q76)) -> 242.57083 | T76: =+R76/$R$265 -> 0.0012919162 | V76: =+claims!D76 -> 0 | W76: =+claims!E76 -> 1 | X76: =+claims!F76 -> 0 | Z76: =IF(G76>100,IF(V76<1,0,+V76/G76),IF(V76<1,0,+V76/100)) -> 0 | AA76: =IF(L76>100,IF(W76<1,0,+W76/L76),IF(W76<1,0,+W76/100)) -> 0.004286786 | AB76: =IF(Q76>100,IF(X76<1,0,+X76/Q76),IF(X76<1,0,+X76/100)) -> 0 | AD76: =(+Z76+(AA76*2)+(AB76*3))/6 -> 0.0014289287
A77: A475 | B77: Public Utility Counsel, Office of | C77: 13.1 | D77: 12.6 | E77: 13 | F77: 13.7 | G77: =AVERAGE(C77:F77) -> 13.1 | H77: 14 | I77: 14.9 | J77: 15.1 | K77: 15.6 | L77: =AVERAGE(H77:K77) -> 14.9 | M77: 16.8 | N77: 16.2 | O77: 17.9 | P77: 19.8 | Q77: =AVERAGE(M77:P77) -> 17.675 | R77: =IF(G77>0,(+G77+(L77*2)+(Q77*3))/6,IF(L77>0,((L77*2)+(Q77*3))/5,Q77)) -> 15.9875 | T77: =+R77/$R$265 -> 8.5148363e-05 | V77: =+claims!D77 -> 0 | W77: =+claims!E77 -> 0 | X77: =+claims!F77 -> 0 | Z77: =IF(G77>100,IF(V77<1,0,+V77/G77),IF(V77<1,0,+V77/100)) -> 0 | AA77: =IF(L77>100,IF(W77<1,0,+W77/L77),IF(W77<1,0,+W77/100)) -> 0 | AB77: =IF(Q77>100,IF(X77<1,0,+X77/Q77),IF(X77<1,0,+X77/100)) -> 0 | AD77: =(+Z77+(AA77*2)+(AB77*3))/6 -> 0
A78: A476 | B78: Racing Commission | C78: 29.8 | D78: 29 | E78: 27 | F78: 31 | G78: =AVERAGE(C78:F78) -> 29.2 | H78: 29.3 | I78: 31 | J78: 35 | K78: 32 | L78: =AVERAGE(H78:K78) -> 31.825 | M78: 37 | N78: 37 | O78: 41 | P78: 46 | Q78: =AVERAGE(M78:P78) -> 40.25 | R78: =IF(G78>0,(+G78+(L78*2)+(Q78*3))/6,IF(L78>0,((L78*2)+(Q78*3))/5,Q78)) -> 35.6 | T78: =+R78/$R$265 -> 0.00018960324 | V78: =+claims!D78 -> 0 | W78: =+claims!E78 -> 0 | X78: =+claims!F78 -> 1 | Z78: =IF(G78>100,IF(V78<1,0,+V78/G78),IF(V78<1,0,+V78/100)) -> 0 | AA78: =IF(L78>100,IF(W78<1,0,+W78/L78),IF(W78<1,0,+W78/100)) -> 0 | AB78: =IF(Q78>100,IF(X78<1,0,+X78/Q78),IF(X78<1,0,+X78/100)) -> 0.01 | AD78: =(+Z78+(AA78*2)+(AB78*3))/6 -> 0.005
... A105: A701 | B105: Education Agency, Texas | C105: 1136.4 | D105: 1105.7 | E105: 1102.9 | F105: 1138.1 | G105: =AVERAGE(C105:F105) -> 1120.775 | H105: 1163.1 | I105: 1183.1 | J105: 1210.6 | K105: 1230.5 | L105: =AVERAGE(H105:K105) -> 1196.825 | M105: 1222.8 | N105: 1211.9 | O105: 1211.2 | P105: 1207.1 | Q105: =AVERAGE(M105:P105) -> 1213.25 | R105: =IF(G105>0,(+G105+(L105*2)+(Q105*3))/6,IF(L105>0,((L105*2)+(Q105*3))/5,Q105)) -> 1192.3625 | T105: =+R105/$R$265 -> 0.0063504435 | V105: =+claims!D105 -> 3 | W105: =+claims!E105 -> 1 | X105: =+claims!F105 -> 2 | Z105: =IF(G105>100,IF(V105<1,0,+V105/G105),IF(V105<1,0,+V105/100)) -> 0.0026767192 | AA105: =IF(L105>100,IF(W105<1,0,+W105/L105),IF(W105<1,0,+W105/100)) -> 0.00083554404 | AB105: =IF(Q105>100,IF(X105<1,0,+X105/Q105),IF(X105<1,0,+X105/100)) -> 0.0016484649 | AD105: =(+Z105+(AA105*2)+(AB105*3))/6 -> 0.001548867
A106: A706 | B106: Texas Permanent School Fund Corporation | D106: 84.8 | E106: 87.9 | F106: 94.6 | G106: =AVERAGE(C106:F106) -> 89.1 | H106: 92.6 | I106: 94.2 | J106: 90.9 | K106: 93.8 | L106: =AVERAGE(H106:K106) -> 92.875 | M106: 83 | N106: 81.9 | O106: 82.2 | P106: 91.9 | Q106: =AVERAGE(M106:P106) -> 84.75 | R106: =IF(G106>0,(+G106+(L106*2)+(Q106*3))/6,IF(L106>0,((L106*2)+(Q106*3))/5,Q106)) -> 88.183333 | T106: =+R106/$R$265 -> 0.00046965858 | V106: =+claims!D106 -> 0 | W106: =+claims!E106 -> 0 | X106: =+claims!F106 -> 1 | Z106: =IF(G106>100,IF(V106<1,0,+V106/G106),IF(V106<1,0,+V106/100)) -> 0 | AA106: =IF(L106>100,IF(W106<1,0,+W106/L106),IF(W106<1,0,+W106/100)) -> 0 | AB106: =IF(Q106>100,IF(X106<1,0,+X106/Q106),IF(X106<1,0,+X106/100)) -> 0.01 | AD106: =(+Z106+(AA106*2)+(AB106*3))/6 -> 0.005
A107: A717 | B107: Texas Southern University | C107: 1102.7 | D107: 1197.9 | E107: 1165.5 | F107: 799 | G107: =AVERAGE(C107:F107) -> 1066.275 | H107: 1146.6 | I107: 1138.1 | J107: 1168 | K107: 830.6 | L107: =AVERAGE(H107:K107) -> 1070.825 | M107: 1166.4 | N107: 1194.4 | O107: 1232.2 | P107: 909.6 | Q107: =AVERAGE(M107:P107) -> 1125.65 | R107: =IF(G107>0,(+G107+(L107*2)+(Q107*3))/6,IF(L107>0,((L107*2)+(Q107*3))/5,Q107)) -> 1097.4792 | T107: =+R107/$R$265 -> 0.0058451012 | V107: =+claims!D107 -> 16 | W107: =+claims!E107 -> 8 | X107: =+claims!F107 -> 10 | Z107: =IF(G107>100,IF(V107<1,0,+V107/G107),IF(V107<1,0,+V107/100)) -> 0.01500551 | AA107: =IF(L107>100,IF(W107<1,0,+W107/L107),IF(W107<1,0,+W107/100)) -> 0.0074708753 | AB107: =IF(Q107>100,IF(X107<1,0,+X107/Q107),IF(X107<1,0,+X107/100)) -> 0.0088837561 | AD107: =(+Z107+(AA107*2)+(AB107*3))/6 -> 0.0094330881
A108: A719 | B108: Texas State Technical College - System | C108: 1647.3 | D108: 1664.6 | E108: 1706.8 | F108: 1713.4 | G108: =AVERAGE(C108:F108) -> 1683.025 | H108: 1743.1 | I108: 1761.3 | J108: 1790.6 | K108: 1881.8 | L108: =AVERAGE(H108:K108) -> 1794.2 | M108: =42.5+74.3+108.2+547.4+252.4+762.4+102.2 -> 1889.4 | N108: =37.2+74.7+109.3+543+243.4+813.6+95 -> 1916.2 | O108: =36.7+78.9+116.9+541.6+245.9+886.1+97 -> 2003.1 | P108: =34.9+75.9+119.2+532.2+253.3+869.7+94 -> 1979.2 | Q108: =AVERAGE(M108:P108) -> 1946.975 | R108: =IF(G108>0,(+G108+(L108*2)+(Q108*3))/6,IF(L108>0,((L108*2)+(Q108*3))/5,Q108)) -> 1852.0583 | T108: =+R108/$R$265 -> 0.0098639397 | V108: =+claims!D108 -> 23 | W108: =+claims!E108 -> 19 | X108: =+claims!F108 -> 11 | Z108: =IF(G108>100,IF(V108<1,0,+V108/G108),IF(V108<1,0,+V108/100)) -> 0.013665869 | AA108: =IF(L108>100,IF(W108<1,0,+W108/L108),IF(W108<1,0,+W108/100)) -> 0.010589678 | AB108: =IF(Q108>100,IF(X108<1,0,+X108/Q108),IF(X108<1,0,+X108/100)) -> 0.0056497901 | AD108: =(+Z108+(AA108*2)+(AB108*3))/6 -> 0.0086324326
A109: A730 | B109: University of Houston | C109: 7030.3 | D109: 6858 | E109: 6978.7 | F109: 5550.6 | G109: =AVERAGE(C109:F109) -> 6604.4 | H109: 7364.1 | I109: 7183.4 | J109: 7268.1 | K109: 5747.3 | L109: =AVERAGE(H109:K109) -> 6890.725 | M109: 7466.8 | N109: 7166.9 | O109: 7391.8 | P109: 5741.7 | Q109: =AVERAGE(M109:P109) -> 6941.8 | R109: =IF(G109>0,(+G109+(L109*2)+(Q109*3))/6,IF(L109>0,((L109*2)+(Q109*3))/5,Q109)) -> 6868.5417 | T109: =+R109/$R$265 -> 0.036581397 | V109: =+claims!D109 -> 74 | W109: =+claims!E109 -> 80 | X109: =+claims!F109 -> 93 | Z109: =IF(G109>100,IF(V109<1,0,+V109/G109),IF(V109<1,0,+V109/100)) -> 0.011204651 | AA109: =IF(L109>100,IF(W109<1,0,+W109/L109),IF(W109<1,0,+W109/100)) -> 0.011609809 | AB109: =IF(Q109>100,IF(X109<1,0,+X109/Q109),IF(X109<1,0,+X109/100)) -> 0.013397102 | AD109: =(+Z109+(AA109*2)+(AB109*3))/6 -> 0.012435929
A110: A731 | B110: Texas Woman's University | C110: 1938.5 | D110: 2072.9 | E110: 1977 | F110: 1549.3 | G110: =AVERAGE(C110:F110) -> 1884.425 | H110: 1887.1 | I110: 1977.6 | J110: 1925.5 | K110: 1509.3 | L110: =AVERAGE(H110:K110) -> 1824.875 | M110: 1987.2 | N110: 1959.5 | O110: 1922.9 | P110: 1490.7 | Q110: =AVERAGE(M110:P110) -> 1840.075 | R110: =IF(G110>0,(+G110+(L110*2)+(Q110*3))/6,IF(L110>0,((L110*2)+(Q110*3))/5,Q110)) -> 1842.4 | T110: =+R110/$R$265 -> 0.0098125001 | V110: =+claims!D110 -> 32 | W110: =+claims!E110 -> 30 | X110: =+claims!F110 -> 26 | Z110: =IF(G110>100,IF(V110<1,0,+V110/G110),IF(V110<1,0,+V110/100)) -> 0.016981307 | AA110: =IF(L110>100,IF(W110<1,0,+W110/L110),IF(W110<1,0,+W110/100)) -> 0.016439482 | AB110: =IF(Q110>100,IF(X110<1,0,+X110/Q110),IF(X110<1,0,+X110/100)) -> 0.014129859 | AD110: =(+Z110+(AA110*2)+(AB110*3))/6 -> 0.015374975
A111: A733 | B111: Texas Tech University | C111: 7779 | D111: 7490.8 | E111: 7738.8 | F111: 6205 | G111: =AVERAGE(C111:F111) -> 7303.4 | H111: 8224.6 | I111: 7890.4 | J111: 8060.1 | K111: 6504.6 | L111: =AVERAGE(H111:K111) -> 7669.925 | M111: =8289.5+252.9 -> 8542.4 | N111: =7843.7+250.6 -> 8094.3 | O111: =8143.4+253.7 -> 8397.1 | P111: =6383.7+250.6 -> 6634.3 | Q111: =AVERAGE(M111:P111) -> 7917.025 | R111: =IF(G111>0,(+G111+(L111*2)+(Q111*3))/6,IF(L111>0,((L111*2)+(Q111*3))/5,Q111)) -> 7732.3875 | T111: =+R111/$R$265 -> 0.041182182 | V111: =+claims!D111 -> 105 | W111: =+claims!E111 -> 110 | X111: =+claims!F111 -> 114 | Z111: =IF(G111>100,IF(V111<1,0,+V111/G111),IF(V111<1,0,+V111/100)) -> 0.014376866 | AA111: =IF(L111>100,IF(W111<1,0,+W111/L111),IF(W111<1,0,+W111/100)) -> 0.014341731 | AB111: =IF(Q111>100,IF(X111<1,0,+X111/Q111),IF(X111<1,0,+X111/100)) -> 0.014399348 | AD111: =(+Z111+(AA111*2)+(AB111*3))/6 -> 0.014376395
A112: A734 | B112: Lamar University - Beaumont | C112: 1455.7 | D112: 1380.5 | E112: 1511.1 | F112: 1149.1 | G112: =AVERAGE(C112:F112) -> 1374.1 | H112: 1495 | I112: 1516.6 | J112: 1508 | K112: 1239.2 | L112: =AVERAGE(H112:K112) -> 1439.7 | M112: 1586.9 | N112: 1510.7 | O112: 1698.9 | P112: 1280 | Q112: =AVERAGE(M112:P112) -> 1519.125 | R112: =IF(G112>0,(+G112+(L112*2)+(Q112*3))/6,IF(L112>0,((L112*2)+(Q112*3))/5,Q112)) -> 1468.4792 | T112: =+R112/$R$265 -> 0.0078210225 | V112: =+claims!D112 -> 17 | W112: =+claims!E112 -> 17 | X112: =+claims!F112 -> 14 | Z112: =IF(G112>100,IF(V112<1,0,+V112/G112),IF(V112<1,0,+V112/100)) -> 0.012371734 | AA112: =IF(L112>100,IF(W112<1,0,+W112/L112),IF(W112<1,0,+W112/100)) -> 0.011808016 | AB112: =IF(Q112>100,IF(X112<1,0,+X112/Q112),IF(X112<1,0,+X112/100)) -> 0.0092158315 | AD112: =(+Z112+(AA112*2)+(AB112*3))/6 -> 0.010605877
A113: A735 | B113: Midwestern State University | C113: 819 | D113: 767.6 | E113: 819.2 | F113: 559.8 | G113: =AVERAGE(C113:F113) -> 741.4 | H113: 799.9 | I113: 736.2 | J113: 760 | K113: 498.7 | L113: =AVERAGE(H113:K113) -> 698.7 | M113: 746.6 | N113: 704.5 | O113: 732.8 | P113: 503 | Q113: =AVERAGE(M113:P113) -> 671.725 | R113: =IF(G113>0,(+G113+(L113*2)+(Q113*3))/6,IF(L113>0,((L113*2)+(Q113*3))/5,Q113)) -> 692.32917 | T113: =+R113/$R$265 -> 0.0036872992 | V113: =+claims!D113 -> 12 | W113: =+claims!E113 -> 5 | X113: =+claims!F113 -> 8 | Z113: =IF(G113>100,IF(V113<1,0,+V113/G113),IF(V113<1,0,+V113/100)) -> 0.016185595 | AA113: =IF(L113>100,IF(W113<1,0,+W113/L113),IF(W113<1,0,+W113/100)) -> 0.0071561471 | AB113: =IF(Q113>100,IF(X113<1,0,+X113/Q113),IF(X113<1,0,+X113/100)) -> 0.011909636 | AD113: =(+Z113+(AA113*2)+(AB113*3))/6 -> 0.011037799
A114: A737 | B114: Angelo State University | C114: 1107.5 | D114: 1063.3 | E114: 1082.3 | F114: 694.5 | G114: =AVERAGE(C114:F114) -> 986.9 | H114: 1114.9 | I114: 1072.3 | J114: 1084.9 | K114: 723.6 | L114: =AVERAGE(H114:K114) -> 998.925 | M114: 1145.8 | N114: 1087.9 | O114: 1128.7 | P114: 747.2 | Q114: =AVERAGE(M114:P114) -> 1027.4 | R114: =IF(G114>0,(+G114+(L114*2)+(Q114*3))/6,IF(L114>0,((L114*2)+(Q114*3))/5,Q114)) -> 1011.1583 | T114: =+R114/$R$265 -> 0.0053853621 | V114: =+claims!D114 -> 5 | W114: =+claims!E114 -> 2 | X114: =+claims!F114 -> 12 | Z114: =IF(G114>100,IF(V114<1,0,+V114/G114),IF(V114<1,0,+V114/100)) -> 0.0050663694 | AA114: =IF(L114>100,IF(W114<1,0,+W114/L114),IF(W114<1,0,+W114/100)) -> 0.0020021523 | AB114: =IF(Q114>100,IF(X114<1,0,+X114/Q114),IF(X114<1,0,+X114/100)) -> 0.011679969 | AD114: =(+Z114+(AA114*2)+(AB114*3))/6 -> 0.0073517634
A115: A739 | B115: Texas Tech University Health Sciences Center | C115: 4647.3 | D115: 4737.7 | E115: 4665.8 | F115: 4701 | G115: =AVERAGE(C115:F115) -> 4687.95 | H115: 4801 | I115: 4845.7 | J115: 4864.2 | K115: 4953.2 | L115: =AVERAGE(H115:K115) -> 4866.025 | M115: 4972.8 | N115: 5069.4 | O115: 5100.4 | P115: 5129.3 | Q115: =AVERAGE(M115:P115) -> 5067.975 | R115: =IF(G115>0,(+G115+(L115*2)+(Q115*3))/6,IF(L115>0,((L115*2)+(Q115*3))/5,Q115)) -> 4937.3208 | T115: =+R115/$R$265 -> 0.026295843 | V115: =+claims!D115 -> 38 | W115: =+claims!E115 -> 35 | X115: =+claims!F115 -> 43 | Z115: =IF(G115>100,IF(V115<1,0,+V115/G115),IF(V115<1,0,+V115/100)) -> 0.0081058885 | AA115: =IF(L115>100,IF(W115<1,0,+W115/L115),IF(W115<1,0,+W115/100)) -> 0.0071927292 | AB115: =IF(Q115>100,IF(X115<1,0,+X115/Q115),IF(X115<1,0,+X115/100)) -> 0.0084846512 | AD115: =(+Z115+(AA115*2)+(AB115*3))/6 -> 0.0079908834
A116: A752 | B116: University of North Texas | C116: 6452.5 | D116: 6177.9 | E116: 6438 | F116: 4672 | G116: =AVERAGE(C116:F116) -> 5935.1 | H116: 6850.4 | I116: 6583.1 | J116: 6665.7 | K116: 4806.5 | L116: =AVERAGE(H116:K116) -> 6226.425 | M116: 7058.5 | N116: 6626.8 | O116: 6691.9 | P116: 4750 | Q116: =AVERAGE(M116:P116) -> 6281.8 | R116: =IF(G116>0,(+G116+(L116*2)+(Q116*3))/6,IF(L116>0,((L116*2)+(Q116*3))/5,Q116)) -> 6205.5583 | T116: =+R116/$R$265 -> 0.033050392 | V116: =+claims!D116 -> 80 | W116: =+claims!E116 -> 61 | X116: =+claims!F116 -> 60 | Z116: =IF(G116>100,IF(V116<1,0,+V116/G116),IF(V116<1,0,+V116/100)) -> 0.013479133 | AA116: =IF(L116>100,IF(W116<1,0,+W116/L116),IF(W116<1,0,+W116/100)) -> 0.0097969541 | AB116: =IF(Q116>100,IF(X116<1,0,+X116/Q116),IF(X116<1,0,+X116/100)) -> 0.0095514025 | AD116: =(+Z116+(AA116*2)+(AB116*3))/6 -> 0.010287875
A117: A753 | B117: Sam Houston State University | C117: 3168.1 | D117: 2997.6 | E117: 3197.4 | F117: 2349.4 | G117: =AVERAGE(C117:F117) -> 2928.125 | H117: 3270.9 | I117: 3096.9 | J117: 3282.2 | K117: 2347.7 | L117: =AVERAGE(H117:K117) -> 2999.425 | M117: =3164.4+152.9 -> 3317.3 | N117: =2970.3+157 -> 3127.3 | O117: =3147.7+166.6 -> 3314.3 | P117: =2265+172.4 -> 2437.4 | Q117: =AVERAGE(M117:P117) -> 3049.075 | R117: =IF(G117>0,(+G117+(L117*2)+(Q117*3))/6,IF(L117>0,((L117*2)+(Q117*3))/5,Q117)) -> 3012.3667 | T117: =+R117/$R$265 -> 0.016043665 | V117: =+claims!D117 -> 27 | W117: =+claims!E117 -> 16 | X117: =+claims!F117 -> 12 | Z117: =IF(G117>100,IF(V117<1,0,+V117/G117),IF(V117<1,0,+V117/100)) -> 0.0092209178 | AA117: =IF(L117>100,IF(W117<1,0,+W117/L117),IF(W117<1,0,+W117/100)) -> 0.0053343558 | AB117: =IF(Q117>100,IF(X117<1,0,+X117/Q117),IF(X117<1,0,+X117/100)) -> 0.0039356198 | AD117: =(+Z117+(AA117*2)+(AB117*3))/6 -> 0.0052827481
A118: A754 | B118: Texas State University | C118: 4925.5 | D118: 4697.2 | E118: 4857.6 | F118: 3520.5 | G118: =AVERAGE(C118:F118) -> 4500.2 | H118: 5193.2 | I118: 5033.9 | J118: 5212 | K118: 3820.8 | L118: =AVERAGE(H118:K118) -> 4814.975 | M118: 5504.5 | N118: 5374.8 | O118: 5396.3 | P118: 3992.3 | Q118: =AVERAGE(M118:P118) -> 5066.975 | R118: =IF(G118>0,(+G118+(L118*2)+(Q118*3))/6,IF(L118>0,((L118*2)+(Q118*3))/5,Q118)) -> 4888.5125 | T118: =+R118/$R$265 -> 0.026035893 | V118: =+claims!D118 -> 45 | W118: =+claims!E118 -> 56 | X118: =+claims!F118 -> 67 | Z118: =IF(G118>100,IF(V118<1,0,+V118/G118),IF(V118<1,0,+V118/100)) -> 0.0099995556 | AA118: =IF(L118>100,IF(W118<1,0,+W118/L118),IF(W118<1,0,+W118/100)) -> 0.011630382 | AB118: =IF(Q118>100,IF(X118<1,0,+X118/Q118),IF(X118<1,0,+X118/100)) -> 0.01322288 | AD118: =(+Z118+(AA118*2)+(AB118*3))/6 -> 0.012154826
A119: A756 | B119: Sul Ross State University | C119: 401.6 | D119: 345.4 | E119: 422.4 | F119: 325.6 | G119: =AVERAGE(C119:F119) -> 373.75 | H119: 422.1 | I119: 417.2 | J119: 446.1 | K119: 341.4 | L119: =AVERAGE(H119:K119) -> 406.7 | M119: =47.5+402.3 -> 449.8 | N119: =48.3+384.5 -> 432.8 | O119: =53+403.7 -> 456.7 | P119: =38.3+294.2 -> 332.5 | Q119: =AVERAGE(M119:P119) -> 417.95 | R119: =IF(G119>0,(+G119+(L119*2)+(Q119*3))/6,IF(L119>0,((L119*2)+(Q119*3))/5,Q119)) -> 406.83333 | T119: =+R119/$R$265 -> 0.0021667673 | V119: =+claims!D119 -> 6 | W119: =+claims!E119 -> 6 | X119: =+claims!F119 -> 9 | Z119: =IF(G119>100,IF(V119<1,0,+V119/G119),IF(V119<1,0,+V119/100)) -> 0.016053512 | AA119: =IF(L119>100,IF(W119<1,0,+W119/L119),IF(W119<1,0,+W119/100)) -> 0.014752889 | AB119: =IF(Q119>100,IF(X119<1,0,+X119/Q119),IF(X119<1,0,+X119/100)) -> 0.021533676 | AD119: =(+Z119+(AA119*2)+(AB119*3))/6 -> 0.018360053
A120: A758 | B120: Texas State University System Administration | C120: 44.5 | D120: 45.5 | E120: 45.5 | F120: 45 | G120: =AVERAGE(C120:F120) -> 45.125 | H120: 44.2 | I120: 42.9 | J120: 42.4 | K120: 43.2 | L120: =AVERAGE(H120:K120) -> 43.175 | M120: 43.8 | N120: 43.7 | O120: 43.7 | P120: 43.9 | Q120: =AVERAGE(M120:P120) -> 43.775 | R120: =IF(G120>0,(+G120+(L120*2)+(Q120*3))/6,IF(L120>0,((L120*2)+(Q120*3))/5,Q120)) -> 43.8 | T120: =+R120/$R$265 -> 0.00023327589 | V120: =+claims!D120 -> 0 | W120: =+claims!E120 -> 0 | X120: =+claims!F120 -> 0 | Z120: =IF(G120>100,IF(V120<1,0,+V120/G120),IF(V120<1,0,+V120/100)) -> 0 | AA120: =IF(L120>100,IF(W120<1,0,+W120/L120),IF(W120<1,0,+W120/100)) -> 0 | AB120: =IF(Q120>100,IF(X120<1,0,+X120/Q120),IF(X120<1,0,+X120/100)) -> 0 | AD120: =(+Z120+(AA120*2)+(AB120*3))/6 -> 0
A121: A759 | B121: University of Houston - Clear Lake | C121: 1152.6 | D121: 1145.9 | E121: 1135.9 | F121: 819.6 | G121: =AVERAGE(C121:F121) -> 1063.5 | H121: 1243.6 | I121: 1180.9 | J121: 1208.5 | K121: 816.4 | L121: =AVERAGE(H121:K121) -> 1112.35 | M121: 1189 | N121: 1129 | O121: 1144.2 | P121: 772.4 | Q121: =AVERAGE(M121:P121) -> 1058.65 | R121: =IF(G121>0,(+G121+(L121*2)+(Q121*3))/6,IF(L121>0,((L121*2)+(Q121*3))/5,Q121)) -> 1077.3583 | T121: =+R121/$R$265 -> 0.0057379389 | V121: =+claims!D121 -> 12 | W121: =+claims!E121 -> 9 | X121: =+claims!F121 -> 16 | Z121: =IF(G121>100,IF(V121<1,0,+V121/G121),IF(V121<1,0,+V121/100)) -> 0.011283498 | AA121: =IF(L121>100,IF(W121<1,0,+W121/L121),IF(W121<1,0,+W121/100)) -> 0.0080909786 | AB121: =IF(Q121>100,IF(X121<1,0,+X121/Q121),IF(X121<1,0,+X121/100)) -> 0.015113588 | AD121: =(+Z121+(AA121*2)+(AB121*3))/6 -> 0.01213437
A122: A763 | B122: Univ. of North Texas Health Science Center | C122: 1345 | D122: 1355 | E122: 1357.7 | F122: 1371.2 | G122: =AVERAGE(C122:F122) -> 1357.225 | H122: 1384.3 | I122: 1393 | J122: 1391.7 | K122: 1404.9 | L122: =AVERAGE(H122:K122) -> 1393.475 | M122: 1415.9 | N122: 1420.6 | O122: 1407 | P122: 1387.3 | Q122: =AVERAGE(M122:P122) -> 1407.7 | R122: =IF(G122>0,(+G122+(L122*2)+(Q122*3))/6,IF(L122>0,((L122*2)+(Q122*3))/5,Q122)) -> 1394.5458 | T122: =+R122/$R$265 -> 0.0074272585 | V122: =+claims!D122 -> 21 | W122: =+claims!E122 -> 21 | X122: =+claims!F122 -> 16 | Z122: =IF(G122>100,IF(V122<1,0,+V122/G122),IF(V122<1,0,+V122/100)) -> 0.015472748 | AA122: =IF(L122>100,IF(W122<1,0,+W122/L122),IF(W122<1,0,+W122/100)) -> 0.015070238 | AB122: =IF(Q122>100,IF(X122<1,0,+X122/Q122),IF(X122<1,0,+X122/100)) -> 0.011366058 | AD122: =(+Z122+(AA122*2)+(AB122*3))/6 -> 0.013285233
A123: A769 | B123: University of North Texas System Administration | C123: 351.4 | D123: 355.1 | E123: 362.1 | F123: 368.8 | G123: =AVERAGE(C123:F123) -> 359.35 | H123: 370.4 | I123: 360.7 | J123: 363.3 | K123: 365.4 | L123: =AVERAGE(H123:K123) -> 364.95 | M123: 370.1 | N123: 364.7 | O123: 360.6 | P123: 363.3 | Q123: =AVERAGE(M123:P123) -> 364.675 | R123: =IF(G123>0,(+G123+(L123*2)+(Q123*3))/6,IF(L123>0,((L123*2)+(Q123*3))/5,Q123)) -> 363.87917 | T123: =+R123/$R$265 -> 0.0019379963 | V123: =+claims!D123 -> 1 | W123: =+claims!E123 -> 0 | X123: =+claims!F123 -> 1 | Z123: =IF(G123>100,IF(V123<1,0,+V123/G123),IF(V123<1,0,+V123/100)) -> 0.0027828023 | AA123: =IF(L123>100,IF(W123<1,0,+W123/L123),IF(W123<1,0,+W123/100)) -> 0 | AB123: =IF(Q123>100,IF(X123<1,0,+X123/Q123),IF(X123<1,0,+X123/100)) -> 0.0027421677 | AD123: =(+Z123+(AA123*2)+(AB123*3))/6 -> 0.0018348842
A124: A771 | B124: Blind and Visually Impaired, School for the | C124: 347.7 | D124: 346.8 | E124: 342.4 | F124: 250.2 | G124: =AVERAGE(C124:F124) -> 321.775 | H124: 360.9 | I124: 346.8 | J124: 352.3 | K124: 247.9 | L124: =AVERAGE(H124:K124) -> 326.975 | M124: 370.8 | N124: 364.1 | O124: 380 | P124: 276.7 | Q124: =AVERAGE(M124:P124) -> 347.9 | R124: =IF(G124>0,(+G124+(L124*2)+(Q124*3))/6,IF(L124>0,((L124*2)+(Q124*3))/5,Q124)) -> 336.57083 | T124: =+R124/$R$265 -> 0.0017925539 | V124: =+claims!D124 -> 9 | W124: =+claims!E124 -> 11 | X124: =+claims!F124 -> 8 | Z124: =IF(G124>100,IF(V124<1,0,+V124/G124),IF(V124<1,0,+V124/100)) -> 0.027969855 | AA124: =IF(L124>100,IF(W124<1,0,+W124/L124),IF(W124<1,0,+W124/100)) -> 0.033641716 | AB124: =IF(Q124>100,IF(X124<1,0,+X124/Q124),IF(X124<1,0,+X124/100)) -> 0.022995114 | AD124: =(+Z124+(AA124*2)+(AB124*3))/6 -> 0.027373104
A125: A772 | B125: Deaf, School for the | C125: 439.6 | D125: 427 | E125: 445.5 | F125: 357.8 | G125: =AVERAGE(C125:F125) -> 417.475 | H125: 460.8 | I125: 446.8 | J125: 442.4 | K125: 323.5 | L125: =AVERAGE(H125:K125) -> 418.375 | M125: 439.8 | N125: 427.6 | O125: 441.2 | P125: 333 | Q125: =AVERAGE(M125:P125) -> 410.4 | R125: =IF(G125>0,(+G125+(L125*2)+(Q125*3))/6,IF(L125>0,((L125*2)+(Q125*3))/5,Q125)) -> 414.2375 | T125: =+R125/$R$265 -> 0.0022062014 | V125: =+claims!D125 -> 21 | W125: =+claims!E125 -> 15 | X125: =+claims!F125 -> 25 | Z125: =IF(G125>100,IF(V125<1,0,+V125/G125),IF(V125<1,0,+V125/100)) -> 0.050302413 | AA125: =IF(L125>100,IF(W125<1,0,+W125/L125),IF(W125<1,0,+W125/100)) -> 0.035853003 | AB125: =IF(Q125>100,IF(X125<1,0,+X125/Q125),IF(X125<1,0,+X125/100)) -> 0.060916179 | AD125: =(+Z125+(AA125*2)+(AB125*3))/6 -> 0.050792826
A126: A773 | B126: University of North Texas Dallas | C126: 515.2 | D126: 496 | E126: 494 | F126: 376.8 | G126: =AVERAGE(C126:F126) -> 470.5 | H126: 517.8 | I126: 524.6 | J126: 531 | K126: 409 | L126: =AVERAGE(H126:K126) -> 495.6 | M126: 523.9 | N126: 513.4 | O126: 518.5 | P126: 393.6 | Q126: =AVERAGE(M126:P126) -> 487.35 | R126: =IF(G126>0,(+G126+(L126*2)+(Q126*3))/6,IF(L126>0,((L126*2)+(Q126*3))/5,Q126)) -> 487.29167 | T126: =+R126/$R$265 -> 0.0025952831 | V126: =+claims!D126 -> 3 | W126: =+claims!E126 -> 7 | X126: =+claims!F126 -> 3 | Z126: =IF(G126>100,IF(V126<1,0,+V126/G126),IF(V126<1,0,+V126/100)) -> 0.0063761955 | AA126: =IF(L126>100,IF(W126<1,0,+W126/L126),IF(W126<1,0,+W126/100)) -> 0.014124294 | AB126: =IF(Q126>100,IF(X126<1,0,+X126/Q126),IF(X126<1,0,+X126/100)) -> 0.0061557402 | AD126: =(+Z126+(AA126*2)+(AB126*3))/6 -> 0.0088486673
A127: A774 | B127: Texas Tech University Health Sciences Center at El Paso | C127: 1676.7 | D127: 1692 | E127: 1654.4 | F127: 1675.9 | G127: =AVERAGE(C127:F127) -> 1674.75 | H127: 1721.9 | I127: 1743.3 | J127: 1714.4 | K127: 1708.6 | L127: =AVERAGE(H127:K127) -> 1722.05 | M127: 1766.1 | N127: 1814.6 | O127: 1829.2 | P127: 1866.4 | Q127: =AVERAGE(M127:P127) -> 1819.075 | R127: =IF(G127>0,(+G127+(L127*2)+(Q127*3))/6,IF(L127>0,((L127*2)+(Q127*3))/5,Q127)) -> 1762.6792 | T127: =+R127/$R$265 -> 0.0093879122 | V127: =+claims!D127 -> 35 | W127: =+claims!E127 -> 43 | X127: =+claims!F127 -> 43 | Z127: =IF(G127>100,IF(V127<1,0,+V127/G127),IF(V127<1,0,+V127/100)) -> 0.020898642 | AA127: =IF(L127>100,IF(W127<1,0,+W127/L127),IF(W127<1,0,+W127/100)) -> 0.024970239 | AB127: =IF(Q127>100,IF(X127<1,0,+X127/Q127),IF(X127<1,0,+X127/100)) -> 0.023638388 | AD127: =(+Z127+(AA127*2)+(AB127*3))/6 -> 0.023625714
A128: A781 | B128: Coordinating Board, Higher Education | C128: 245.8 | D128: 250.5 | E128: 256.1 | F128: 270.7 | G128: =AVERAGE(C128:F128) -> 255.775 | H128: 294.3 | I128: 305 | J128: 321.6 | K128: 312.5 | L128: =AVERAGE(H128:K128) -> 308.35 | M128: 311.7 | N128: 307.7 | O128: 310.9 | P128: 313.8 | Q128: =AVERAGE(M128:P128) -> 311.025 | R128: =IF(G128>0,(+G128+(L128*2)+(Q128*3))/6,IF(L128>0,((L128*2)+(Q128*3))/5,Q128)) -> 300.925 | T128: =+R128/$R$265 -> 0.0016027066 | V128: =+claims!D128 -> 0 | W128: =+claims!E128 -> 0 | X128: =+claims!F128 -> 0 | Z128: =IF(G128>100,IF(V128<1,0,+V128/G128),IF(V128<1,0,+V128/100)) -> 0 | AA128: =IF(L128>100,IF(W128<1,0,+W128/L128),IF(W128<1,0,+W128/100)) -> 0 | AB128: =IF(Q128>100,IF(X128<1,0,+X128/Q128),IF(X128<1,0,+X128/100)) -> 0 | AD128: =(+Z128+(AA128*2)+(AB128*3))/6 -> 0
A129: A783 | B129: University of Houston System Administration | C129: 57.2 | D129: 56.4 | E129: 53.5 | F129: 54.3 | G129: =AVERAGE(C129:F129) -> 55.35 | H129: 52.5 | I129: 53.9 | J129: 56.4 | K129: 56 | L129: =AVERAGE(H129:K129) -> 54.7 | M129: 53.1 | N129: 54 | O129: 54.9 | P129: 54.2 | Q129: =AVERAGE(M129:P129) -> 54.05 | R129: =IF(G129>0,(+G129+(L129*2)+(Q129*3))/6,IF(L129>0,((L129*2)+(Q129*3))/5,Q129)) -> 54.483333 | T129: =+R129/$R$265 -> 0.00029017462 | V129: =+claims!D129 -> 2 | W129: =+claims!E129 -> 1 | X129: =+claims!F129 -> 0 | Z129: =IF(G129>100,IF(V129<1,0,+V129/G129),IF(V129<1,0,+V129/100)) -> 0.02 | AA129: =IF(L129>100,IF(W129<1,0,+W129/L129),IF(W129<1,0,+W129/100)) -> 0.01 | AB129: =IF(Q129>100,IF(X129<1,0,+X129/Q129),IF(X129<1,0,+X129/100)) -> 0 | AD129: =(+Z129+(AA129*2)+(AB129*3))/6 -> 0.0066666667
A130: A784 | B130: University of Houston - Downtown | C130: 1265.7 | D130: 1230.8 | E130: 1263 | F130: 872.4 | G130: =AVERAGE(C130:F130) -> 1157.975 | H130: 1308.6 | I130: 1269.1 | J130: 1283.1 | K130: 882.4 | L130: =AVERAGE(H130:K130) -> 1185.8 | M130: 1282.5 | N130: 1229.5 | O130: 1252.4 | P130: 879.2 | Q130: =AVERAGE(M130:P130) -> 1160.9 | R130: =IF(G130>0,(+G130+(L130*2)+(Q130*3))/6,IF(L130>0,((L130*2)+(Q130*3))/5,Q130)) -> 1168.7125 | T130: =+R130/$R$265 -> 0.0062244852 | V130: =+claims!D130 -> 12 | W130: =+claims!E130 -> 5 | X130: =+claims!F130 -> 7 | Z130: =IF(G130>100,IF(V130<1,0,+V130/G130),IF(V130<1,0,+V130/100)) -> 0.010362918 | AA130: =IF(L130>100,IF(W130<1,0,+W130/L130),IF(W130<1,0,+W130/100)) -> 0.0042165627 | AB130: =IF(Q130>100,IF(X130<1,0,+X130/Q130),IF(X130<1,0,+X130/100)) -> 0.0060298045 | AD130: =(+Z130+(AA130*2)+(AB130*3))/6 -> 0.0061475761
A131: A787 | B131: Lamar State College - Orange | C131: 164.6 | D131: 159 | E131: 162.8 | F131: 124.4 | G131: =AVERAGE(C131:F131) -> 152.7 | H131: 106.2 | I131: 164.1 | J131: 157.8 | K131: 221.3 | L131: =AVERAGE(H131:K131) -> 162.35 | M131: 119.3 | N131: 187.4 | O131: 181.5 | P131: 248.3 | Q131: =AVERAGE(M131:P131) -> 184.125 | R131: =IF(G131>0,(+G131+(L131*2)+(Q131*3))/6,IF(L131>0,((L131*2)+(Q131*3))/5,Q131)) -> 171.62917 | T131: =+R131/$R$265 -> 0.00091408555 | V131: =+claims!D131 -> 3 | W131: =+claims!E131 -> 1 | X131: =+claims!F131 -> 1 | Z131: =IF(G131>100,IF(V131<1,0,+V131/G131),IF(V131<1,0,+V131/100)) -> 0.019646365 | AA131: =IF(L131>100,IF(W131<1,0,+W131/L131),IF(W131<1,0,+W131/100)) -> 0.0061595319 | AB131: =IF(Q131>100,IF(X131<1,0,+X131/Q131),IF(X131<1,0,+X131/100)) -> 0.005431093 | AD131: =(+Z131+(AA131*2)+(AB131*3))/6 -> 0.008043118
... A140: A930 | B140: Texas Treasury Safekeeping Trust Company | C140: 80.2 | D140: 80.2 | E140: 80.2 | F140: 80.2 | G140: =AVERAGE(C140:F140) -> 80.2 | H140: 85.3 | I140: 85.3 | J140: 85.3 | K140: 85.3 | L140: =AVERAGE(H140:K140) -> 85.3 | M140: 80 | N140: 80 | O140: 80 | P140: 80 | Q140: =AVERAGE(M140:P140) -> 80 | R140: =IF(G140>0,(+G140+(L140*2)+(Q140*3))/6,IF(L140>0,((L140*2)+(Q140*3))/5,Q140)) -> 81.8 | T140: =+R140/$R$265 -> 0.00043566137 | V140: =+claims!D140 -> 0 | W140: =+claims!E140 -> 0 | X140: =+claims!F140 -> 0 | Z140: =IF(G140>100,IF(V140<1,0,+V140/G140),IF(V140<1,0,+V140/100)) -> 0 | AA140: =IF(L140>100,IF(W140<1,0,+W140/L140),IF(W140<1,0,+W140/100)) -> 0 | AB140: =IF(Q140>100,IF(X140<1,0,+X140/Q140),IF(X140<1,0,+X140/100)) -> 0 | AD140: =(+Z140+(AA140*2)+(AB140*3))/6 -> 0
A141: C001 | B141: Anderson | D141: Anderson | F141: 16 | G141: =AVERAGE(C141:F141) -> 16 | I141: Anderson | K141: 15 | L141: =AVERAGE(H141:K141) -> 15 | N141: Anderson | P141: 15.5 | Q141: =AVERAGE(M141:P141) -> 15.5 | R141: =IF(G141>0,(+G141+(L141*2)+(Q141*3))/6,IF(L141>0,((L141*2)+(Q141*3))/5,Q141)) -> 15.416667 | T141: =+R141/$R$265 -> 8.2108143e-05 | V141: =+claims!D141 -> 0 | W141: =+claims!E141 -> 0 | X141: =+claims!F141 -> 0 | Z141: =IF(G141>100,IF(V141<1,0,+V141/G141),IF(V141<1,0,+V141/100)) -> 0 | AA141: =IF(L141>100,IF(W141<1,0,+W141/L141),IF(W141<1,0,+W141/100)) -> 0 | AB141: =IF(Q141>100,IF(X141<1,0,+X141/Q141),IF(X141<1,0,+X141/100)) -> 0 | AD141: =(+Z141+(AA141*2)+(AB141*3))/6 -> 0
A142: C002 | B142: Andrews | D142: Andrews | F142: 7 | G142: =AVERAGE(C142:F142) -> 7 | I142: Andrews | K142: 7 | L142: =AVERAGE(H142:K142) -> 7 | N142: Andrews | P142: 7 | Q142: =AVERAGE(M142:P142) -> 7 | R142: =IF(G142>0,(+G142+(L142*2)+(Q142*3))/6,IF(L142>0,((L142*2)+(Q142*3))/5,Q142)) -> 7 | T142: =+R142/$R$265 -> 3.7281535e-05 | V142: =+claims!D142 -> 0 | W142: =+claims!E142 -> 0 | X142: =+claims!F142 -> 0 | Z142: =IF(G142>100,IF(V142<1,0,+V142/G142),IF(V142<1,0,+V142/100)) -> 0 | AA142: =IF(L142>100,IF(W142<1,0,+W142/L142),IF(W142<1,0,+W142/100)) -> 0 | AB142: =IF(Q142>100,IF(X142<1,0,+X142/Q142),IF(X142<1,0,+X142/100)) -> 0 | AD142: =(+Z142+(AA142*2)+(AB142*3))/6 -> 0
A143: C003 | B143: Angelina | D143: Angelina | F143: 20 | G143: =AVERAGE(C143:F143) -> 20 | I143: Angelina | K143: 22 | L143: =AVERAGE(H143:K143) -> 22 | N143: Angelina | P143: 21 | Q143: =AVERAGE(M143:P143) -> 21 | R143: =IF(G143>0,(+G143+(L143*2)+(Q143*3))/6,IF(L143>0,((L143*2)+(Q143*3))/5,Q143)) -> 21.166667 | T143: =+R143/$R$265 -> 0.00011273226 | V143: =+claims!D143 -> 0 | W143: =+claims!E143 -> 0 | X143: =+claims!F143 -> 0 | Z143: =IF(G143>100,IF(V143<1,0,+V143/G143),IF(V143<1,0,+V143/100)) -> 0 | AA143: =IF(L143>100,IF(W143<1,0,+W143/L143),IF(W143<1,0,+W143/100)) -> 0 | AB143: =IF(Q143>100,IF(X143<1,0,+X143/Q143),IF(X143<1,0,+X143/100)) -> 0 | AD143: =(+Z143+(AA143*2)+(AB143*3))/6 -> 0
A144: C007 | B144: Atascosa - Previously Karnes (C128) | D144: Atascosa | F144: 24 | G144: =AVERAGE(C144:F144) -> 24 | I144: Atascosa | K144: 23 | L144: =AVERAGE(H144:K144) -> 23 | N144: Atascosa | P144: 24 | Q144: =AVERAGE(M144:P144) -> 24 | R144: =IF(G144>0,(+G144+(L144*2)+(Q144*3))/6,IF(L144>0,((L144*2)+(Q144*3))/5,Q144)) -> 23.666667 | T144: =+R144/$R$265 -> 0.0001260471 | V144: =+claims!D144 -> 1 | W144: =+claims!E144 -> 1 | X144: =+claims!F144 -> 0 | Z144: =IF(G144>100,IF(V144<1,0,+V144/G144),IF(V144<1,0,+V144/100)) -> 0.01 | AA144: =IF(L144>100,IF(W144<1,0,+W144/L144),IF(W144<1,0,+W144/100)) -> 0.01 | AB144: =IF(Q144>100,IF(X144<1,0,+X144/Q144),IF(X144<1,0,+X144/100)) -> 0 | AD144: =(+Z144+(AA144*2)+(AB144*3))/6 -> 0.005
A145: C009 | B145: Bailey - Merged with Parmer | D145: Bailey | F145: 5 | G145: =AVERAGE(C145:F145) -> 5 | I145: Bailey | K145: 5 | L145: =AVERAGE(H145:K145) -> 5 | N145: Bailey | P145: 4 | Q145: =AVERAGE(M145:P145) -> 4 | R145: =IF(G145>0,(+G145+(L145*2)+(Q145*3))/6,IF(L145>0,((L145*2)+(Q145*3))/5,Q145)) -> 4.5 | T145: =+R145/$R$265 -> 2.3966701e-05 | V145: =+claims!D145 -> 0 | W145: =+claims!E145 -> 0 | X145: =+claims!F145 -> 0 | Z145: =IF(G145>100,IF(V145<1,0,+V145/G145),IF(V145<1,0,+V145/100)) -> 0 | AA145: =IF(L145>100,IF(W145<1,0,+W145/L145),IF(W145<1,0,+W145/100)) -> 0 | AB145: =IF(Q145>100,IF(X145<1,0,+X145/Q145),IF(X145<1,0,+X145/100)) -> 0 | AD145: =(+Z145+(AA145*2)+(AB145*3))/6 -> 0
A146: C011 | B146: Bastrop | D146: Bastrop | F146: 24 | G146: =AVERAGE(C146:F146) -> 24 | I146: Bastrop | K146: 24 | L146: =AVERAGE(H146:K146) -> 24 | N146: Bastrop | P146: 25 | Q146: =AVERAGE(M146:P146) -> 25 | R146: =IF(G146>0,(+G146+(L146*2)+(Q146*3))/6,IF(L146>0,((L146*2)+(Q146*3))/5,Q146)) -> 24.5 | T146: =+R146/$R$265 -> 0.00013048537 | V146: =+claims!D146 -> 0 | W146: =+claims!E146 -> 0 | X146: =+claims!F146 -> 1 | Z146: =IF(G146>100,IF(V146<1,0,+V146/G146),IF(V146<1,0,+V146/100)) -> 0 | AA146: =IF(L146>100,IF(W146<1,0,+W146/L146),IF(W146<1,0,+W146/100)) -> 0 | AB146: =IF(Q146>100,IF(X146<1,0,+X146/Q146),IF(X146<1,0,+X146/100)) -> 0.01 | AD146: =(+Z146+(AA146*2)+(AB146*3))/6 -> 0.005
A147: C012 | B147: Baylor | D147: Baylor | F147: 2 | G147: =AVERAGE(C147:F147) -> 2 | I147: Baylor | K147: 2 | L147: =AVERAGE(H147:K147) -> 2 | N147: Baylor | P147: 2 | Q147: =AVERAGE(M147:P147) -> 2 | R147: =IF(G147>0,(+G147+(L147*2)+(Q147*3))/6,IF(L147>0,((L147*2)+(Q147*3))/5,Q147)) -> 2 | T147: =+R147/$R$265 -> 1.0651867e-05 | V147: =+claims!D147 -> 0 | W147: =+claims!E147 -> 0 | X147: =+claims!F147 -> 0 | Z147: =IF(G147>100,IF(V147<1,0,+V147/G147),IF(V147<1,0,+V147/100)) -> 0 | AA147: =IF(L147>100,IF(W147<1,0,+W147/L147),IF(W147<1,0,+W147/100)) -> 0 | AB147: =IF(Q147>100,IF(X147<1,0,+X147/Q147),IF(X147<1,0,+X147/100)) -> 0 | AD147: =(+Z147+(AA147*2)+(AB147*3))/6 -> 0
A148: C014 | B148: Bell | D148: Bell | F148: 65 | G148: =AVERAGE(C148:F148) -> 65 | I148: Bell | K148: 64 | L148: =AVERAGE(H148:K148) -> 64 | N148: Bell | P148: 64 | Q148: =AVERAGE(M148:P148) -> 64 | R148: =IF(G148>0,(+G148+(L148*2)+(Q148*3))/6,IF(L148>0,((L148*2)+(Q148*3))/5,Q148)) -> 64.166667 | T148: =+R148/$R$265 -> 0.00034174741 | V148: =+claims!D148 -> 2 | W148: =+claims!E148 -> 1 | X148: =+claims!F148 -> 1 | Z148: =IF(G148>100,IF(V148<1,0,+V148/G148),IF(V148<1,0,+V148/100)) -> 0.02 | AA148: =IF(L148>100,IF(W148<1,0,+W148/L148),IF(W148<1,0,+W148/100)) -> 0.01 | AB148: =IF(Q148>100,IF(X148<1,0,+X148/Q148),IF(X148<1,0,+X148/100)) -> 0.01 | AD148: =(+Z148+(AA148*2)+(AB148*3))/6 -> 0.011666667
A149: C015 | B149: Bexar | D149: Bexar | F149: 409 | G149: =AVERAGE(C149:F149) -> 409 | I149: Bexar | K149: 417 | L149: =AVERAGE(H149:K149) -> 417 | N149: Bexar | P149: 432.5 | Q149: =AVERAGE(M149:P149) -> 432.5 | R149: =IF(G149>0,(+G149+(L149*2)+(Q149*3))/6,IF(L149>0,((L149*2)+(Q149*3))/5,Q149)) -> 423.41667 | T149: =+R149/$R$265 -> 0.0022550891 | V149: =+claims!D149 -> 12 | W149: =+claims!E149 -> 6 | X149: =+claims!F149 -> 15 | Z149: =IF(G149>100,IF(V149<1,0,+V149/G149),IF(V149<1,0,+V149/100)) -> 0.029339853 | AA149: =IF(L149>100,IF(W149<1,0,+W149/L149),IF(W149<1,0,+W149/100)) -> 0.014388489 | AB149: =IF(Q149>100,IF(X149<1,0,+X149/Q149),IF(X149<1,0,+X149/100)) -> 0.034682081 | AD149: =(+Z149+(AA149*2)+(AB149*3))/6 -> 0.027027179
A150: C019 | B150: Bowie | D150: Bowie | F150: 79 | G150: =AVERAGE(C150:F150) -> 79 | I150: Bowie | K150: 81 | L150: =AVERAGE(H150:K150) -> 81 | N150: Bowie | P150: 76.5 | Q150: =AVERAGE(M150:P150) -> 76.5 | R150: =IF(G150>0,(+G150+(L150*2)+(Q150*3))/6,IF(L150>0,((L150*2)+(Q150*3))/5,Q150)) -> 78.416667 | T150: =+R150/$R$265 -> 0.00041764196 | V150: =+claims!D150 -> 0 | W150: =+claims!E150 -> 0 | X150: =+claims!F150 -> 0 | Z150: =IF(G150>100,IF(V150<1,0,+V150/G150),IF(V150<1,0,+V150/100)) -> 0 | AA150: =IF(L150>100,IF(W150<1,0,+W150/L150),IF(W150<1,0,+W150/100)) -> 0 | AB150: =IF(Q150>100,IF(X150<1,0,+X150/Q150),IF(X150<1,0,+X150/100)) -> 0 | AD150: =(+Z150+(AA150*2)+(AB150*3))/6 -> 0
A151: C020 | B151: Brazoria | D151: Brazoria | F151: 78 | G151: =AVERAGE(C151:F151) -> 78 | I151: Brazoria | K151: 77 | L151: =AVERAGE(H151:K151) -> 77 | N151: Brazoria | P151: 66 | Q151: =AVERAGE(M151:P151) -> 66 | R151: =IF(G151>0,(+G151+(L151*2)+(Q151*3))/6,IF(L151>0,((L151*2)+(Q151*3))/5,Q151)) -> 71.666667 | T151: =+R151/$R$265 -> 0.00038169191 | V151: =+claims!D151 -> 0 | W151: =+claims!E151 -> 0 | X151: =+claims!F151 -> 1 | Z151: =IF(G151>100,IF(V151<1,0,+V151/G151),IF(V151<1,0,+V151/100)) -> 0 | AA151: =IF(L151>100,IF(W151<1,0,+W151/L151),IF(W151<1,0,+W151/100)) -> 0 | AB151: =IF(Q151>100,IF(X151<1,0,+X151/Q151),IF(X151<1,0,+X151/100)) -> 0.01 | AD151: =(+Z151+(AA151*2)+(AB151*3))/6 -> 0.005
A152: C021 | B152: Brazos | D152: Brazos | F152: 46 | G152: =AVERAGE(C152:F152) -> 46 | I152: Brazos | K152: 50.5 | L152: =AVERAGE(H152:K152) -> 50.5 | N152: Brazos | P152: 51 | Q152: =AVERAGE(M152:P152) -> 51 | R152: =IF(G152>0,(+G152+(L152*2)+(Q152*3))/6,IF(L152>0,((L152*2)+(Q152*3))/5,Q152)) -> 50 | T152: =+R152/$R$265 -> 0.00026629668 | V152: =+claims!D152 -> 0 | W152: =+claims!E152 -> 0 | X152: =+claims!F152 -> 0 | Z152: =IF(G152>100,IF(V152<1,0,+V152/G152),IF(V152<1,0,+V152/100)) -> 0 | AA152: =IF(L152>100,IF(W152<1,0,+W152/L152),IF(W152<1,0,+W152/100)) -> 0 | AB152: =IF(Q152>100,IF(X152<1,0,+X152/Q152),IF(X152<1,0,+X152/100)) -> 0 | AD152: =(+Z152+(AA152*2)+(AB152*3))/6 -> 0
... A262: C252 | B262: Young | D262: Young | F262: 7 | G262: =AVERAGE(C262:F262) -> 7 | I262: Young | K262: 7 | L262: =AVERAGE(H262:K262) -> 7 | N262: Young | P262: 7.5 | Q262: =AVERAGE(M262:P262) -> 7.5 | R262: =IF(G262>0,(+G262+(L262*2)+(Q262*3))/6,IF(L262>0,((L262*2)+(Q262*3))/5,Q262)) -> 7.25 | T262: =+R262/$R$265 -> 3.8613019e-05 | V262: =+claims!D262 -> 0 | W262: =+claims!E262 -> 0 | X262: =+claims!F262 -> 0 | Z262: =IF(G262>100,IF(V262<1,0,+V262/G262),IF(V262<1,0,+V262/100)) -> 0 | AA262: =IF(L262>100,IF(W262<1,0,+W262/L262),IF(W262<1,0,+W262/100)) -> 0 | AB262: =IF(Q262>100,IF(X262<1,0,+X262/Q262),IF(X262<1,0,+X262/100)) -> 0 | AD262: =(+Z262+(AA262*2)+(AB262*3))/6 -> 0
B263: CSCDs | F263: =SUBTOTAL(9,F141:F262) -> 5413.5 | G263: =SUBTOTAL(9,G141:G262) -> 5413.5 | K263: =SUBTOTAL(9,K141:K262) -> 5636.5 | L263: =SUBTOTAL(9,L141:L262) -> 5636.5 | P263: =SUM(P141:P262) -> 5775.5 | R263: =SUBTOTAL(9,R141:R262) -> 5668.8333 | V263: =SUBTOTAL(9,V141:V262) -> 67 | W263: =SUBTOTAL(9,W141:W262) -> 53 | X263: =SUBTOTAL(9,X141:X262) -> 67 | Y263: =SUBTOTAL(9,Y141:Y262) -> 0
C265: =SUBTOTAL(9,C4:C264) -> 173063 | D265: =SUBTOTAL(9,D4:D264) -> 173154.5 | E265: =SUBTOTAL(9,E4:E264) -> 176629.7 | F265: =SUBTOTAL(9,F4:F264) -> 174183.2 | G265: =SUBTOTAL(9,G4:G264) -> 178340 | H265: =SUBTOTAL(9,H4:H264) -> 181882 | I265: =SUBTOTAL(9,I4:I264) -> 182131.4 | J265: =SUBTOTAL(9,J4:J264) -> 183616.7 | ... O265: =SUBTOTAL(9,O4:O264) -> 189511.3 | P265: =SUBTOTAL(9,P4:P262) -> 184871.7 | Q265: =SUBTOTAL(9,Q4:Q264) -> 191774.9 | R265: =SUBTOTAL(9,R4:R264) -> 187760.51 | T265: =SUBTOTAL(9,T4:T264) -> 1 | V265: =SUBTOTAL(9,V4:V264) -> 5321 | W265: =SUBTOTAL(9,W4:W264) -> 5839 | X265: =SUBTOTAL(9,X4:X264) -> 6234 | Z265: =IF(G265>100,IF(V265<1,0,+V265/G265),IF(V265<1,0,+V265/100)) -> 0.029836268 | AA265: =IF(L265>100,IF(W265<1,0,+W265/L265),IF(W265<1,0,+W265/100)) -> 0.031332155 | AB265: =IF(Q265>100,IF(X265<1,0,+X265/Q265),IF(X265<1,0,+X265/100)) -> 0.032506861 | AD265: =(+Z265+(AA265*2)+(AB265*3))/6 -> 0.031670193

Sheet claims
I1: raw | L1: modified | P1: adjusted | T1: IFR portion of | X1: With
A2: Agency | D2: FY2023 | E2: FY2024 | F2: FY2025 | I2: average | J2: weighted | K2: IFR | L2: average | M2: cap | P2: average | R2: Assessment | T2: Assessment | V2: % of | X2: 0.02
A3: Code | B3: Name | D3: claims | E3: claims | F3: claims | G3: total | I3: claims | J3: IFR avg. | K3: modifier | L3: claims | M3: adjuster | P3: claims | R3: Percentage | T3: Amount | V3: Payroll | X3: Limit | Z3: Difference
A5: A101 | B5: Texas Senate | D5: 0 | E5: 0 | F5: 1 | G5: =SUM(D5:F5) -> 1 | I5: =AVERAGE(D5:F5) -> 0.33333333 | J5: =+IFR!AD5 -> 0.00088750832 | K5: =IF(+J5<$E$268,$I$268,IF(J5>$E$270,$I$270,$I$269)) -> 0.95 | L5: =+I5*K5 -> 0.31666667 | M5: 1 | N5: 1 | P5: =+L5*M5*N5 -> 0.31666667 | R5: =+P5/$P$265 -> 5.4953478e-05 | T5: =+R5*(assessment!$J$273*assessment!$E$3) -> 491.30932 | V5: =+T5/payroll!F5 -> 1.1590497e-05 | X5: =IF(V5<$X$2,T5, +payroll!F5 * $X$2) -> 491.30932 | Z5: =+T5-X5 -> 0 | AB5: =+X5/T5 -> 1
A6: A102 | B6: Texas House of Representatives | D6: 1 | E6: 1 | F6: 4 | G6: =SUM(D6:F6) -> 6 | I6: =AVERAGE(D6:F6) -> 2 | J6: =+IFR!AD6 -> 0.0028778964 | K6: =IF(+J6<$E$268,$I$268,IF(J6>$E$270,$I$270,$I$269)) -> 0.95 | L6: =+I6*K6 -> 1.9 | M6: 1 | N6: 1 | P6: =+L6*M6*N6 -> 1.9 | R6: =+P6/$P$265 -> 0.00032972087 | T6: =+R6*(assessment!$J$273*assessment!$E$3) -> 2947.8559 | V6: =+T6/payroll!F6 -> 6.4391112e-05 | X6: =IF(V6<$X$2,T6, +payroll!F6 * $X$2) -> 2947.8559 | Z6: =+T6-X6 -> 0 | AB6: =+X6/T6 -> 1
A7: A103 | B7: Legislative Council | D7: 0 | E7: 0 | F7: 1 | G7: =SUM(D7:F7) -> 1 | I7: =AVERAGE(D7:F7) -> 0.33333333 | J7: =+IFR!AD7 -> 0.0011759172 | K7: =IF(+J7<$E$268,$I$268,IF(J7>$E$270,$I$270,$I$269)) -> 0.95 | L7: =+I7*K7 -> 0.31666667 | M7: 1 | N7: 1 | P7: =+L7*M7*N7 -> 0.31666667 | R7: =+P7/$P$265 -> 5.4953478e-05 | T7: =+R7*(assessment!$J$273*assessment!$E$3) -> 491.30932 | V7: =+T7/payroll!F7 -> 1.3768374e-05 | X7: =IF(V7<$X$2,T7, +payroll!F7 * $X$2) -> 491.30932 | Z7: =+T7-X7 -> 0 | AB7: =+X7/T7 -> 1
A8: A104 | B8: Legislative Budget Board | D8: 0 | E8: 0 | F8: 0 | G8: =SUM(D8:F8) -> 0 | I8: =AVERAGE(D8:F8) -> 0 | J8: =+IFR!AD8 -> 0 | K8: =IF(+J8<$E$268,$I$268,IF(J8>$E$270,$I$270,$I$269)) -> 0.95 | L8: =+I8*K8 -> 0 | M8: 1 | N8: 1 | P8: =+L8*M8*N8 -> 0 | R8: =+P8/$P$265 -> 0 | T8: =+R8*(assessment!$J$273*assessment!$E$3) -> 0 | V8: =+T8/payroll!F8 -> 0 | X8: =IF(V8<$X$2,T8, +payroll!F8 * $X$2) -> 0 | Z8: =+T8-X8 -> 0 | AB8: =+X8/T8 -> #DIV/0!
A9: A105 | B9: Legislative Reference Library | D9: 0 | E9: 0 | F9: 0 | G9: =SUM(D9:F9) -> 0 | I9: =AVERAGE(D9:F9) -> 0 | J9: =+IFR!AD9 -> 0 | K9: =IF(+J9<$E$268,$I$268,IF(J9>$E$270,$I$270,$I$269)) -> 0.95 | L9: =+I9*K9 -> 0 | M9: 1 | N9: 1 | P9: =+L9*M9*N9 -> 0 | R9: =+P9/$P$265 -> 0 | T9: =+R9*(assessment!$J$273*assessment!$E$3) -> 0 | V9: =+T9/payroll!F9 -> 0 | X9: =IF(V9<$X$2,T9, +payroll!F9 * $X$2) -> 0 | Z9: =+T9-X9 -> 0 | AB9: =+X9/T9 -> #DIV/0!
A10: A116 | B10: Sunset Advisory Commission | D10: 0 | E10: 0 | F10: 0 | G10: =SUM(D10:F10) -> 0 | I10: =AVERAGE(D10:F10) -> 0 | J10: =+IFR!AD10 -> 0 | K10: =IF(+J10<$E$268,$I$268,IF(J10>$E$270,$I$270,$I$269)) -> 0.95 | L10: =+I10*K10 -> 0 | M10: 1 | N10: 1 | P10: =+L10*M10*N10 -> 0 | R10: =+P10/$P$265 -> 0 | T10: =+R10*(assessment!$J$273*assessment!$E$3) -> 0 | V10: =+T10/payroll!F10 -> 0 | X10: =IF(V10<$X$2,T10, +payroll!F10 * $X$2) -> 0 | Z10: =+T10-X10 -> 0 | AB10: =+X10/T10 -> #DIV/0!
A11: A201 | B11: Supreme Court of Texas | D11: 1 | E11: 0 | F11: 0 | G11: =SUM(D11:F11) -> 1 | I11: =AVERAGE(D11:F11) -> 0.33333333 | J11: =+IFR!AD11 -> 0.0016666667 | K11: =IF(+J11<$E$268,$I$268,IF(J11>$E$270,$I$270,$I$269)) -> 0.95 | L11: =+I11*K11 -> 0.31666667 | M11: 1 | N11: 1 | P11: =+L11*M11*N11 -> 0.31666667 | R11: =+P11/$P$265 -> 5.4953478e-05 | T11: =+R11*(assessment!$J$273*assessment!$E$3) -> 491.30932 | V11: =+T11/payroll!F11 -> 6.1405846e-05 | X11: =IF(V11<$X$2,T11, +payroll!F11 * $X$2) -> 491.30932 | Z11: =+T11-X11 -> 0 | AB11: =+X11/T11 -> 1
A12: A203 | B12: Law Examiners, Board of | D12: 0 | E12: 0 | F12: 0 | G12: =SUM(D12:F12) -> 0 | I12: =AVERAGE(D12:F12) -> 0 | J12: =+IFR!AD12 -> 0 | K12: =IF(+J12<$E$268,$I$268,IF(J12>$E$270,$I$270,$I$269)) -> 0.95 | L12: =+I12*K12 -> 0 | M12: 1 | N12: 1 | P12: =+L12*M12*N12 -> 0 | R12: =+P12/$P$265 -> 0 | T12: =+R12*(assessment!$J$273*assessment!$E$3) -> 0 | V12: =+T12/payroll!F12 -> 0 | X12: =IF(V12<$X$2,T12, +payroll!F12 * $X$2) -> 0 | Z12: =+T12-X12 -> 0 | AB12: =+X12/T12 -> #DIV/0!
A13: A211 | B13: Court of Criminal Appeals | D13: 0 | E13: 0 | F13: 0 | G13: =SUM(D13:F13) -> 0 | I13: =AVERAGE(D13:F13) -> 0 | J13: =+IFR!AD13 -> 0 | K13: =IF(+J13<$E$268,$I$268,IF(J13>$E$270,$I$270,$I$269)) -> 0.95 | L13: =+I13*K13 -> 0 | M13: 1 | N13: 1 | P13: =+L13*M13*N13 -> 0 | R13: =+P13/$P$265 -> 0 | T13: =+R13*(assessment!$J$273*assessment!$E$3) -> 0 | V13: =+T13/payroll!F13 -> 0 | X13: =IF(V13<$X$2,T13, +payroll!F13 * $X$2) -> 0 | Z13: =+T13-X13 -> 0 | AB13: =+X13/T13 -> #DIV/0!
A14: A212 | B14: Court Administration, Office of | D14: 0 | E14: 0 | F14: 0 | G14: =SUM(D14:F14) -> 0 | I14: =AVERAGE(D14:F14) -> 0 | J14: =+IFR!AD14 -> 0 | K14: =IF(+J14<$E$268,$I$268,IF(J14>$E$270,$I$270,$I$269)) -> 0.95 | L14: =+I14*K14 -> 0 | M14: 1 | N14: 1 | P14: =+L14*M14*N14 -> 0 | R14: =+P14/$P$265 -> 0 | T14: =+R14*(assessment!$J$273*assessment!$E$3) -> 0 | V14: =+T14/payroll!F14 -> 0 | X14: =IF(V14<$X$2,T14, +payroll!F14 * $X$2) -> 0 | Z14: =+T14-X14 -> 0 | AB14: =+X14/T14 -> #DIV/0!
A15: A213 | B15: Prosecuting Attorney, State | D15: 0 | E15: 0 | F15: 0 | G15: =SUM(D15:F15) -> 0 | I15: =AVERAGE(D15:F15) -> 0 | J15: =+IFR!AD15 -> 0 | K15: =IF(+J15<$E$268,$I$268,IF(J15>$E$270,$I$270,$I$269)) -> 0.95 | L15: =+I15*K15 -> 0 | M15: 1 | N15: 1 | P15: =+L15*M15*N15 -> 0 | R15: =+P15/$P$265 -> 0 | T15: =+R15*(assessment!$J$273*assessment!$E$3) -> 0 | V15: =+T15/payroll!F15 -> 0 | X15: =IF(V15<$X$2,T15, +payroll!F15 * $X$2) -> 0 | Z15: =+T15-X15 -> 0 | AB15: =+X15/T15 -> #DIV/0!
A16: A215 | B16: Office of Capital and Forensic Writs | D16: 0 | E16: 0 | F16: 2 | G16: =SUM(D16:F16) -> 2 | I16: =AVERAGE(D16:F16) -> 0.66666667 | J16: =+IFR!AD16 -> 0.01 | K16: =IF(+J16<$E$268,$I$268,IF(J16>$E$270,$I$270,$I$269)) -> 0.95 | L16: =+I16*K16 -> 0.63333333 | M16: 1 | N16: 1 | P16: =+L16*M16*N16 -> 0.63333333 | R16: =+P16/$P$265 -> 0.00010990696 | T16: =+R16*(assessment!$J$273*assessment!$E$3) -> 982.61864 | V16: =+T16/payroll!F16 -> 0.00038390461 | X16: =IF(V16<$X$2,T16, +payroll!F16 * $X$2) -> 982.61864 | Z16: =+T16-X16 -> 0 | AB16: =+X16/T16 -> 1
... A30: A234 | B30: Court of Civil Appeals - Fourteenth District | D30: 0 | E30: 0 | F30: 0 | G30: =SUM(D30:F30) -> 0 | I30: =AVERAGE(D30:F30) -> 0 | J30: =+IFR!AD30 -> 0 | K30: =IF(+J30<$E$268,$I$268,IF(J30>$E$270,$I$270,$I$269)) -> 0.95 | L30: =+I30*K30 -> 0 | M30: 1 | N30: 1 | P30: =+L30*M30*N30 -> 0 | R30: =+P30/$P$265 -> 0 | T30: =+R30*(assessment!$J$273*assessment!$E$3) -> 0 | V30: =+T30/payroll!F30 -> 0 | X30: =IF(V30<$X$2,T30, +payroll!F30 * $X$2) -> 0 | Z30: =+T30-X30 -> 0 | AB30: =+X30/T30 -> #DIV/0!
A31: A235 | B31: Court of Civil Appeals - Fifteenth District | D31: 0 | E31: 0 | F31: 0 | G31: =SUM(D31:F31) -> 0 | I31: =AVERAGE(D31:F31) -> 0 | J31: =+IFR!AD31 -> 0 | K31: =IF(+J31<$E$268,$I$268,IF(J31>$E$270,$I$270,$I$269)) -> 0.95 | L31: =+I31*K31 -> 0 | M31: 1 | P31: =+L31*M31*N31 -> 0 | R31: =+P31/$P$265 -> 0 | T31: =+R31*(assessment!$J$273*assessment!$E$3) -> 0 | V31: =+T31/payroll!F31 -> 0 | X31: =IF(V31<$X$2,T31, +payroll!F31 * $X$2) -> 0 | Z31: =+T31-X31 -> 0
A32: A241 | B32: District Courts (Comptroller's Jud. Section) | D32: 0 | E32: 0 | F32: 0 | G32: =SUM(D32:F32) -> 0 | I32: =AVERAGE(D32:F32) -> 0 | J32: =+IFR!AD32 -> 0 | K32: =IF(+J32<$E$268,$I$268,IF(J32>$E$270,$I$270,$I$269)) -> 0.95 | L32: =+I32*K32 -> 0 | M32: 1 | N32: 1 | P32: =+L32*M32*N32 -> 0 | R32: =+P32/$P$265 -> 0 | T32: =+R32*(assessment!$J$273*assessment!$E$3) -> 0 | V32: =+T32/payroll!F32 -> 0 | X32: =IF(V32<$X$2,T32, +payroll!F32 * $X$2) -> 0 | Z32: =+T32-X32 -> 0 | AB32: =+X32/T32 -> #DIV/0!
A33: A242 | B33: Judicial Conduct, State Commission on | D33: 0 | E33: 0 | F33: 0 | G33: =SUM(D33:F33) -> 0 | I33: =AVERAGE(D33:F33) -> 0 | J33: =+IFR!AD33 -> 0 | K33: =IF(+J33<$E$268,$I$268,IF(J33>$E$270,$I$270,$I$269)) -> 0.95 | L33: =+I33*K33 -> 0 | M33: 1 | N33: 1 | P33: =+L33*M33*N33 -> 0 | R33: =+P33/$P$265 -> 0 | T33: =+R33*(assessment!$J$273*assessment!$E$3) -> 0 | V33: =+T33/payroll!F33 -> 0 | X33: =IF(V33<$X$2,T33, +payroll!F33 * $X$2) -> 0 | Z33: =+T33-X33 -> 0 | AB33: =+X33/T33 -> #DIV/0!
A34: A243 | B34: Law Library, State | D34: 0 | E34: 0 | F34: 0 | G34: =SUM(D34:F34) -> 0 | I34: =AVERAGE(D34:F34) -> 0 | J34: =+IFR!AD34 -> 0 | K34: =IF(+J34<$E$268,$I$268,IF(J34>$E$270,$I$270,$I$269)) -> 0.95 | L34: =+I34*K34 -> 0 | M34: 1 | N34: 1 | P34: =+L34*M34*N34 -> 0 | R34: =+P34/$P$265 -> 0 | T34: =+R34*(assessment!$J$273*assessment!$E$3) -> 0 | V34: =+T34/payroll!F34 -> 0 | X34: =IF(V34<$X$2,T34, +payroll!F34 * $X$2) -> 0 | Z34: =+T34-X34 -> 0 | AB34: =+X34/T34 -> #DIV/0!
A35: A301 | B35: Governor's Office | D35: 0 | E35: 0 | F35: 3 | G35: =SUM(D35:F35) -> 3 | I35: =AVERAGE(D35:F35) -> 1 | J35: =+IFR!AD35 -> 0.0046853038 | K35: =IF(+J35<$E$268,$I$268,IF(J35>$E$270,$I$270,$I$269)) -> 0.95 | L35: =+I35*K35 -> 0.95 | M35: 1 | N35: 1 | P35: =+L35*M35*N35 -> 0.95 | R35: =+P35/$P$265 -> 0.00016486043 | T35: =+R35*(assessment!$J$273*assessment!$E$3) -> 1473.928 | V35: =+T35/payroll!F35 -> 5.0975521e-05 | X35: =IF(V35<$X$2,T35, +payroll!F35 * $X$2) -> 1473.928 | Z35: =+T35-X35 -> 0 | AB35: =+X35/T35 -> 1
A36: A302 | B36: Attorney General, Office of the | D36: 8 | E36: 16 | F36: 10 | G36: =SUM(D36:F36) -> 34 | I36: =AVERAGE(D36:F36) -> 11.333333 | J36: =+IFR!AD36 -> 0.0028151541 | K36: =IF(+J36<$E$268,$I$268,IF(J36>$E$270,$I$270,$I$269)) -> 0.95 | L36: =+I36*K36 -> 10.766667 | M36: 1 | N36: 1 | P36: =+L36*M36*N36 -> 10.766667 | R36: =+P36/$P$265 -> 0.0018684182 | T36: =+R36*(assessment!$J$273*assessment!$E$3) -> 16704.517 | V36: =+T36/payroll!F36 -> 5.7185897e-05 | X36: =IF(V36<$X$2,T36, +payroll!F36 * $X$2) -> 16704.517 | Z36: =+T36-X36 -> 0 | AB36: =+X36/T36 -> 1
A37: A303 | B37: Texas Facilities Commission | D37: 14 | E37: 5 | F37: 13 | G37: =SUM(D37:F37) -> 32 | I37: =AVERAGE(D37:F37) -> 10.666667 | J37: =+IFR!AD37 -> 0.024399682 | K37: =IF(+J37<$E$268,$I$268,IF(J37>$E$270,$I$270,$I$269)) -> 0.95 | L37: =+I37*K37 -> 10.133333 | M37: 1 | N37: 1 | P37: =+L37*M37*N37 -> 10.133333 | R37: =+P37/$P$265 -> 0.0017585113 | T37: =+R37*(assessment!$J$273*assessment!$E$3) -> 15721.898 | V37: =+T37/payroll!F37 -> 0.00052340005 | X37: =IF(V37<$X$2,T37, +payroll!F37 * $X$2) -> 15721.898 | Z37: =+T37-X37 -> 0 | AB37: =+X37/T37 -> 1
A38: A304 | B38: Comptroller of Public Accounts, State | D38: 7 | E38: 6 | F38: 14 | G38: =SUM(D38:F38) -> 27 | I38: =AVERAGE(D38:F38) -> 9 | J38: =+IFR!AD38 -> 0.0036219035 | K38: =IF(+J38<$E$268,$I$268,IF(J38>$E$270,$I$270,$I$269)) -> 0.95 | L38: =+I38*K38 -> 8.55 | M38: 1 | N38: 1 | P38: =+L38*M38*N38 -> 8.55 | R38: =+P38/$P$265 -> 0.0014837439 | T38: =+R38*(assessment!$J$273*assessment!$E$3) -> 13265.352 | V38: =+T38/payroll!F38 -> 5.7388421e-05 | X38: =IF(V38<$X$2,T38, +payroll!F38 * $X$2) -> 13265.352 | Z38: =+T38-X38 -> 0 | AB38: =+X38/T38 -> 1
A39: A305 | B39: General Land Office | D39: 4 | E39: 6 | F39: 2 | G39: =SUM(D39:F39) -> 12 | I39: =AVERAGE(D39:F39) -> 4 | J39: =+IFR!AD39 -> 0.0046883384 | K39: =IF(+J39<$E$268,$I$268,IF(J39>$E$270,$I$270,$I$269)) -> 0.95 | L39: =+I39*K39 -> 3.8 | M39: 1 | N39: 1 | P39: =+L39*M39*N39 -> 3.8 | R39: =+P39/$P$265 -> 0.00065944173 | T39: =+R39*(assessment!$J$273*assessment!$E$3) -> 5895.7119 | V39: =+T39/payroll!F39 -> 7.7269141e-05 | X39: =IF(V39<$X$2,T39, +payroll!F39 * $X$2) -> 5895.7119 | Z39: =+T39-X39 -> 0 | AB39: =+X39/T39 -> 1
A40: A306 | B40: Library and Archives Commission | D40: 1 | E40: 2 | F40: 2 | G40: =SUM(D40:F40) -> 5 | I40: =AVERAGE(D40:F40) -> 1.6666667 | J40: =+IFR!AD40 -> 0.011304656 | K40: =IF(+J40<$E$268,$I$268,IF(J40>$E$270,$I$270,$I$269)) -> 0.95 | L40: =+I40*K40 -> 1.5833333 | M40: 1 | N40: 1 | P40: =+L40*M40*N40 -> 1.5833333 | R40: =+P40/$P$265 -> 0.00027476739 | T40: =+R40*(assessment!$J$273*assessment!$E$3) -> 2456.5466 | V40: =+T40/payroll!F40 -> 0.00025406564 | X40: =IF(V40<$X$2,T40, +payroll!F40 * $X$2) -> 2456.5466 | Z40: =+T40-X40 -> 0 | AB40: =+X40/T40 -> 1
A41: A307 | B41: Secretary of State | D41: 0 | E41: 0 | F41: 2 | G41: =SUM(D41:F41) -> 2 | I41: =AVERAGE(D41:F41) -> 0.66666667 | J41: =+IFR!AD41 -> 0.0037309952 | K41: =IF(+J41<$E$268,$I$268,IF(J41>$E$270,$I$270,$I$269)) -> 0.95 | L41: =+I41*K41 -> 0.63333333 | M41: 1 | N41: 1 | P41: =+L41*M41*N41 -> 0.63333333 | R41: =+P41/$P$265 -> 0.00010990696 | T41: =+R41*(assessment!$J$273*assessment!$E$3) -> 982.61864 | V41: =+T41/payroll!F41 -> 5.0729077e-05 | X41: =IF(V41<$X$2,T41, +payroll!F41 * $X$2) -> 982.61864 | Z41: =+T41-X41 -> 0 | AB41: =+X41/T41 -> 1
A42: A308 | B42: State Auditor's Office | D42: 1 | E42: 0 | F42: 0 | G42: =SUM(D42:F42) -> 1 | I42: =AVERAGE(D42:F42) -> 0.33333333 | J42: =+IFR!AD42 -> 0.00095319798 | K42: =IF(+J42<$E$268,$I$268,IF(J42>$E$270,$I$270,$I$269)) -> 0.95 | L42: =+I42*K42 -> 0.31666667 | M42: 1 | N42: 1 | P42: =+L42*M42*N42 -> 0.31666667 | R42: =+P42/$P$265 -> 5.4953478e-05 | T42: =+R42*(assessment!$J$273*assessment!$E$3) -> 491.30932 | V42: =+T42/payroll!F42 -> 2.7343046e-05 | X42: =IF(V42<$X$2,T42, +payroll!F42 * $X$2) -> 491.30932 | Z42: =+T42-X42 -> 0 | AB42: =+X42/T42 -> 1
A43: A312 | B43: Securities Board | D43: 0 | E43: 0 | F43: 0 | G43: =SUM(D43:F43) -> 0 | I43: =AVERAGE(D43:F43) -> 0 | J43: =+IFR!AD43 -> 0 | K43: =IF(+J43<$E$268,$I$268,IF(J43>$E$270,$I$270,$I$269)) -> 0.95 | L43: =+I43*K43 -> 0 | M43: 1 | N43: 1 | P43: =+L43*M43*N43 -> 0 | R43: =+P43/$P$265 -> 0 | T43: =+R43*(assessment!$J$273*assessment!$E$3) -> 0 | V43: =+T43/payroll!F43 -> 0 | X43: =IF(V43<$X$2,T43, +payroll!F43 * $X$2) -> 0 | Z43: =+T43-X43 -> 0 | AB43: =+X43/T43 -> #DIV/0!
... A55: A364 | B55: Health Professions Council | D55: 0 | E55: 0 | F55: 0 | G55: =SUM(D55:F55) -> 0 | I55: =AVERAGE(D55:F55) -> 0 | J55: =+IFR!AD55 -> 0 | K55: =IF(+J55<$E$268,$I$268,IF(J55>$E$270,$I$270,$I$269)) -> 0.95 | L55: =+I55*K55 -> 0 | M55: 1 | N55: 1 | P55: =+L55*M55*N55 -> 0 | R55: =+P55/$P$265 -> 0 | T55: =+R55*(assessment!$J$273*assessment!$E$3) -> 0 | V55: =+T55/payroll!F55 -> 0 | X55: =IF(V55<$X$2,T55, +payroll!F55 * $X$2) -> 0 | Z55: =+T55-X55 -> 0 | AB55: =+X55/T55 -> #DIV/0!
A56: A371 | B56: Texas Cyber Command | D56: 0 | E56: 0 | F56: 0 | G56: =SUM(D56:F56) -> 0 | I56: =AVERAGE(D56:F56) -> 0 | J56: =+IFR!AD56 -> 0 | K56: =IF(+J56<$E$268,$I$268,IF(J56>$E$270,$I$270,$I$269)) -> 0.95 | L56: =+I56*K56 -> 0 | M56: 1 | P56: =+L56*M56*N56 -> 0 | R56: =+P56/$P$265 -> 0 | T56: =+R56*(assessment!$J$273*assessment!$E$3) -> 0
A57: A401 | B57: Texas Military Department | D57: 61 | E57: 100 | F57: 90 | G57: =SUM(D57:F57) -> 251 | I57: =AVERAGE(D57:F57) -> 83.666667 | J57: =+IFR!AD57 -> 0.15969202 | K57: =IF(+J57<$E$268,$I$268,IF(J57>$E$270,$I$270,$I$269)) -> 1.05 | L57: =+I57*K57 -> 87.85 | M57: 1 | N57: 1 | P57: =+L57*M57*N57 -> 87.85 | R57: =+P57/$P$265 -> 0.015245252 | T57: =+R57*(assessment!$J$273*assessment!$E$3) -> 136299.55 | V57: =+T57/payroll!F57 -> 0.00023666314 | X57: =IF(V57<$X$2,T57, +payroll!F57 * $X$2) -> 136299.55 | Z57: =+T57-X57 -> 0 | AB57: =+X57/T57 -> 1
A58: A403 | B58: Veterans Commission | D58: 2 | E58: 1 | F58: 2 | G58: =SUM(D58:F58) -> 5 | I58: =AVERAGE(D58:F58) -> 1.6666667 | J58: =+IFR!AD58 -> 0.0038546328 | K58: =IF(+J58<$E$268,$I$268,IF(J58>$E$270,$I$270,$I$269)) -> 0.95 | L58: =+I58*K58 -> 1.5833333 | M58: 1 | N58: 1 | P58: =+L58*M58*N58 -> 1.5833333 | R58: =+P58/$P$265 -> 0.00027476739 | T58: =+R58*(assessment!$J$273*assessment!$E$3) -> 2456.5466 | V58: =+T58/payroll!F58 -> 9.4515798e-05 | X58: =IF(V58<$X$2,T58, +payroll!F58 * $X$2) -> 2456.5466 | Z58: =+T58-X58 -> 0 | AB58: =+X58/T58 -> 1
A59: A405 | B59: Public Safety, Department of | D59: 483 | E59: 487 | F59: 541 | G59: =SUM(D59:F59) -> 1511 | I59: =AVERAGE(D59:F59) -> 503.66667 | J59: =+IFR!AD59 -> 0.048672793 | K59: =IF(+J59<$E$268,$I$268,IF(J59>$E$270,$I$270,$I$269)) -> 1 | L59: =+I59*K59 -> 503.66667 | M59: 1 | N59: 1 | P59: =+L59*M59*N59 -> 503.66667 | R59: =+P59/$P$265 -> 0.087404952 | T59: =+R59*(assessment!$J$273*assessment!$E$3) -> 781440.4 | V59: =+T59/payroll!F59 -> 0.0010156293 | X59: =IF(V59<$X$2,T59, +payroll!F59 * $X$2) -> 781440.4 | Z59: =+T59-X59 -> 0 | AB59: =+X59/T59 -> 1
A60: A407 | B60: Law Enforcement Commission | D60: 0 | E60: 0 | F60: 1 | G60: =SUM(D60:F60) -> 1 | I60: =AVERAGE(D60:F60) -> 0.33333333 | J60: =+IFR!AD60 -> 0.005 | K60: =IF(+J60<$E$268,$I$268,IF(J60>$E$270,$I$270,$I$269)) -> 0.95 | L60: =+I60*K60 -> 0.31666667 | M60: 1 | N60: 1 | P60: =+L60*M60*N60 -> 0.31666667 | R60: =+P60/$P$265 -> 5.4953478e-05 | T60: =+R60*(assessment!$J$273*assessment!$E$3) -> 491.30932 | V60: =+T60/payroll!F60 -> 7.6275567e-05 | X60: =IF(V60<$X$2,T60, +payroll!F60 * $X$2) -> 491.30932 | Z60: =+T60-X60 -> 0 | AB60: =+X60/T60 -> 1
A61: A409 | B61: Jail Standards, Commission on | D61: 0 | E61: 0 | F61: 0 | G61: =SUM(D61:F61) -> 0 | I61: =AVERAGE(D61:F61) -> 0 | J61: =+IFR!AD61 -> 0 | K61: =IF(+J61<$E$268,$I$268,IF(J61>$E$270,$I$270,$I$269)) -> 0.95 | L61: =+I61*K61 -> 0 | M61: 1 | N61: 1 | P61: =+L61*M61*N61 -> 0 | R61: =+P61/$P$265 -> 0 | T61: =+R61*(assessment!$J$273*assessment!$E$3) -> 0 | V61: =+T61/payroll!F61 -> 0 | X61: =IF(V61<$X$2,T61, +payroll!F61 * $X$2) -> 0 | Z61: =+T61-X61 -> 0 | AB61: =+X61/T61 -> #DIV/0!
A62: A411 | B62: Fire Protection, Commission on | D62: 1 | E62: 0 | F62: 0 | G62: =SUM(D62:F62) -> 1 | I62: =AVERAGE(D62:F62) -> 0.33333333 | J62: =+IFR!AD62 -> 0.0016666667 | K62: =IF(+J62<$E$268,$I$268,IF(J62>$E$270,$I$270,$I$269)) -> 0.95 | L62: =+I62*K62 -> 0.31666667 | M62: 1 | N62: 1 | P62: =+L62*M62*N62 -> 0.31666667 | R62: =+P62/$P$265 -> 5.4953478e-05 | T62: =+R62*(assessment!$J$273*assessment!$E$3) -> 491.30932 | V62: =+T62/payroll!F62 -> 0.00018080129 | X62: =IF(V62<$X$2,T62, +payroll!F62 * $X$2) -> 491.30932 | Z62: =+T62-X62 -> 0 | AB62: =+X62/T62 -> 1
A63: A448 | B63: Office of Injured Employee Counsel | D63: 1 | E63: 0 | F63: 1 | G63: =SUM(D63:F63) -> 2 | I63: =AVERAGE(D63:F63) -> 0.66666667 | J63: =+IFR!AD63 -> 0.0047777186 | K63: =IF(+J63<$E$268,$I$268,IF(J63>$E$270,$I$270,$I$269)) -> 0.95 | L63: =+I63*K63 -> 0.63333333 | M63: 1 | N63: 1 | P63: =+L63*M63*N63 -> 0.63333333 | R63: =+P63/$P$265 -> 0.00010990696 | T63: =+R63*(assessment!$J$273*assessment!$E$3) -> 982.61864 | V63: =+T63/payroll!F63 -> 0.00011299669 | X63: =IF(V63<$X$2,T63, +payroll!F63 * $X$2) -> 982.61864 | Z63: =+T63-X63 -> 0 | AB63: =+X63/T63 -> 1
A64: A450 | B64: Dept of Savings and Mortgage Lending | D64: 0 | E64: 0 | F64: 0 | G64: =SUM(D64:F64) -> 0 | I64: =AVERAGE(D64:F64) -> 0 | J64: =+IFR!AD64 -> 0 | K64: =IF(+J64<$E$268,$I$268,IF(J64>$E$270,$I$270,$I$269)) -> 0.95 | L64: =+I64*K64 -> 0 | M64: 1 | N64: 1 | P64: =+L64*M64*N64 -> 0 | R64: =+P64/$P$265 -> 0 | T64: =+R64*(assessment!$J$273*assessment!$E$3) -> 0 | V64: =+T64/payroll!F64 -> 0 | X64: =IF(V64<$X$2,T64, +payroll!F64 * $X$2) -> 0 | Z64: =+T64-X64 -> 0 | AB64: =+X64/T64 -> #DIV/0!
A65: A451 | B65: Banking, State Department of | D65: 0 | E65: 0 | F65: 1 | G65: =SUM(D65:F65) -> 1 | I65: =AVERAGE(D65:F65) -> 0.33333333 | J65: =+IFR!AD65 -> 0.0026921524 | K65: =IF(+J65<$E$268,$I$268,IF(J65>$E$270,$I$270,$I$269)) -> 0.95 | L65: =+I65*K65 -> 0.31666667 | M65: 1 | N65: 1 | P65: =+L65*M65*N65 -> 0.31666667 | R65: =+P65/$P$265 -> 5.4953478e-05 | T65: =+R65*(assessment!$J$273*assessment!$E$3) -> 491.30932 | V65: =+T65/payroll!F65 -> 2.2462985e-05 | X65: =IF(V65<$X$2,T65, +payroll!F65 * $X$2) -> 491.30932 | Z65: =+T65-X65 -> 0 | AB65: =+X65/T65 -> 1
A66: A452 | B66: Licensing and Regulation, Dept. of | D66: =6+1 -> 7 | E66: =3+2 -> 5 | F66: =1+2 -> 3 | G66: =SUM(D66:F66) -> 15 | I66: =AVERAGE(D66:F66) -> 5 | J66: =+IFR!AD66 -> 0.0053946636 | K66: =IF(+J66<$E$268,$I$268,IF(J66>$E$270,$I$270,$I$269)) -> 0.95 | L66: =+I66*K66 -> 4.75 | M66: 1 | N66: 1 | P66: =+L66*M66*N66 -> 4.75 | R66: =+P66/$P$265 -> 0.00082430216 | T66: =+R66*(assessment!$J$273*assessment!$E$3) -> 7369.6398 | V66: =+T66/payroll!F66 -> 0.00013277002 | X66: =IF(V66<$X$2,T66, +payroll!F66 * $X$2) -> 7369.6398 | Z66: =+T66-X66 -> 0 | AB66: =+X66/T66 -> 1
A67: A454 | B67: Insurance, Department of | D67: 8 | E67: 3 | F67: 8 | G67: =SUM(D67:F67) -> 19 | I67: =AVERAGE(D67:F67) -> 6.3333333 | J67: =+IFR!AD67 -> 0.0051612931 | K67: =IF(+J67<$E$268,$I$268,IF(J67>$E$270,$I$270,$I$269)) -> 0.95 | L67: =+I67*K67 -> 6.0166667 | M67: 1 | N67: 1 | P67: =+L67*M67*N67 -> 6.0166667 | R67: =+P67/$P$265 -> 0.0010441161 | T67: =+R67*(assessment!$J$273*assessment!$E$3) -> 9334.8771 | V67: =+T67/payroll!F67 -> 0.00010105521 | X67: =IF(V67<$X$2,T67, +payroll!F67 * $X$2) -> 9334.8771 | Z67: =+T67-X67 -> 0 | AB67: =+X67/T67 -> 1
A68: A455 | B68: Railroad Commission | D68: 2 | E68: 3 | F68: 1 | G68: =SUM(D68:F68) -> 6 | I68: =AVERAGE(D68:F68) -> 2 | J68: =+IFR!AD68 -> 0.001813141 | K68: =IF(+J68<$E$268,$I$268,IF(J68>$E$270,$I$270,$I$269)) -> 0.95 | L68: =+I68*K68 -> 1.9 | M68: 1 | N68: 1 | P68: =+L68*M68*N68 -> 1.9 | R68: =+P68/$P$265 -> 0.00032972087 | T68: =+R68*(assessment!$J$273*assessment!$E$3) -> 2947.8559 | V68: =+T68/payroll!F68 -> 3.5985088e-05 | X68: =IF(V68<$X$2,T68, +payroll!F68 * $X$2) -> 2947.8559 | Z68: =+T68-X68 -> 0 | AB68: =+X68/T68 -> 1
A69: A456 | B69: Plumbing Examiners, State Board of | D69: 0 | E69: 0 | F69: 0 | G69: =SUM(D69:F69) -> 0 | I69: =AVERAGE(D69:F69) -> 0 | J69: =+IFR!AD69 -> 0 | K69: =IF(+J69<$E$268,$I$268,IF(J69>$E$270,$I$270,$I$269)) -> 0.95 | L69: =+I69*K69 -> 0 | M69: 1 | N69: 1 | P69: =+L69*M69*N69 -> 0 | R69: =+P69/$P$265 -> 0 | T69: =+R69*(assessment!$J$273*assessment!$E$3) -> 0 | V69: =+T69/payroll!F69 -> 0 | X69: =IF(V69<$X$2,T69, +payroll!F69 * $X$2) -> 0 | Z69: =+T69-X69 -> 0 | AB69: =+X69/T69 -> #DIV/0!
A70: A457 | B70: Public Accountancy, State Board of | D70: 1 | E70: 0 | F70: 0 | G70: =SUM(D70:F70) -> 1 | I70: =AVERAGE(D70:F70) -> 0.33333333 | J70: =+IFR!AD70 -> 0.0016666667 | K70: =IF(+J70<$E$268,$I$268,IF(J70>$E$270,$I$270,$I$269)) -> 0.95 | L70: =+I70*K70 -> 0.31666667 | M70: 1 | N70: 1 | P70: =+L70*M70*N70 -> 0.31666667 | R70: =+P70/$P$265 -> 5.4953478e-05 | T70: =+R70*(assessment!$J$273*assessment!$E$3) -> 491.30932 | V70: =+T70/payroll!F70 -> 0.0001457867 | X70: =IF(V70<$X$2,T70, +payroll!F70 * $X$2) -> 491.30932 | Z70: =+T70-X70 -> 0 | AB70: =+X70/T70 -> 1
A71: A458 | B71: Alcoholic Beverage Commission | D71: 12 | E71: 13 | F71: 12 | G71: =SUM(D71:F71) -> 37 | I71: =AVERAGE(D71:F71) -> 12.333333 | J71: =+IFR!AD71 -> 0.023240395 | K71: =IF(+J71<$E$268,$I$268,IF(J71>$E$270,$I$270,$I$269)) -> 0.95 | L71: =+I71*K71 -> 11.716667 | M71: 1 | N71: 1 | P71: =+L71*M71*N71 -> 11.716667 | R71: =+P71/$P$265 -> 0.0020332787 | T71: =+R71*(assessment!$J$273*assessment!$E$3) -> 18178.445 | V71: =+T71/payroll!F71 -> 0.00045091497 | X71: =IF(V71<$X$2,T71, +payroll!F71 * $X$2) -> 18178.445 | Z71: =+T71-X71 -> 0 | AB71: =+X71/T71 -> 1
A72: A459 | B72: Architectural Examiners, Board of | D72: 0 | E72: 0 | F72: 0 | G72: =SUM(D72:F72) -> 0 | I72: =AVERAGE(D72:F72) -> 0 | J72: =+IFR!AD72 -> 0 | K72: =IF(+J72<$E$268,$I$268,IF(J72>$E$270,$I$270,$I$269)) -> 0.95 | L72: =+I72*K72 -> 0 | M72: 1 | N72: 1 | P72: =+L72*M72*N72 -> 0 | R72: =+P72/$P$265 -> 0 | T72: =+R72*(assessment!$J$273*assessment!$E$3) -> 0 | V72: =+T72/payroll!F72 -> 0 | X72: =IF(V72<$X$2,T72, +payroll!F72 * $X$2) -> 0 | Z72: =+T72-X72 -> 0 | AB72: =+X72/T72 -> #DIV/0!
A73: A460 | B73: Professional Engineers and Land Surveyors, Texas Board of | D73: 0 | E73: 0 | F73: 0 | G73: =SUM(D73:F73) -> 0 | I73: =AVERAGE(D73:F73) -> 0 | J73: =+IFR!AD73 -> 0 | K73: =IF(+J73<$E$268,$I$268,IF(J73>$E$270,$I$270,$I$269)) -> 0.95 | L73: =+I73*K73 -> 0 | M73: 1 | N73: 1 | P73: =+L73*M73*N73 -> 0 | R73: =+P73/$P$265 -> 0 | T73: =+R73*(assessment!$J$273*assessment!$E$3) -> 0 | V73: =+T73/payroll!F73 -> 0 | X73: =IF(V73<$X$2,T73, +payroll!F73 * $X$2) -> 0 | Z73: =+T73-X73 -> 0 | AB73: =+X73/T73 -> #DIV/0!
A74: A466 | B74: Consumer Credit Commissioner, Office of | D74: 0 | E74: 0 | F74: 0 | G74: =SUM(D74:F74) -> 0 | I74: =AVERAGE(D74:F74) -> 0 | J74: =+IFR!AD74 -> 0 | K74: =IF(+J74<$E$268,$I$268,IF(J74>$E$270,$I$270,$I$269)) -> 0.95 | L74: =+I74*K74 -> 0 | M74: 1 | N74: 1 | P74: =+L74*M74*N74 -> 0 | R74: =+P74/$P$265 -> 0 | T74: =+R74*(assessment!$J$273*assessment!$E$3) -> 0 | V74: =+T74/payroll!F74 -> 0 | X74: =IF(V74<$X$2,T74, +payroll!F74 * $X$2) -> 0 | Z74: =+T74-X74 -> 0 | AB74: =+X74/T74 -> #DIV/0!
A75: A469 | B75: Credit Union Department | D75: 0 | E75: 0 | F75: 0 | G75: =SUM(D75:F75) -> 0 | I75: =AVERAGE(D75:F75) -> 0 | J75: =+IFR!AD75 -> 0 | K75: =IF(+J75<$E$268,$I$268,IF(J75>$E$270,$I$270,$I$269)) -> 0.95 | L75: =+I75*K75 -> 0 | M75: 1 | N75: 1 | P75: =+L75*M75*N75 -> 0 | R75: =+P75/$P$265 -> 0 | T75: =+R75*(assessment!$J$273*assessment!$E$3) -> 0 | V75: =+T75/payroll!F75 -> 0 | X75: =IF(V75<$X$2,T75, +payroll!F75 * $X$2) -> 0 | Z75: =+T75-X75 -> 0 | AB75: =+X75/T75 -> #DIV/0!
A76: A473 | B76: Public Utility Commission of Texas | D76: 0 | E76: 1 | F76: 0 | G76: =SUM(D76:F76) -> 1 | I76: =AVERAGE(D76:F76) -> 0.33333333 | J76: =+IFR!AD76 -> 0.0014289287 | K76: =IF(+J76<$E$268,$I$268,IF(J76>$E$270,$I$270,$I$269)) -> 0.95 | L76: =+I76*K76 -> 0.31666667 | M76: 1 | N76: 1 | P76: =+L76*M76*N76 -> 0.31666667 | R76: =+P76/$P$265 -> 5.4953478e-05 | T76: =+R76*(assessment!$J$273*assessment!$E$3) -> 491.30932 | V76: =+T76/payroll!F76 -> 1.8421407e-05 | X76: =IF(V76<$X$2,T76, +payroll!F76 * $X$2) -> 491.30932 | Z76: =+T76-X76 -> 0 | AB76: =+X76/T76 -> 1
A77: A475 | B77: Public Utility Counsel, Office of | D77: 0 | E77: 0 | F77: 0 | G77: =SUM(D77:F77) -> 0 | I77: =AVERAGE(D77:F77) -> 0 | J77: =+IFR!AD77 -> 0 | K77: =IF(+J77<$E$268,$I$268,IF(J77>$E$270,$I$270,$I$269)) -> 0.95 | L77: =+I77*K77 -> 0 | M77: 1 | N77: 1 | P77: =+L77*M77*N77 -> 0 | R77: =+P77/$P$265 -> 0 | T77: =+R77*(assessment!$J$273*assessment!$E$3) -> 0 | V77: =+T77/payroll!F77 -> 0 | X77: =IF(V77<$X$2,T77, +payroll!F77 * $X$2) -> 0 | Z77: =+T77-X77 -> 0 | AB77: =+X77/T77 -> #DIV/0!
A78: A476 | B78: Racing Commission | D78: 0 | E78: 0 | F78: 1 | G78: =SUM(D78:F78) -> 1 | I78: =AVERAGE(D78:F78) -> 0.33333333 | J78: =+IFR!AD78 -> 0.005 | K78: =IF(+J78<$E$268,$I$268,IF(J78>$E$270,$I$270,$I$269)) -> 0.95 | L78: =+I78*K78 -> 0.31666667 | M78: 1 | N78: 1 | P78: =+L78*M78*N78 -> 0.31666667 | R78: =+P78/$P$265 -> 5.4953478e-05 | T78: =+R78*(assessment!$J$273*assessment!$E$3) -> 491.30932 | V78: =+T78/payroll!F78 -> 0.00015804959 | X78: =IF(V78<$X$2,T78, +payroll!F78 * $X$2) -> 491.30932 | Z78: =+T78-X78 -> 0 | AB78: =+X78/T78 -> 1
... A92: A533 | B92: Physical & Occup Therapy Examr, Exec Counc | D92: 0 | E92: 0 | F92: 1 | G92: =SUM(D92:F92) -> 1 | I92: =AVERAGE(D92:F92) -> 0.33333333 | J92: =+IFR!AD92 -> 0.005 | K92: =IF(+J92<$E$268,$I$268,IF(J92>$E$270,$I$270,$I$269)) -> 0.95 | L92: =+I92*K92 -> 0.31666667 | M92: 1 | N92: 1 | P92: =+L92*M92*N92 -> 0.31666667 | R92: =+P92/$P$265 -> 5.4953478e-05 | T92: =+R92*(assessment!$J$273*assessment!$E$3) -> 491.30932 | V92: =+T92/payroll!F92 -> 0.00042801109 | X92: =IF(V92<$X$2,T92, +payroll!F92 * $X$2) -> 491.30932 | Z92: =+T92-X92 -> 0 | AB92: =+X92/T92 -> 1
A93: A537 | B93: Dept. of State Health Services | D93: =25 -> 25 | E93: 32 | F93: 35 | G93: =SUM(D93:F93) -> 92 | I93: =AVERAGE(D93:F93) -> 30.666667 | J93: =+IFR!AD93 -> 0.00869156 | K93: =IF(+J93<$E$268,$I$268,IF(J93>$E$270,$I$270,$I$269)) -> 0.95 | L93: =+I93*K93 -> 29.133333 | M93: 1 | N93: 1 | P93: =+L93*M93*N93 -> 29.133333 | R93: =+P93/$P$265 -> 0.0050557199 | T93: =+R93*(assessment!$J$273*assessment!$E$3) -> 45200.458 | V93: =+T93/payroll!F93 -> 0.00018250725 | X93: =IF(V93<$X$2,T93, +payroll!F93 * $X$2) -> 45200.458 | Z93: =+T93-X93 -> 0 | AB93: =+X93/T93 -> 1
A94: A542 | B94: Cancer Prevention and Research Institute | D94: 0 | E94: 0 | F94: 0 | G94: =SUM(D94:F94) -> 0 | I94: =AVERAGE(D94:F94) -> 0 | J94: =+IFR!AD94 -> 0 | K94: =IF(+J94<$E$268,$I$268,IF(J94>$E$270,$I$270,$I$269)) -> 0.95 | L94: =+I94*K94 -> 0 | M94: 1 | N94: 1 | P94: =+L94*M94*N94 -> 0 | R94: =+P94/$P$265 -> 0 | T94: =+R94*(assessment!$J$273*assessment!$E$3) -> 0 | V94: =+T94/payroll!F94 -> 0 | X94: =IF(V94<$X$2,T94, +payroll!F94 * $X$2) -> 0 | Z94: =+T94-X94 -> 0 | AB94: =+X94/T94 -> #DIV/0!
A95: A551 | B95: Agriculture, Department of | D95: 3 | E95: 17 | F95: 11 | G95: =SUM(D95:F95) -> 31 | I95: =AVERAGE(D95:F95) -> 10.333333 | J95: =+IFR!AD95 -> 0.018186161 | K95: =IF(+J95<$E$268,$I$268,IF(J95>$E$270,$I$270,$I$269)) -> 0.95 | L95: =+I95*K95 -> 9.8166667 | M95: 1 | N95: 1 | P95: =+L95*M95*N95 -> 9.8166667 | R95: =+P95/$P$265 -> 0.0017035578 | T95: =+R95*(assessment!$J$273*assessment!$E$3) -> 15230.589 | V95: =+T95/payroll!F95 -> 0.00033601811 | X95: =IF(V95<$X$2,T95, +payroll!F95 * $X$2) -> 15230.589 | Z95: =+T95-X95 -> 0 | AB95: =+X95/T95 -> 1
A96: A554 | B96: Animal Health Commission | D96: 9 | E96: 7 | F96: 6 | G96: =SUM(D96:F96) -> 22 | I96: =AVERAGE(D96:F96) -> 7.3333333 | J96: =+IFR!AD96 -> 0.035710553 | K96: =IF(+J96<$E$268,$I$268,IF(J96>$E$270,$I$270,$I$269)) -> 1 | L96: =+I96*K96 -> 7.3333333 | M96: 1 | N96: 1 | P96: =+L96*M96*N96 -> 7.3333333 | R96: =+P96/$P$265 -> 0.0012726068 | T96: =+R96*(assessment!$J$273*assessment!$E$3) -> 11377.69 | V96: =+T96/payroll!F96 -> 0.00092740651 | X96: =IF(V96<$X$2,T96, +payroll!F96 * $X$2) -> 11377.69 | Z96: =+T96-X96 -> 0 | AB96: =+X96/T96 -> 1
A97: A578 | B97: Veterinary Medical Examiners | D97: 0 | E97: 0 | F97: 0 | G97: =SUM(D97:F97) -> 0 | I97: =AVERAGE(D97:F97) -> 0 | J97: =+IFR!AD97 -> 0 | K97: =IF(+J97<$E$268,$I$268,IF(J97>$E$270,$I$270,$I$269)) -> 0.95 | L97: =+I97*K97 -> 0 | M97: 1 | N97: 1 | P97: =+L97*M97*N97 -> 0 | R97: =+P97/$P$265 -> 0 | T97: =+R97*(assessment!$J$273*assessment!$E$3) -> 0 | V97: =+T97/payroll!F97 -> 0 | X97: =IF(V97<$X$2,T97, +payroll!F97 * $X$2) -> 0 | Z97: =+T97-X97 -> 0 | AB97: =+X97/T97 -> #DIV/0!
A98: A580 | B98: Water Development Board | D98: 1 | E98: 1 | F98: 1 | G98: =SUM(D98:F98) -> 3 | I98: =AVERAGE(D98:F98) -> 1 | J98: =+IFR!AD98 -> 0.0022776716 | K98: =IF(+J98<$E$268,$I$268,IF(J98>$E$270,$I$270,$I$269)) -> 0.95 | L98: =+I98*K98 -> 0.95 | M98: 1 | N98: 1 | P98: =+L98*M98*N98 -> 0.95 | R98: =+P98/$P$265 -> 0.00016486043 | T98: =+R98*(assessment!$J$273*assessment!$E$3) -> 1473.928 | V98: =+T98/payroll!F98 -> 3.9134339e-05 | X98: =IF(V98<$X$2,T98, +payroll!F98 * $X$2) -> 1473.928 | Z98: =+T98-X98 -> 0 | AB98: =+X98/T98 -> 1
A99: A582 | B99: Texas Comm. on Environmental Quality | D99: 7 | E99: 19 | F99: 11 | G99: =SUM(D99:F99) -> 37 | I99: =AVERAGE(D99:F99) -> 12.333333 | J99: =+IFR!AD99 -> 0.004520972 | K99: =IF(+J99<$E$268,$I$268,IF(J99>$E$270,$I$270,$I$269)) -> 0.95 | L99: =+I99*K99 -> 11.716667 | M99: 1 | N99: 1 | P99: =+L99*M99*N99 -> 11.716667 | R99: =+P99/$P$265 -> 0.0020332787 | T99: =+R99*(assessment!$J$273*assessment!$E$3) -> 18178.445 | V99: =+T99/payroll!F99 -> 8.5462335e-05 | X99: =IF(V99<$X$2,T99, +payroll!F99 * $X$2) -> 18178.445 | Z99: =+T99-X99 -> 0 | AB99: =+X99/T99 -> 1
A100: A592 | B100: Soil & Water Conservation Board | D100: 0 | E100: 0 | F100: 0 | G100: =SUM(D100:F100) -> 0 | I100: =AVERAGE(D100:F100) -> 0 | J100: =+IFR!AD100 -> 0 | K100: =IF(+J100<$E$268,$I$268,IF(J100>$E$270,$I$270,$I$269)) -> 0.95 | L100: =+I100*K100 -> 0 | M100: 1 | N100: 1 | P100: =+L100*M100*N100 -> 0 | R100: =+P100/$P$265 -> 0 | T100: =+R100*(assessment!$J$273*assessment!$E$3) -> 0 | V100: =+T100/payroll!F100 -> 0 | X100: =IF(V100<$X$2,T100, +payroll!F100 * $X$2) -> 0 | Z100: =+T100-X100 -> 0 | AB100: =+X100/T100 -> #DIV/0!
A101: A608 | B101: Department of Motor Vehicles | D101: 5 | E101: 1 | F101: 6 | G101: =SUM(D101:F101) -> 12 | I101: =AVERAGE(D101:F101) -> 4 | J101: =+IFR!AD101 -> 0.0050864229 | K101: =IF(+J101<$E$268,$I$268,IF(J101>$E$270,$I$270,$I$269)) -> 0.95 | L101: =+I101*K101 -> 3.8 | M101: 1 | N101: 1 | P101: =+L101*M101*N101 -> 3.8 | R101: =+P101/$P$265 -> 0.00065944173 | T101: =+R101*(assessment!$J$273*assessment!$E$3) -> 5895.7119 | V101: =+T101/payroll!F101 -> 0.00010700466 | X101: =IF(V101<$X$2,T101, +payroll!F101 * $X$2) -> 5895.7119 | Z101: =+T101-X101 -> 0 | AB101: =+X101/T101 -> 1
A102: A644 | B102: Texas Juvenile Justice Department | D102: 281 | E102: 351 | F102: 429 | G102: =SUM(D102:F102) -> 1061 | I102: =AVERAGE(D102:F102) -> 353.66667 | J102: =+IFR!AD102 -> 0.18257962 | K102: =IF(+J102<$E$268,$I$268,IF(J102>$E$270,$I$270,$I$269)) -> 1.05 | L102: =+I102*K102 -> 371.35 | M102: 1 | N102: 1 | P102: =+L102*M102*N102 -> 371.35 | R102: =+P102/$P$265 -> 0.064443075 | T102: =+R102*(assessment!$J$273*assessment!$E$3) -> 576150.68 | V102: =+T102/payroll!F102 -> 0.0042741314 | X102: =IF(V102<$X$2,T102, +payroll!F102 * $X$2) -> 576150.68 | Z102: =+T102-X102 -> 0 | AB102: =+X102/T102 -> 1
A103: A696 | B103: Criminal Justice, Department of | D103: 1662 | E103: 1717 | F103: 1825 | G103: =SUM(D103:F103) -> 5204 | I103: =AVERAGE(D103:F103) -> 1734.6667 | J103: =+IFR!AD103 -> 0.0562865 | K103: =IF(+J103<$E$268,$I$268,IF(J103>$E$270,$I$270,$I$269)) -> 1 | L103: =+I103*K103 -> 1734.6667 | M103: 1 | N103: 1 | P103: =+L103*M103*N103 -> 1734.6667 | R103: =+P103/$P$265 -> 0.30102937 | T103: =+R103*(assessment!$J$273*assessment!$E$3) -> 2691340.7 | V103: =+T103/payroll!F103 -> 0.001630214 | X103: =IF(V103<$X$2,T103, +payroll!F103 * $X$2) -> 2691340.7 | Z103: =+T103-X103 -> 0 | AB103: =+X103/T103 -> 1
A104: WSD | B104: Windham School District | D104: 6 | E104: 1 | F104: 0 | G104: =SUM(D104:F104) -> 7 | I104: =AVERAGE(D104:F104) -> 2.3333333 | J104: =+IFR!AD104 -> 0.0014857776 | K104: =IF(+J104<$E$268,$I$268,IF(J104>$E$270,$I$270,$I$269)) -> 0.95 | L104: =+I104*K104 -> 2.2166667 | M104: 1 | N104: 1 | P104: =+L104*M104*N104 -> 2.2166667 | R104: =+P104/$P$265 -> 0.00038467434 | T104: =+R104*(assessment!$J$273*assessment!$E$3) -> 3439.1652 | V104: =+T104/payroll!F104 -> 5.4518376e-05 | X104: =IF(V104<$X$2,T104, +payroll!F104 * $X$2) -> 3439.1652 | Z104: =+T104-X104 -> 0 | AB104: =+X104/T104 -> 1
A105: A701 | B105: Education Agency, Texas | D105: 3 | E105: 1 | F105: 2 | G105: =SUM(D105:F105) -> 6 | I105: =AVERAGE(D105:F105) -> 2 | J105: =+IFR!AD105 -> 0.001548867 | K105: =IF(+J105<$E$268,$I$268,IF(J105>$E$270,$I$270,$I$269)) -> 0.95 | L105: =+I105*K105 -> 1.9 | M105: 1 | N105: 1 | P105: =+L105*M105*N105 -> 1.9 | R105: =+P105/$P$265 -> 0.00032972087 | T105: =+R105*(assessment!$J$273*assessment!$E$3) -> 2947.8559 | V105: =+T105/payroll!F105 -> 2.5049793e-05 | X105: =IF(V105<$X$2,T105, +payroll!F105 * $X$2) -> 2947.8559 | Z105: =+T105-X105 -> 0 | AB105: =+X105/T105 -> 1
... A110: A731 | B110: Texas Woman's University | D110: 32 | E110: 30 | F110: 26 | G110: =SUM(D110:F110) -> 88 | I110: =AVERAGE(D110:F110) -> 29.333333 | J110: =+IFR!AD110 -> 0.015374975 | K110: =IF(+J110<$E$268,$I$268,IF(J110>$E$270,$I$270,$I$269)) -> 0.95 | L110: =+I110*K110 -> 27.866667 | M110: 1 | N110: 1 | P110: =+L110*M110*N110 -> 27.866667 | R110: =+P110/$P$265 -> 0.004835906 | T110: =+R110*(assessment!$J$273*assessment!$E$3) -> 43235.22 | V110: =+T110/payroll!F110 -> 0.00033753121 | X110: =IF(V110<$X$2,T110, +payroll!F110 * $X$2) -> 43235.22 | Z110: =+T110-X110 -> 0 | AB110: =+X110/T110 -> 1
A111: A733 | B111: Texas Tech University | D111: 105 | E111: =101+9 -> 110 | F111: =112+2 -> 114 | G111: =SUM(D111:F111) -> 329 | I111: =AVERAGE(D111:F111) -> 109.66667 | J111: =+IFR!AD111 -> 0.014376395 | K111: =IF(+J111<$E$268,$I$268,IF(J111>$E$270,$I$270,$I$269)) -> 0.95 | L111: =+I111*K111 -> 104.18333 | M111: 1 | N111: 1 | P111: =+L111*M111*N111 -> 104.18333 | R111: =+P111/$P$265 -> 0.018079694 | T111: =+R111*(assessment!$J$273*assessment!$E$3) -> 161640.77 | V111: =+T111/payroll!F111 -> 0.0002920857 | X111: =IF(V111<$X$2,T111, +payroll!F111 * $X$2) -> 161640.77 | Z111: =+T111-X111 -> 0 | AB111: =+X111/T111 -> 1
A112: A734 | B112: Lamar University - Beaumont | D112: 17 | E112: 17 | F112: 14 | G112: =SUM(D112:F112) -> 48 | I112: =AVERAGE(D112:F112) -> 16 | J112: =+IFR!AD112 -> 0.010605877 | K112: =IF(+J112<$E$268,$I$268,IF(J112>$E$270,$I$270,$I$269)) -> 0.95 | L112: =+I112*K112 -> 15.2 | M112: 1 | N112: 1 | P112: =+L112*M112*N112 -> 15.2 | R112: =+P112/$P$265 -> 0.0026377669 | T112: =+R112*(assessment!$J$273*assessment!$E$3) -> 23582.847 | V112: =+T112/payroll!F112 -> 0.00023219392 | X112: =IF(V112<$X$2,T112, +payroll!F112 * $X$2) -> 23582.847 | Z112: =+T112-X112 -> 0 | AB112: =+X112/T112 -> 1
A113: A735 | B113: Midwestern State University | D113: 12 | E113: 5 | F113: 8 | G113: =SUM(D113:F113) -> 25 | I113: =AVERAGE(D113:F113) -> 8.3333333 | J113: =+IFR!AD113 -> 0.011037799 | K113: =IF(+J113<$E$268,$I$268,IF(J113>$E$270,$I$270,$I$269)) -> 0.95 | L113: =+I113*K113 -> 7.9166667 | M113: 1 | N113: 1 | P113: =+L113*M113*N113 -> 7.9166667 | R113: =+P113/$P$265 -> 0.0013738369 | T113: =+R113*(assessment!$J$273*assessment!$E$3) -> 12282.733 | V113: =+T113/payroll!F113 -> 0.00029323196 | X113: =IF(V113<$X$2,T113, +payroll!F113 * $X$2) -> 12282.733 | Z113: =+T113-X113 -> 0 | AB113: =+X113/T113 -> 1
A114: A737 | B114: Angelo State University | D114: 5 | E114: 2 | F114: 12 | G114: =SUM(D114:F114) -> 19 | I114: =AVERAGE(D114:F114) -> 6.3333333 | J114: =+IFR!AD114 -> 0.0073517634 | K114: =IF(+J114<$E$268,$I$268,IF(J114>$E$270,$I$270,$I$269)) -> 0.95 | L114: =+I114*K114 -> 6.0166667 | M114: 1 | N114: 1 | P114: =+L114*M114*N114 -> 6.0166667 | R114: =+P114/$P$265 -> 0.0010441161 | T114: =+R114*(assessment!$J$273*assessment!$E$3) -> 9334.8771 | V114: =+T114/payroll!F114 -> 0.00015513535 | X114: =IF(V114<$X$2,T114, +payroll!F114 * $X$2) -> 9334.8771 | Z114: =+T114-X114 -> 0 | AB114: =+X114/T114 -> 1
A115: A739 | B115: Texas Tech University Health Sciences Center | D115: 38 | E115: 35 | F115: 43 | G115: =SUM(D115:F115) -> 116 | I115: =AVERAGE(D115:F115) -> 38.666667 | J115: =+IFR!AD115 -> 0.0079908834 | K115: =IF(+J115<$E$268,$I$268,IF(J115>$E$270,$I$270,$I$269)) -> 0.95 | L115: =+I115*K115 -> 36.733333 | M115: 1 | N115: 1 | P115: =+L115*M115*N115 -> 36.733333 | R115: =+P115/$P$265 -> 0.0063746034 | T115: =+R115*(assessment!$J$273*assessment!$E$3) -> 56991.881 | V115: =+T115/payroll!F115 -> 0.00012800039 | X115: =IF(V115<$X$2,T115, +payroll!F115 * $X$2) -> 56991.881 | Z115: =+T115-X115 -> 0 | AB115: =+X115/T115 -> 1
A116: A752 | B116: University of North Texas | D116: 80 | E116: 61 | F116: 60 | G116: =SUM(D116:F116) -> 201 | I116: =AVERAGE(D116:F116) -> 67 | J116: =+IFR!AD116 -> 0.010287875 | K116: =IF(+J116<$E$268,$I$268,IF(J116>$E$270,$I$270,$I$269)) -> 0.95 | L116: =+I116*K116 -> 63.65 | M116: 1 | N116: 1 | P116: =+L116*M116*N116 -> 63.65 | R116: =+P116/$P$265 -> 0.011045649 | T116: =+R116*(assessment!$J$273*assessment!$E$3) -> 98753.174 | V116: =+T116/payroll!F116 -> 0.00024164932 | X116: =IF(V116<$X$2,T116, +payroll!F116 * $X$2) -> 98753.174 | Z116: =+T116-X116 -> 0 | AB116: =+X116/T116 -> 1
A117: A753 | B117: Sam Houston State University | D117: 27 | E117: 16 | F117: 12 | G117: =SUM(D117:F117) -> 55 | I117: =AVERAGE(D117:F117) -> 18.333333 | J117: =+IFR!AD117 -> 0.0052827481 | K117: =IF(+J117<$E$268,$I$268,IF(J117>$E$270,$I$270,$I$269)) -> 0.95 | L117: =+I117*K117 -> 17.416667 | M117: 1 | N117: 1 | P117: =+L117*M117*N117 -> 17.416667 | R117: =+P117/$P$265 -> 0.0030224413 | T117: =+R117*(assessment!$J$273*assessment!$E$3) -> 27022.013 | V117: =+T117/payroll!F117 -> 0.00013357541 | X117: =IF(V117<$X$2,T117, +payroll!F117 * $X$2) -> 27022.013 | Z117: =+T117-X117 -> 0 | AB117: =+X117/T117 -> 1
A118: A754 | B118: Texas State University | D118: 45 | E118: 56 | F118: 67 | G118: =SUM(D118:F118) -> 168 | I118: =AVERAGE(D118:F118) -> 56 | J118: =+IFR!AD118 -> 0.012154826 | K118: =IF(+J118<$E$268,$I$268,IF(J118>$E$270,$I$270,$I$269)) -> 0.95 | L118: =+I118*K118 -> 53.2 | M118: 1 | N118: 1 | P118: =+L118*M118*N118 -> 53.2 | R118: =+P118/$P$265 -> 0.0092321842 | T118: =+R118*(assessment!$J$273*assessment!$E$3) -> 82539.966 | V118: =+T118/payroll!F118 -> 0.0002243175 | X118: =IF(V118<$X$2,T118, +payroll!F118 * $X$2) -> 82539.966 | Z118: =+T118-X118 -> 0 | AB118: =+X118/T118 -> 1
A119: A756 | B119: Sul Ross State University | D119: 6 | E119: 6 | F119: 9 | G119: =SUM(D119:F119) -> 21 | I119: =AVERAGE(D119:F119) -> 7 | J119: =+IFR!AD119 -> 0.018360053 | K119: =IF(+J119<$E$268,$I$268,IF(J119>$E$270,$I$270,$I$269)) -> 0.95 | L119: =+I119*K119 -> 6.65 | M119: 1 | N119: 1 | P119: =+L119*M119*N119 -> 6.65 | R119: =+P119/$P$265 -> 0.001154023 | T119: =+R119*(assessment!$J$273*assessment!$E$3) -> 10317.496 | V119: =+T119/payroll!F119 -> 0.00040284467 | X119: =IF(V119<$X$2,T119, +payroll!F119 * $X$2) -> 10317.496 | Z119: =+T119-X119 -> 0 | AB119: =+X119/T119 -> 1
A120: A758 | B120: Texas State University System Administration | D120: 0 | E120: 0 | F120: 0 | G120: =SUM(D120:F120) -> 0 | I120: =AVERAGE(D120:F120) -> 0 | J120: =+IFR!AD120 -> 0 | K120: =IF(+J120<$E$268,$I$268,IF(J120>$E$270,$I$270,$I$269)) -> 0.95 | L120: =+I120*K120 -> 0 | M120: 1 | N120: 1 | P120: =+L120*M120*N120 -> 0 | R120: =+P120/$P$265 -> 0 | T120: =+R120*(assessment!$J$273*assessment!$E$3) -> 0 | V120: =+T120/payroll!F120 -> 0 | X120: =IF(V120<$X$2,T120, +payroll!F120 * $X$2) -> 0 | Z120: =+T120-X120 -> 0 | AB120: =+X120/T120 -> #DIV/0!
A121: A759 | B121: University of Houston - Clear Lake | D121: 12 | E121: 9 | F121: 16 | G121: =SUM(D121:F121) -> 37 | I121: =AVERAGE(D121:F121) -> 12.333333 | J121: =+IFR!AD121 -> 0.01213437 | K121: =IF(+J121<$E$268,$I$268,IF(J121>$E$270,$I$270,$I$269)) -> 0.95 | L121: =+I121*K121 -> 11.716667 | M121: 1 | N121: 1 | P121: =+L121*M121*N121 -> 11.716667 | R121: =+P121/$P$265 -> 0.0020332787 | T121: =+R121*(assessment!$J$273*assessment!$E$3) -> 18178.445 | V121: =+T121/payroll!F121 -> 0.00023431302 | X121: =IF(V121<$X$2,T121, +payroll!F121 * $X$2) -> 18178.445 | Z121: =+T121-X121 -> 0 | AB121: =+X121/T121 -> 1
A122: A763 | B122: Univ. of North Texas Health Science Center | D122: 21 | E122: 21 | F122: 16 | G122: =SUM(D122:F122) -> 58 | I122: =AVERAGE(D122:F122) -> 19.333333 | J122: =+IFR!AD122 -> 0.013285233 | K122: =IF(+J122<$E$268,$I$268,IF(J122>$E$270,$I$270,$I$269)) -> 0.95 | L122: =+I122*K122 -> 18.366667 | M122: 1 | N122: 1 | P122: =+L122*M122*N122 -> 18.366667 | R122: =+P122/$P$265 -> 0.0031873017 | T122: =+R122*(assessment!$J$273*assessment!$E$3) -> 28495.941 | V122: =+T122/payroll!F122 -> 0.00021785706 | X122: =IF(V122<$X$2,T122, +payroll!F122 * $X$2) -> 28495.941 | Z122: =+T122-X122 -> 0 | AB122: =+X122/T122 -> 1
A123: A769 | B123: University of North Texas System Administration | D123: 1 | E123: 0 | F123: 1 | G123: =SUM(D123:F123) -> 2 | I123: =AVERAGE(D123:F123) -> 0.66666667 | J123: =+IFR!AD123 -> 0.0018348842 | K123: =IF(+J123<$E$268,$I$268,IF(J123>$E$270,$I$270,$I$269)) -> 0.95 | L123: =+I123*K123 -> 0.63333333 | M123: 1 | N123: 1 | P123: =+L123*M123*N123 -> 0.63333333 | R123: =+P123/$P$265 -> 0.00010990696 | T123: =+R123*(assessment!$J$273*assessment!$E$3) -> 982.61864 | V123: =+T123/payroll!F123 -> 2.8069688e-05 | X123: =IF(V123<$X$2,T123, +payroll!F123 * $X$2) -> 982.61864 | Z123: =+T123-X123 -> 0 | AB123: =+X123/T123 -> 1
... A138: A907 | B138: Comptroller's State Energy Conservation Office | D138: 0 | E138: 0 | F138: 0 | G138: =SUM(D138:F138) -> 0 | I138: =AVERAGE(D138:F138) -> 0 | J138: =+IFR!AD138 -> 0 | K138: =IF(+J138<$E$268,$I$268,IF(J138>$E$270,$I$270,$I$269)) -> 0.95 | L138: =+I138*K138 -> 0 | M138: 1 | N138: 1 | P138: =+L138*M138*N138 -> 0 | R138: =+P138/$P$265 -> 0 | T138: =+R138*(assessment!$J$273*assessment!$E$3) -> 0 | V138: =+T138/payroll!F138 -> 0 | X138: =IF(V138<$X$2,T138, +payroll!F138 * $X$2) -> 0 | Z138: =+T138-X138 -> 0 | AB138: =+X138/T138 -> #DIV/0!
A139: A909 | B139: Comptroller - Texas Broadband Development Office | D139: 0 | E139: 0 | F139: 0 | G139: =SUM(D139:F139) -> 0 | I139: =AVERAGE(D139:F139) -> 0 | J139: =+IFR!AD139 -> 0 | K139: =IF(+J139<$E$268,$I$268,IF(J139>$E$270,$I$270,$I$269)) -> 0.95 | L139: =+I139*K139 -> 0 | M139: 1 | P139: =+L139*M139*N139 -> 0 | R139: =+P139/$P$265 -> 0 | T139: =+R139*(assessment!$J$273*assessment!$E$3) -> 0 | V139: =+T139/payroll!F139 -> 0 | X139: =IF(V139<$X$2,T139, +payroll!F139 * $X$2) -> 0 | Z139: =+T139-X139 -> 0 | AB139: =+X139/T139 -> #DIV/0!
A140: A930 | B140: Texas Treasury Safekeeping Trust Company | D140: 0 | E140: 0 | F140: 0 | G140: =SUM(D140:F140) -> 0 | I140: =AVERAGE(D140:F140) -> 0 | J140: =+IFR!AD140 -> 0 | K140: =IF(+J140<$E$268,$I$268,IF(J140>$E$270,$I$270,$I$269)) -> 0.95 | L140: =+I140*K140 -> 0 | M140: 1 | P140: =+L140*M140*N140 -> 0 | R140: =+P140/$P$265 -> 0 | T140: =+R140*(assessment!$J$273*assessment!$E$3) -> 0 | V140: =+T140/payroll!F140 -> 0 | X140: =IF(V140<$X$2,T140, +payroll!F140 * $X$2) -> 0 | Z140: =+T140-X140 -> 0 | AB140: =+X140/T140 -> #DIV/0!
A141: C001 | B141: Anderson | D141: 0 | E141: 0 | F141: 0 | G141: =SUM(D141:F141) -> 0 | I141: =AVERAGE(D141:F141) -> 0 | J141: =+IFR!AD141 -> 0 | K141: =IF(+J141<$E$268,$I$268,IF(J141>$E$270,$I$270,$I$269)) -> 0.95 | L141: =+I141*K141 -> 0 | M141: 1 | N141: 1 | P141: =+L141*M141*N141 -> 0 | R141: =+P141/$P$265 -> 0 | T141: =+R141*(assessment!$J$273*assessment!$E$3) -> 0 | V141: =+T141/payroll!F141 -> 0 | X141: =IF(V141<$X$2,T141, +payroll!F141 * $X$2) -> 0 | Z141: =+T141-X141 -> 0 | AB141: =+X141/T141 -> #DIV/0!
A142: C002 | B142: Andrews | D142: 0 | E142: 0 | F142: 0 | G142: =SUM(D142:F142) -> 0 | I142: =AVERAGE(D142:F142) -> 0 | J142: =+IFR!AD142 -> 0 | K142: =IF(+J142<$E$268,$I$268,IF(J142>$E$270,$I$270,$I$269)) -> 0.95 | L142: =+I142*K142 -> 0 | M142: 1 | N142: 1 | P142: =+L142*M142*N142 -> 0 | R142: =+P142/$P$265 -> 0 | T142: =+R142*(assessment!$J$273*assessment!$E$3) -> 0 | V142: =+T142/payroll!F142 -> 0 | X142: =IF(V142<$X$2,T142, +payroll!F142 * $X$2) -> 0 | Z142: =+T142-X142 -> 0 | AB142: =+X142/T142 -> #DIV/0!
A143: C003 | B143: Angelina | D143: 0 | E143: 0 | F143: 0 | G143: =SUM(D143:F143) -> 0 | I143: =AVERAGE(D143:F143) -> 0 | J143: =+IFR!AD143 -> 0 | K143: =IF(+J143<$E$268,$I$268,IF(J143>$E$270,$I$270,$I$269)) -> 0.95 | L143: =+I143*K143 -> 0 | M143: 1 | N143: 1 | P143: =+L143*M143*N143 -> 0 | R143: =+P143/$P$265 -> 0 | T143: =+R143*(assessment!$J$273*assessment!$E$3) -> 0 | V143: =+T143/payroll!F143 -> 0 | X143: =IF(V143<$X$2,T143, +payroll!F143 * $X$2) -> 0 | Z143: =+T143-X143 -> 0 | AB143: =+X143/T143 -> #DIV/0!
A144: C007 | B144: Atascosa - Previously Karnes (C128) | D144: 1 | E144: 1 | F144: 0 | G144: =SUM(D144:F144) -> 2 | I144: =AVERAGE(D144:F144) -> 0.66666667 | J144: =+IFR!AD144 -> 0.005 | K144: =IF(+J144<$E$268,$I$268,IF(J144>$E$270,$I$270,$I$269)) -> 0.95 | L144: =+I144*K144 -> 0.63333333 | M144: 1 | N144: 1 | P144: =+L144*M144*N144 -> 0.63333333 | R144: =+P144/$P$265 -> 0.00010990696 | T144: =+R144*(assessment!$J$273*assessment!$E$3) -> 982.61864 | V144: =+T144/payroll!F144 -> 0.00083047905 | X144: =IF(V144<$X$2,T144, +payroll!F144 * $X$2) -> 982.61864 | Z144: =+T144-X144 -> 0 | AB144: =+X144/T144 -> 1
A145: C009 | B145: Bailey - Merged with Parmer | D145: 0 | E145: 0 | F145: 0 | G145: =SUM(D145:F145) -> 0 | I145: =AVERAGE(D145:F145) -> 0 | J145: =+IFR!AD145 -> 0 | K145: =IF(+J145<$E$268,$I$268,IF(J145>$E$270,$I$270,$I$269)) -> 0.95 | L145: =+I145*K145 -> 0 | M145: 1 | P145: =+L145*M145*N145 -> 0 | R145: =+P145/$P$265 -> 0 | T145: =+R145*(assessment!$J$273*assessment!$E$3) -> 0 | V145: =+T145/payroll!F145 -> 0 | X145: =IF(V145<$X$2,T145, +payroll!F145 * $X$2) -> 0 | Z145: =+T145-X145 -> 0 | AB145: =+X145/T145 -> #DIV/0!
A146: C011 | B146: Bastrop | D146: 0 | E146: 0 | F146: 1 | G146: =SUM(D146:F146) -> 1 | I146: =AVERAGE(D146:F146) -> 0.33333333 | J146: =+IFR!AD146 -> 0.005 | K146: =IF(+J146<$E$268,$I$268,IF(J146>$E$270,$I$270,$I$269)) -> 0.95 | L146: =+I146*K146 -> 0.31666667 | M146: 1 | N146: 1 | P146: =+L146*M146*N146 -> 0.31666667 | R146: =+P146/$P$265 -> 5.4953478e-05 | T146: =+R146*(assessment!$J$273*assessment!$E$3) -> 491.30932 | V146: =+T146/payroll!F146 -> 0.00035035552 | X146: =IF(V146<$X$2,T146, +payroll!F146 * $X$2) -> 491.30932 | Z146: =+T146-X146 -> 0 | AB146: =+X146/T146 -> 1
A147: C012 | B147: Baylor | D147: 0 | E147: 0 | F147: 0 | G147: =SUM(D147:F147) -> 0 | I147: =AVERAGE(D147:F147) -> 0 | J147: =+IFR!AD147 -> 0 | K147: =IF(+J147<$E$268,$I$268,IF(J147>$E$270,$I$270,$I$269)) -> 0.95 | L147: =+I147*K147 -> 0 | M147: 1 | N147: 1 | P147: =+L147*M147*N147 -> 0 | R147: =+P147/$P$265 -> 0 | T147: =+R147*(assessment!$J$273*assessment!$E$3) -> 0 | V147: =+T147/payroll!F147 -> 0 | X147: =IF(V147<$X$2,T147, +payroll!F147 * $X$2) -> 0 | Z147: =+T147-X147 -> 0 | AB147: =+X147/T147 -> #DIV/0!
A148: C014 | B148: Bell | D148: 2 | E148: 1 | F148: 1 | G148: =SUM(D148:F148) -> 4 | I148: =AVERAGE(D148:F148) -> 1.3333333 | J148: =+IFR!AD148 -> 0.011666667 | K148: =IF(+J148<$E$268,$I$268,IF(J148>$E$270,$I$270,$I$269)) -> 0.95 | L148: =+I148*K148 -> 1.2666667 | M148: 1 | N148: 1 | P148: =+L148*M148*N148 -> 1.2666667 | R148: =+P148/$P$265 -> 0.00021981391 | T148: =+R148*(assessment!$J$273*assessment!$E$3) -> 1965.2373 | V148: =+T148/payroll!F148 -> 0.00056616229 | X148: =IF(V148<$X$2,T148, +payroll!F148 * $X$2) -> 1965.2373 | Z148: =+T148-X148 -> 0 | AB148: =+X148/T148 -> 1
A149: C015 | B149: Bexar | D149: 12 | E149: 6 | F149: 15 | G149: =SUM(D149:F149) -> 33 | I149: =AVERAGE(D149:F149) -> 11 | J149: =+IFR!AD149 -> 0.027027179 | K149: =IF(+J149<$E$268,$I$268,IF(J149>$E$270,$I$270,$I$269)) -> 0.95 | L149: =+I149*K149 -> 10.45 | M149: 1 | N149: 1 | P149: =+L149*M149*N149 -> 10.45 | R149: =+P149/$P$265 -> 0.0018134648 | T149: =+R149*(assessment!$J$273*assessment!$E$3) -> 16213.208 | V149: =+T149/payroll!F149 -> 0.0007344029 | X149: =IF(V149<$X$2,T149, +payroll!F149 * $X$2) -> 16213.208 | Z149: =+T149-X149 -> 0 | AB149: =+X149/T149 -> 1
A150: C019 | B150: Bowie | D150: 0 | E150: 0 | F150: 0 | G150: =SUM(D150:F150) -> 0 | I150: =AVERAGE(D150:F150) -> 0 | J150: =+IFR!AD150 -> 0 | K150: =IF(+J150<$E$268,$I$268,IF(J150>$E$270,$I$270,$I$269)) -> 0.95 | L150: =+I150*K150 -> 0 | M150: 1 | N150: 1 | P150: =+L150*M150*N150 -> 0 | R150: =+P150/$P$265 -> 0 | T150: =+R150*(assessment!$J$273*assessment!$E$3) -> 0 | V150: =+T150/payroll!F150 -> 0 | X150: =IF(V150<$X$2,T150, +payroll!F150 * $X$2) -> 0 | Z150: =+T150-X150 -> 0 | AB150: =+X150/T150 -> #DIV/0!
A151: C020 | B151: Brazoria | D151: 0 | E151: 0 | F151: 1 | G151: =SUM(D151:F151) -> 1 | I151: =AVERAGE(D151:F151) -> 0.33333333 | J151: =+IFR!AD151 -> 0.005 | K151: =IF(+J151<$E$268,$I$268,IF(J151>$E$270,$I$270,$I$269)) -> 0.95 | L151: =+I151*K151 -> 0.31666667 | M151: 1 | N151: 1 | P151: =+L151*M151*N151 -> 0.31666667 | R151: =+P151/$P$265 -> 5.4953478e-05 | T151: =+R151*(assessment!$J$273*assessment!$E$3) -> 491.30932 | V151: =+T151/payroll!F151 -> 0.00011238535 | X151: =IF(V151<$X$2,T151, +payroll!F151 * $X$2) -> 491.30932 | Z151: =+T151-X151 -> 0 | AB151: =+X151/T151 -> 1
A152: C021 | B152: Brazos | D152: 0 | E152: 0 | F152: 0 | G152: =SUM(D152:F152) -> 0 | I152: =AVERAGE(D152:F152) -> 0 | J152: =+IFR!AD152 -> 0 | K152: =IF(+J152<$E$268,$I$268,IF(J152>$E$270,$I$270,$I$269)) -> 0.95 | L152: =+I152*K152 -> 0 | M152: 1 | N152: 1 | P152: =+L152*M152*N152 -> 0 | R152: =+P152/$P$265 -> 0 | T152: =+R152*(assessment!$J$273*assessment!$E$3) -> 0 | V152: =+T152/payroll!F152 -> 0 | X152: =IF(V152<$X$2,T152, +payroll!F152 * $X$2) -> 0 | Z152: =+T152-X152 -> 0 | AB152: =+X152/T152 -> #DIV/0!
A153: C025 | B153: Brown | D153: 0 | E153: 0 | F153: 0 | G153: =SUM(D153:F153) -> 0 | I153: =AVERAGE(D153:F153) -> 0 | J153: =+IFR!AD153 -> 0 | K153: =IF(+J153<$E$268,$I$268,IF(J153>$E$270,$I$270,$I$269)) -> 0.95 | L153: =+I153*K153 -> 0 | M153: 1 | N153: 1 | P153: =+L153*M153*N153 -> 0 | R153: =+P153/$P$265 -> 0 | T153: =+R153*(assessment!$J$273*assessment!$E$3) -> 0 | V153: =+T153/payroll!F153 -> 0 | X153: =IF(V153<$X$2,T153, +payroll!F153 * $X$2) -> 0 | Z153: =+T153-X153 -> 0 | AB153: =+X153/T153 -> #DIV/0!
A154: C027 | B154: Burnet | D154: 0 | E154: 0 | F154: 0 | G154: =SUM(D154:F154) -> 0 | I154: =AVERAGE(D154:F154) -> 0 | J154: =+IFR!AD154 -> 0 | K154: =IF(+J154<$E$268,$I$268,IF(J154>$E$270,$I$270,$I$269)) -> 0.95 | L154: =+I154*K154 -> 0 | M154: 1 | N154: 1 | P154: =+L154*M154*N154 -> 0 | R154: =+P154/$P$265 -> 0 | T154: =+R154*(assessment!$J$273*assessment!$E$3) -> 0 | V154: =+T154/payroll!F154 -> 0 | X154: =IF(V154<$X$2,T154, +payroll!F154 * $X$2) -> 0 | Z154: =+T154-X154 -> 0 | AB154: =+X154/T154 -> #DIV/0!
A155: C028 | B155: Caldwell | D155: 2 | E155: 1 | F155: 3 | G155: =SUM(D155:F155) -> 6 | I155: =AVERAGE(D155:F155) -> 2 | J155: =+IFR!AD155 -> 0.019929108 | K155: =IF(+J155<$E$268,$I$268,IF(J155>$E$270,$I$270,$I$269)) -> 0.95 | L155: =+I155*K155 -> 1.9 | M155: 1 | N155: 1 | P155: =+L155*M155*N155 -> 1.9 | R155: =+P155/$P$265 -> 0.00032972087 | T155: =+R155*(assessment!$J$273*assessment!$E$3) -> 2947.8559 | V155: =+T155/payroll!F155 -> 0.00047558654 | X155: =IF(V155<$X$2,T155, +payroll!F155 * $X$2) -> 2947.8559 | Z155: =+T155-X155 -> 0 | AB155: =+X155/T155 -> 1
A156: C031 | B156: Cameron | D156: 4 | E156: 0 | F156: 4 | G156: =SUM(D156:F156) -> 8 | I156: =AVERAGE(D156:F156) -> 2.6666667 | J156: =+IFR!AD156 -> 0.02339731 | K156: =IF(+J156<$E$268,$I$268,IF(J156>$E$270,$I$270,$I$269)) -> 0.95 | L156: =+I156*K156 -> 2.5333333 | M156: 1 | N156: 1 | P156: =+L156*M156*N156 -> 2.5333333 | R156: =+P156/$P$265 -> 0.00043962782 | T156: =+R156*(assessment!$J$273*assessment!$E$3) -> 3930.4746 | V156: =+T156/payroll!F156 -> 0.00071299843 | X156: =IF(V156<$X$2,T156, +payroll!F156 * $X$2) -> 3930.4746 | Z156: =+T156-X156 -> 0 | AB156: =+X156/T156 -> 1
...

Sheet costs
N1: PAYOUT portion of | R1: With
A2: Agency | G2: raw | H2: cap | J2: adjusted | L2: Assessment | N2: Assessment | P2: % of | R2: 0.04
A3: Code | B3: Name | C3: FY2023 | D3: FY2024 | E3: FY2025 | G3: avg. | H3: adjuster | J3: avg. | L3: Percentage | N3: Amount | P3: Payroll | R3: Limit | T3: Difference
A5: A101 | B5: Texas Senate | C5: 0 | D5: 0 | E5: 456.98 | G5: =IF(SUM(C5:E5)>0,AVERAGE(C5:E5),0) -> 152.32667 | H5: 1 | J5: =+G5*H5 -> 152.32667 | L5: =+J5/$J$265 -> 3.9747269e-06 | N5: =+L5*(assessment!$J$273*assessment!$F$3) -> 142.14353 | P5: =+N5/payroll!F5 -> 3.3533136e-06 | R5: =IF(P5<$R$2,N5, +payroll!F5 * $R$2) -> 142.14353 | T5: =+N5-R5 -> 0 | V5: =+R5/N5 -> 1
A6: A102 | B6: Texas House of Representatives | C6: 183.86 | D6: 0 | E6: 34533.23 | G6: =IF(SUM(C6:E6)>0,AVERAGE(C6:E6),0) -> 11572.363 | H6: 1 | J6: =+G6*H6 -> 11572.363 | L6: =+J6/$J$265 -> 0.00030196278 | N6: =+L6*(assessment!$J$273*assessment!$F$3) -> 10798.744 | P6: =+N6/payroll!F6 -> 0.00023588097 | R6: =IF(P6<$R$2,N6, +payroll!F6 * $R$2) -> 10798.744 | T6: =+N6-R6 -> 0 | V6: =+R6/N6 -> 1
A7: A103 | B7: Legislative Council | C7: 0 | D7: 0 | E7: 1144.2 | G7: =IF(SUM(C7:E7)>0,AVERAGE(C7:E7),0) -> 381.4 | H7: 1 | J7: =+G7*H7 -> 381.4 | L7: =+J7/$J$265 -> 9.9520385e-06 | N7: =+L7*(assessment!$J$273*assessment!$F$3) -> 355.90317 | P7: =+N7/payroll!F7 -> 9.9737734e-06 | R7: =IF(P7<$R$2,N7, +payroll!F7 * $R$2) -> 355.90317 | T7: =+N7-R7 -> 0 | V7: =+R7/N7 -> 1
A8: A104 | B8: Legislative Budget Board | C8: 0 | D8: 0 | E8: 0 | G8: =IF(SUM(C8:E8)>0,AVERAGE(C8:E8),0) -> 0 | H8: 1 | J8: =+G8*H8 -> 0 | L8: =+J8/$J$265 -> 0 | N8: =+L8*(assessment!$J$273*assessment!$F$3) -> 0 | P8: =+N8/payroll!F8 -> 0 | R8: =IF(P8<$R$2,N8, +payroll!F8 * $R$2) -> 0 | T8: =+N8-R8 -> 0 | V8: =+R8/N8 -> #DIV/0!
A9: A105 | B9: Legislative Reference Library | C9: 0 | D9: 0 | E9: 0 | G9: =IF(SUM(C9:E9)>0,AVERAGE(C9:E9),0) -> 0 | H9: 1 | J9: =+G9*H9 -> 0 | L9: =+J9/$J$265 -> 0 | N9: =+L9*(assessment!$J$273*assessment!$F$3) -> 0 | P9: =+N9/payroll!F9 -> 0 | R9: =IF(P9<$R$2,N9, +payroll!F9 * $R$2) -> 0 | T9: =+N9-R9 -> 0 | V9: =+R9/N9 -> #DIV/0!
A10: A116 | B10: Sunset Advisory Commission | C10: 0 | D10: 0 | E10: 0 | G10: =IF(SUM(C10:E10)>0,AVERAGE(C10:E10),0) -> 0 | H10: 1 | J10: =+G10*H10 -> 0 | L10: =+J10/$J$265 -> 0 | N10: =+L10*(assessment!$J$273*assessment!$F$3) -> 0 | P10: =+N10/payroll!F10 -> 0 | R10: =IF(P10<$R$2,N10, +payroll!F10 * $R$2) -> 0 | T10: =+N10-R10 -> 0 | V10: =+R10/N10 -> #DIV/0!
A11: A201 | B11: Supreme Court of Texas | C11: 646.95 | D11: 0 | E11: 0 | G11: =IF(SUM(C11:E11)>0,AVERAGE(C11:E11),0) -> 215.65 | H11: 1 | J11: =+G11*H11 -> 215.65 | L11: =+J11/$J$265 -> 5.6270506e-06 | N11: =+L11*(assessment!$J$273*assessment!$F$3) -> 201.23366 | P11: =+N11/payroll!F11 -> 2.5151005e-05 | R11: =IF(P11<$R$2,N11, +payroll!F11 * $R$2) -> 201.23366 | T11: =+N11-R11 -> 0 | V11: =+R11/N11 -> 1
A12: A203 | B12: Law Examiners, Board of | C12: 0 | D12: 0 | E12: 0 | G12: =IF(SUM(C12:E12)>0,AVERAGE(C12:E12),0) -> 0 | H12: 1 | J12: =+G12*H12 -> 0 | L12: =+J12/$J$265 -> 0 | N12: =+L12*(assessment!$J$273*assessment!$F$3) -> 0 | P12: =+N12/payroll!F12 -> 0 | R12: =IF(P12<$R$2,N12, +payroll!F12 * $R$2) -> 0 | T12: =+N12-R12 -> 0 | V12: =+R12/N12 -> #DIV/0!
A13: A211 | B13: Court of Criminal Appeals | C13: 0 | D13: 0 | E13: 0 | G13: =IF(SUM(C13:E13)>0,AVERAGE(C13:E13),0) -> 0 | H13: 1 | J13: =+G13*H13 -> 0 | L13: =+J13/$J$265 -> 0 | N13: =+L13*(assessment!$J$273*assessment!$F$3) -> 0 | P13: =+N13/payroll!F13 -> 0 | R13: =IF(P13<$R$2,N13, +payroll!F13 * $R$2) -> 0 | T13: =+N13-R13 -> 0 | V13: =+R13/N13 -> #DIV/0!
A14: A212 | B14: Court Administration, Office of | C14: 0 | D14: 0 | E14: 0 | G14: =IF(SUM(C14:E14)>0,AVERAGE(C14:E14),0) -> 0 | H14: 1 | J14: =+G14*H14 -> 0 | L14: =+J14/$J$265 -> 0 | N14: =+L14*(assessment!$J$273*assessment!$F$3) -> 0 | P14: =+N14/payroll!F14 -> 0 | R14: =IF(P14<$R$2,N14, +payroll!F14 * $R$2) -> 0 | T14: =+N14-R14 -> 0 | V14: =+R14/N14 -> #DIV/0!
A15: A213 | B15: Prosecuting Attorney, State | C15: 0 | D15: 0 | E15: 0 | G15: =IF(SUM(C15:E15)>0,AVERAGE(C15:E15),0) -> 0 | H15: 1 | J15: =+G15*H15 -> 0 | L15: =+J15/$J$265 -> 0 | N15: =+L15*(assessment!$J$273*assessment!$F$3) -> 0 | P15: =+N15/payroll!F15 -> 0 | R15: =IF(P15<$R$2,N15, +payroll!F15 * $R$2) -> 0 | T15: =+N15-R15 -> 0 | V15: =+R15/N15 -> #DIV/0!
A16: A215 | B16: Office of Capital and Forensic Writs | C16: 0 | D16: 0 | E16: 3390.5 | G16: =IF(SUM(C16:E16)>0,AVERAGE(C16:E16),0) -> 1130.1667 | H16: 1 | J16: =+G16*H16 -> 1130.1667 | L16: =+J16/$J$265 -> 2.9489937e-05 | N16: =+L16*(assessment!$J$273*assessment!$F$3) -> 1054.6143 | P16: =+N16/payroll!F16 -> 0.00041203299 | R16: =IF(P16<$R$2,N16, +payroll!F16 * $R$2) -> 1054.6143 | T16: =+N16-R16 -> 0 | V16: =+R16/N16 -> 1
... A30: A234 | B30: Court of Civil Appeals - Fourteenth District | C30: 0 | D30: 0 | E30: 0 | G30: =IF(SUM(C30:E30)>0,AVERAGE(C30:E30),0) -> 0 | H30: 1 | J30: =+G30*H30 -> 0 | L30: =+J30/$J$265 -> 0 | N30: =+L30*(assessment!$J$273*assessment!$F$3) -> 0 | P30: =+N30/payroll!F30 -> 0 | R30: =IF(P30<$R$2,N30, +payroll!F30 * $R$2) -> 0 | T30: =+N30-R30 -> 0 | V30: =+R30/N30 -> #DIV/0!
A31: A235 | B31: Court of Civil Appeals - Fifteenth District | C31: 0 | D31: 0 | E31: 0 | G31: =IF(SUM(C31:E31)>0,AVERAGE(C31:E31),0) -> 0 | H31: 1 | J31: =+G31*H31 -> 0 | L31: =+J31/$J$265 -> 0 | N31: =+L31*(assessment!$J$273*assessment!$F$3) -> 0 | P31: =+N31/payroll!F31 -> 0 | R31: =IF(P31<$R$2,N31, +payroll!F31 * $R$2) -> 0 | T31: =+N31-R31 -> 0
A32: A241 | B32: District Courts (Comptroller's Jud. Section) | C32: 1149804.6 | D32: 3427637.7 | E32: 518769.18 | G32: =IF(SUM(C32:E32)>0,AVERAGE(C32:E32),0) -> 1698737.2 | H32: 1 | J32: =+G32*H32 -> 1698737.2 | L32: =+J32/$J$265 -> 0.044325898 | N32: =+L32*(assessment!$J$273*assessment!$F$3) -> 1585175.5 | P32: =+N32/payroll!F32 -> 0.017754157 | R32: =IF(P32<$R$2,N32, +payroll!F32 * $R$2) -> 1585175.5 | T32: =+N32-R32 -> 0 | V32: =+R32/N32 -> 1
A33: A242 | B33: Judicial Conduct, State Commission on | C33: 0 | D33: 0 | E33: 0 | G33: =IF(SUM(C33:E33)>0,AVERAGE(C33:E33),0) -> 0 | H33: 1 | J33: =+G33*H33 -> 0 | L33: =+J33/$J$265 -> 0 | N33: =+L33*(assessment!$J$273*assessment!$F$3) -> 0 | P33: =+N33/payroll!F33 -> 0 | R33: =IF(P33<$R$2,N33, +payroll!F33 * $R$2) -> 0 | T33: =+N33-R33 -> 0 | V33: =+R33/N33 -> #DIV/0!
A34: A243 | B34: Law Library, State | C34: 0 | D34: 0 | E34: 0 | G34: =IF(SUM(C34:E34)>0,AVERAGE(C34:E34),0) -> 0 | H34: 1 | J34: =+G34*H34 -> 0 | L34: =+J34/$J$265 -> 0 | N34: =+L34*(assessment!$J$273*assessment!$F$3) -> 0 | P34: =+N34/payroll!F34 -> 0 | R34: =IF(P34<$R$2,N34, +payroll!F34 * $R$2) -> 0 | T34: =+N34-R34 -> 0 | V34: =+R34/N34 -> #DIV/0!
A35: A301 | B35: Governor's Office | C35: 0 | D35: 0 | E35: 4025.44 | G35: =IF(SUM(C35:E35)>0,AVERAGE(C35:E35),0) -> 1341.8133 | H35: 1 | J35: =+G35*H35 -> 1341.8133 | L35: =+J35/$J$265 -> 3.5012527e-05 | N35: =+L35*(assessment!$J$273*assessment!$F$3) -> 1252.1123 | P35: =+N35/payroll!F35 -> 4.3304067e-05 | R35: =IF(P35<$R$2,N35, +payroll!F35 * $R$2) -> 1252.1123 | T35: =+N35-R35 -> 0 | V35: =+R35/N35 -> 1
A36: A302 | B36: Attorney General, Office of the | C36: 68744.35 | D36: =35525.65 -> 35525.65 | E36: 35336.74 | G36: =IF(SUM(C36:E36)>0,AVERAGE(C36:E36),0) -> 46535.58 | H36: 1 | J36: =+G36*H36 -> 46535.58 | L36: =+J36/$J$265 -> 0.0012142734 | N36: =+L36*(assessment!$J$273*assessment!$F$3) -> 43424.648 | P36: =+N36/payroll!F36 -> 0.00014865904 | R36: =IF(P36<$R$2,N36, +payroll!F36 * $R$2) -> 43424.648 | T36: =+N36-R36 -> 0 | V36: =+R36/N36 -> 1
A37: A303 | B37: Texas Facilities Commission | C37: 59867.38 | D37: 55923.78 | E37: 57837.03 | G37: =IF(SUM(C37:E37)>0,AVERAGE(C37:E37),0) -> 57876.063 | H37: 1 | J37: =+G37*H37 -> 57876.063 | L37: =+J37/$J$265 -> 0.0015101857 | N37: =+L37*(assessment!$J$273*assessment!$F$3) -> 54007.013 | P37: =+N37/payroll!F37 -> 0.0017979555 | R37: =IF(P37<$R$2,N37, +payroll!F37 * $R$2) -> 54007.013 | T37: =+N37-R37 -> 0 | V37: =+R37/N37 -> 1
A38: A304 | B38: Comptroller of Public Accounts, State | C38: 70789.27 | D38: 55185.35 | E38: 75108.45 | G38: =IF(SUM(C38:E38)>0,AVERAGE(C38:E38),0) -> 67027.69 | H38: 1 | J38: =+G38*H38 -> 67027.69 | L38: =+J38/$J$265 -> 0.0017489831 | N38: =+L38*(assessment!$J$273*assessment!$F$3) -> 62546.847 | P38: =+N38/payroll!F38 -> 0.00027058949 | R38: =IF(P38<$R$2,N38, +payroll!F38 * $R$2) -> 62546.847 | T38: =+N38-R38 -> 0 | V38: =+R38/N38 -> 1
A39: A305 | B39: General Land Office | C39: 4763.45 | D39: 484.22 | E39: 6142.96 | G39: =IF(SUM(C39:E39)>0,AVERAGE(C39:E39),0) -> 3796.8767 | H39: 1 | J39: =+G39*H39 -> 3796.8767 | L39: =+J39/$J$265 -> 9.9073578e-05 | N39: =+L39*(assessment!$J$273*assessment!$F$3) -> 3543.0531 | P39: =+N39/payroll!F39 -> 4.6435219e-05 | R39: =IF(P39<$R$2,N39, +payroll!F39 * $R$2) -> 3543.0531 | T39: =+N39-R39 -> 0 | V39: =+R39/N39 -> 1
A40: A306 | B40: Library and Archives Commission | C40: 2686.25 | D40: 2629.79 | E40: 3920.01 | G40: =IF(SUM(C40:E40)>0,AVERAGE(C40:E40),0) -> 3078.6833 | H40: 1 | J40: =+G40*H40 -> 3078.6833 | L40: =+J40/$J$265 -> 8.0333443e-05 | N40: =+L40*(assessment!$J$273*assessment!$F$3) -> 2872.8714 | P40: =+N40/payroll!F40 -> 0.00029712358 | R40: =IF(P40<$R$2,N40, +payroll!F40 * $R$2) -> 2872.8714 | T40: =+N40-R40 -> 0 | V40: =+R40/N40 -> 1
A41: A307 | B41: Secretary of State | C41: 730.6 | D41: 0 | E41: 628.84 | G41: =IF(SUM(C41:E41)>0,AVERAGE(C41:E41),0) -> 453.14667 | H41: 1 | J41: =+G41*H41 -> 453.14667 | L41: =+J41/$J$265 -> 1.1824156e-05 | N41: =+L41*(assessment!$J$273*assessment!$F$3) -> 422.85353 | P41: =+N41/payroll!F41 -> 2.1830412e-05 | R41: =IF(P41<$R$2,N41, +payroll!F41 * $R$2) -> 422.85353 | T41: =+N41-R41 -> 0 | V41: =+R41/N41 -> 1
A42: A308 | B42: State Auditor's Office | C42: 0 | D42: 3486.35 | E42: 252.05 | G42: =IF(SUM(C42:E42)>0,AVERAGE(C42:E42),0) -> 1246.1333 | H42: 1 | J42: =+G42*H42 -> 1246.1333 | L42: =+J42/$J$265 -> 3.2515907e-05 | N42: =+L42*(assessment!$J$273*assessment!$F$3) -> 1162.8285 | P42: =+N42/payroll!F42 -> 6.4715389e-05 | R42: =IF(P42<$R$2,N42, +payroll!F42 * $R$2) -> 1162.8285 | T42: =+N42-R42 -> 0 | V42: =+R42/N42 -> 1
A43: A312 | B43: Securities Board | C43: 0 | D43: 0 | E43: 0 | G43: =IF(SUM(C43:E43)>0,AVERAGE(C43:E43),0) -> 0 | H43: 1 | J43: =+G43*H43 -> 0 | L43: =+J43/$J$265 -> 0 | N43: =+L43*(assessment!$J$273*assessment!$F$3) -> 0 | P43: =+N43/payroll!F43 -> 0 | R43: =IF(P43<$R$2,N43, +payroll!F43 * $R$2) -> 0 | T43: =+N43-R43 -> 0 | V43: =+R43/N43 -> #DIV/0!
A44: A313 | B44: Information Resources, Dept. of | C44: 0 | D44: 328.51 | E44: 18478.96 | G44: =IF(SUM(C44:E44)>0,AVERAGE(C44:E44),0) -> 6269.1567 | H44: 1 | J44: =+G44*H44 -> 6269.1567 | L44: =+J44/$J$265 -> 0.00016358387 | N44: =+L44*(assessment!$J$273*assessment!$F$3) -> 5850.0597 | P44: =+N44/payroll!F44 -> 0.0002270839 | R44: =IF(P44<$R$2,N44, +payroll!F44 * $R$2) -> 5850.0597 | T44: =+N44-R44 -> 0 | V44: =+R44/N44 -> 1
A45: A320 | B45: Texas Workforce Commission | C45: 164371.8 | D45: 410835.94 | E45: 236077.94 | G45: =IF(SUM(C45:E45)>0,AVERAGE(C45:E45),0) -> 270428.56 | H45: 1 | J45: =+G45*H45 -> 270428.56 | L45: =+J45/$J$265 -> 0.0070564117 | N45: =+L45*(assessment!$J$273*assessment!$F$3) -> 252350.24 | P45: =+N45/payroll!F45 -> 0.00089730586 | R45: =IF(P45<$R$2,N45, +payroll!F45 * $R$2) -> 252350.24 | T45: =+N45-R45 -> 0 | V45: =+R45/N45 -> 1
A46: A326 | B46: Texas Emergency Services Retirement System | C46: 0 | D46: 0 | E46: 0 | G46: =IF(SUM(C46:E46)>0,AVERAGE(C46:E46),0) -> 0 | H46: 1 | J46: =+G46*H46 -> 0 | L46: =+J46/$J$265 -> 0 | N46: =+L46*(assessment!$J$273*assessment!$F$3) -> 0 | P46: =+N46/payroll!F46 -> 0 | R46: =IF(P46<$R$2,N46, +payroll!F46 * $R$2) -> 0 | T46: =+N46-R46 -> 0 | V46: =+R46/N46 -> #DIV/0!
A47: A329 | B47: Real Estate Commission | C47: 0 | D47: 0 | E47: 0 | G47: =IF(SUM(C47:E47)>0,AVERAGE(C47:E47),0) -> 0 | H47: 1 | J47: =+G47*H47 -> 0 | L47: =+J47/$J$265 -> 0 | N47: =+L47*(assessment!$J$273*assessment!$F$3) -> 0 | P47: =+N47/payroll!F47 -> 0 | R47: =IF(P47<$R$2,N47, +payroll!F47 * $R$2) -> 0 | T47: =+N47-R47 -> 0 | V47: =+R47/N47 -> #DIV/0!
A48: A332 | B48: Housing and Community Affairs, Dept. of | C48: 4156.92 | D48: 0 | E48: 0 | G48: =IF(SUM(C48:E48)>0,AVERAGE(C48:E48),0) -> 1385.64 | H48: 1 | J48: =+G48*H48 -> 1385.64 | L48: =+J48/$J$265 -> 3.6156116e-05 | N48: =+L48*(assessment!$J$273*assessment!$F$3) -> 1293.0091 | P48: =+N48/payroll!F48 -> 4.128306e-05 | R48: =IF(P48<$R$2,N48, +payroll!F48 * $R$2) -> 1293.0091 | T48: =+N48-R48 -> 0 | V48: =+R48/N48 -> 1
... A55: A364 | B55: Health Professions Council | C55: 0 | D55: 0 | E55: 0 | G55: =IF(SUM(C55:E55)>0,AVERAGE(C55:E55),0) -> 0 | H55: 1 | J55: =+G55*H55 -> 0 | L55: =+J55/$J$265 -> 0 | N55: =+L55*(assessment!$J$273*assessment!$F$3) -> 0 | P55: =+N55/payroll!F55 -> 0 | R55: =IF(P55<$R$2,N55, +payroll!F55 * $R$2) -> 0 | T55: =+N55-R55 -> 0 | V55: =+R55/N55 -> #DIV/0!
A56: A371 | B56: Texas Cyber Command | C56: 0 | D56: 0 | E56: 0 | G56: =IF(SUM(C56:E56)>0,AVERAGE(C56:E56),0) -> 0 | H56: 1 | J56: =+G56*H56 -> 0 | L56: =+J56/$J$265 -> 0 | N56: =+L56*(assessment!$J$273*assessment!$F$3) -> 0 | P56: =+N56/payroll!F56 -> 0 | R56: =IF(P56<$R$2,N56, +payroll!F56 * $R$2) -> 0 | T56: =+N56-R56 -> 0
A57: A401 | B57: Texas Military Department | C57: 564382.78 | D57: 454253.3 | E57: 1029715.5 | G57: =IF(SUM(C57:E57)>0,AVERAGE(C57:E57),0) -> 682783.85 | H57: 1 | J57: =+G57*H57 -> 682783.85 | L57: =+J57/$J$265 -> 0.01781618 | N57: =+L57*(assessment!$J$273*assessment!$F$3) -> 637139.33 | P57: =+N57/payroll!F57 -> 0.0011062942 | R57: =IF(P57<$R$2,N57, +payroll!F57 * $R$2) -> 637139.33 | T57: =+N57-R57 -> 0 | V57: =+R57/N57 -> 1
A58: A403 | B58: Veterans Commission | C58: 26892.95 | D58: 6518.73 | E58: 747.32 | G58: =IF(SUM(C58:E58)>0,AVERAGE(C58:E58),0) -> 11386.333 | H58: 1 | J58: =+G58*H58 -> 11386.333 | L58: =+J58/$J$265 -> 0.00029710862 | N58: =+L58*(assessment!$J$273*assessment!$F$3) -> 10625.15 | P58: =+N58/payroll!F58 -> 0.00040880336 | R58: =IF(P58<$R$2,N58, +payroll!F58 * $R$2) -> 10625.15 | T58: =+N58-R58 -> 0 | V58: =+R58/N58 -> 1
A59: A405 | B59: Public Safety, Department of | C59: 2813987 | D59: 2558173.6 | E59: 3507626.6 | G59: =IF(SUM(C59:E59)>0,AVERAGE(C59:E59),0) -> 2959929 | H59: 1 | J59: =+G59*H59 -> 2959929 | L59: =+J59/$J$265 -> 0.077234734 | N59: =+L59*(assessment!$J$273*assessment!$F$3) -> 2762056 | P59: =+N59/payroll!F59 -> 0.0035898132 | R59: =IF(P59<$R$2,N59, +payroll!F59 * $R$2) -> 2762056 | T59: =+N59-R59 -> 0 | V59: =+R59/N59 -> 1
A60: A407 | B60: Law Enforcement Commission | C60: 0 | D60: 0 | E60: 584.31 | G60: =IF(SUM(C60:E60)>0,AVERAGE(C60:E60),0) -> 194.77 | H60: 1 | J60: =+G60*H60 -> 194.77 | L60: =+J60/$J$265 -> 5.0822195e-06 | N60: =+L60*(assessment!$J$273*assessment!$F$3) -> 181.7495 | P60: =+N60/payroll!F60 -> 2.8216535e-05 | R60: =IF(P60<$R$2,N60, +payroll!F60 * $R$2) -> 181.7495 | T60: =+N60-R60 -> 0 | V60: =+R60/N60 -> 1
A61: A409 | B61: Jail Standards, Commission on | C61: 0 | D61: 0 | E61: 0 | G61: =IF(SUM(C61:E61)>0,AVERAGE(C61:E61),0) -> 0 | H61: 1 | J61: =+G61*H61 -> 0 | L61: =+J61/$J$265 -> 0 | N61: =+L61*(assessment!$J$273*assessment!$F$3) -> 0 | P61: =+N61/payroll!F61 -> 0 | R61: =IF(P61<$R$2,N61, +payroll!F61 * $R$2) -> 0 | T61: =+N61-R61 -> 0 | V61: =+R61/N61 -> #DIV/0!
A62: A411 | B62: Fire Protection, Commission on | C62: 181.76 | D62: 0 | E62: 17.1 | G62: =IF(SUM(C62:E62)>0,AVERAGE(C62:E62),0) -> 66.286667 | H62: 1 | J62: =+G62*H62 -> 66.286667 | L62: =+J62/$J$265 -> 1.7296472e-06 | N62: =+L62*(assessment!$J$273*assessment!$F$3) -> 61.855362 | P62: =+N62/payroll!F62 -> 2.2762705e-05 | R62: =IF(P62<$R$2,N62, +payroll!F62 * $R$2) -> 61.855362 | T62: =+N62-R62 -> 0 | V62: =+R62/N62 -> 1
A63: A448 | B63: Office of Injured Employee Counsel | C63: 241.85 | D63: 180 | E63: 7559.19 | G63: =IF(SUM(C63:E63)>0,AVERAGE(C63:E63),0) -> 2660.3467 | H63: 1 | J63: =+G63*H63 -> 2660.3467 | L63: =+J63/$J$265 -> 6.9417599e-05 | N63: =+L63*(assessment!$J$273*assessment!$F$3) -> 2482.5008 | P63: =+N63/payroll!F63 -> 0.00028547634 | R63: =IF(P63<$R$2,N63, +payroll!F63 * $R$2) -> 2482.5008 | T63: =+N63-R63 -> 0 | V63: =+R63/N63 -> 1
A64: A450 | B64: Dept of Savings and Mortgage Lending | C64: 0 | D64: 0 | E64: 0 | G64: =IF(SUM(C64:E64)>0,AVERAGE(C64:E64),0) -> 0 | H64: 1 | J64: =+G64*H64 -> 0 | L64: =+J64/$J$265 -> 0 | N64: =+L64*(assessment!$J$273*assessment!$F$3) -> 0 | P64: =+N64/payroll!F64 -> 0 | R64: =IF(P64<$R$2,N64, +payroll!F64 * $R$2) -> 0 | T64: =+N64-R64 -> 0 | V64: =+R64/N64 -> #DIV/0!
A65: A451 | B65: Banking, State Department of | C65: 30563.61 | D65: 33891.77 | E65: 14436.99 | G65: =IF(SUM(C65:E65)>0,AVERAGE(C65:E65),0) -> 26297.457 | H65: 1 | J65: =+G65*H65 -> 26297.457 | L65: =+J65/$J$265 -> 0.00068619114 | N65: =+L65*(assessment!$J$273*assessment!$F$3) -> 24539.455 | P65: =+N65/payroll!F65 -> 0.00112196 | R65: =IF(P65<$R$2,N65, +payroll!F65 * $R$2) -> 24539.455 | T65: =+N65-R65 -> 0 | V65: =+R65/N65 -> 1
A66: A452 | B66: Licensing and Regulation, Dept. of | C66: -5243.82 | D66: =5025+4612.62 -> 9637.62 | E66: =1372.54-92.71 -> 1279.83 | G66: =IF(SUM(C66:E66)>0,AVERAGE(C66:E66),0) -> 1891.21 | H66: 1 | J66: =+G66*H66 -> 1891.21 | L66: =+J66/$J$265 -> 4.9348177e-05 | N66: =+L66*(assessment!$J$273*assessment!$F$3) -> 1764.7814 | P66: =+N66/payroll!F66 -> 3.1793964e-05 | R66: =IF(P66<$R$2,N66, +payroll!F66 * $R$2) -> 1764.7814 | T66: =+N66-R66 -> 0 | V66: =+R66/N66 -> 1
A67: A454 | B67: Insurance, Department of | C67: 79657.26 | D67: =62493.72-152.5 -> 62341.22 | E67: 53858.91 | G67: =IF(SUM(C67:E67)>0,AVERAGE(C67:E67),0) -> 65285.797 | H67: 1 | J67: =+G67*H67 -> 65285.797 | L67: =+J67/$J$265 -> 0.0017035311 | N67: =+L67*(assessment!$J$273*assessment!$F$3) -> 60921.401 | P67: =+N67/payroll!F67 -> 0.0006595079 | R67: =IF(P67<$R$2,N67, +payroll!F67 * $R$2) -> 60921.401 | T67: =+N67-R67 -> 0 | V67: =+R67/N67 -> 1
A68: A455 | B68: Railroad Commission | C68: 1130.38 | D68: 20439.12 | E68: 753.32 | G68: =IF(SUM(C68:E68)>0,AVERAGE(C68:E68),0) -> 7440.94 | H68: 1 | J68: =+G68*H68 -> 7440.94 | L68: =+J68/$J$265 -> 0.00019415973 | N68: =+L68*(assessment!$J$273*assessment!$F$3) -> 6943.5086 | P68: =+N68/payroll!F68 -> 8.4760848e-05 | R68: =IF(P68<$R$2,N68, +payroll!F68 * $R$2) -> 6943.5086 | T68: =+N68-R68 -> 0 | V68: =+R68/N68 -> 1
A69: A456 | B69: Plumbing Examiners, State Board of | C69: 0 | D69: 0 | E69: 0 | G69: =IF(SUM(C69:E69)>0,AVERAGE(C69:E69),0) -> 0 | H69: 1 | J69: =+G69*H69 -> 0 | L69: =+J69/$J$265 -> 0 | N69: =+L69*(assessment!$J$273*assessment!$F$3) -> 0 | P69: =+N69/payroll!F69 -> 0 | R69: =IF(P69<$R$2,N69, +payroll!F69 * $R$2) -> 0 | T69: =+N69-R69 -> 0 | V69: =+R69/N69 -> #DIV/0!
A70: A457 | B70: Public Accountancy, State Board of | C70: 7079.61 | D70: 9214.13 | E70: -603.68 | G70: =IF(SUM(C70:E70)>0,AVERAGE(C70:E70),0) -> 5230.02 | H70: 1 | J70: =+G70*H70 -> 5230.02 | L70: =+J70/$J$265 -> 0.00013646922 | N70: =+L70*(assessment!$J$273*assessment!$F$3) -> 4880.3899 | P70: =+N70/payroll!F70 -> 0.0014481629 | R70: =IF(P70<$R$2,N70, +payroll!F70 * $R$2) -> 4880.3899 | T70: =+N70-R70 -> 0 | V70: =+R70/N70 -> 1
A71: A458 | B71: Alcoholic Beverage Commission | C71: 24151.74 | D71: 66777.84 | E71: 73023.61 | G71: =IF(SUM(C71:E71)>0,AVERAGE(C71:E71),0) -> 54651.063 | H71: 1 | J71: =+G71*H71 -> 54651.063 | L71: =+J71/$J$265 -> 0.0014260343 | N71: =+L71*(assessment!$J$273*assessment!$F$3) -> 50997.606 | P71: =+N71/payroll!F71 -> 0.0012649918 | R71: =IF(P71<$R$2,N71, +payroll!F71 * $R$2) -> 50997.606 | T71: =+N71-R71 -> 0 | V71: =+R71/N71 -> 1
A72: A459 | B72: Architectural Examiners, Board of | C72: 0 | D72: 0 | E72: 0 | G72: =IF(SUM(C72:E72)>0,AVERAGE(C72:E72),0) -> 0 | H72: 1 | J72: =+G72*H72 -> 0 | L72: =+J72/$J$265 -> 0 | N72: =+L72*(assessment!$J$273*assessment!$F$3) -> 0 | P72: =+N72/payroll!F72 -> 0 | R72: =IF(P72<$R$2,N72, +payroll!F72 * $R$2) -> 0 | T72: =+N72-R72 -> 0 | V72: =+R72/N72 -> #DIV/0!
A73: A460 | B73: Professional Engineers and Land Surveyors, Texas Board of | C73: 0 | D73: 0 | E73: 0 | G73: =IF(SUM(C73:E73)>0,AVERAGE(C73:E73),0) -> 0 | H73: 1 | J73: =+G73*H73 -> 0 | L73: =+J73/$J$265 -> 0 | N73: =+L73*(assessment!$J$273*assessment!$F$3) -> 0 | P73: =+N73/payroll!F73 -> 0 | R73: =IF(P73<$R$2,N73, +payroll!F73 * $R$2) -> 0 | T73: =+N73-R73 -> 0 | V73: =+R73/N73 -> #DIV/0!
A74: A466 | B74: Consumer Credit Commissioner, Office of | C74: 0 | D74: 0 | E74: 0 | G74: =IF(SUM(C74:E74)>0,AVERAGE(C74:E74),0) -> 0 | H74: 1 | J74: =+G74*H74 -> 0 | L74: =+J74/$J$265 -> 0 | N74: =+L74*(assessment!$J$273*assessment!$F$3) -> 0 | P74: =+N74/payroll!F74 -> 0 | R74: =IF(P74<$R$2,N74, +payroll!F74 * $R$2) -> 0 | T74: =+N74-R74 -> 0 | V74: =+R74/N74 -> #DIV/0!
A75: A469 | B75: Credit Union Department | C75: 0 | D75: 0 | E75: 0 | G75: =IF(SUM(C75:E75)>0,AVERAGE(C75:E75),0) -> 0 | H75: 1 | J75: =+G75*H75 -> 0 | L75: =+J75/$J$265 -> 0 | N75: =+L75*(assessment!$J$273*assessment!$F$3) -> 0 | P75: =+N75/payroll!F75 -> 0 | R75: =IF(P75<$R$2,N75, +payroll!F75 * $R$2) -> 0 | T75: =+N75-R75 -> 0 | V75: =+R75/N75 -> #DIV/0!
A76: A473 | B76: Public Utility Commission of Texas | C76: 0 | D76: 534.24 | E76: 0 | G76: =IF(SUM(C76:E76)>0,AVERAGE(C76:E76),0) -> 178.08 | H76: 1 | J76: =+G76*H76 -> 178.08 | L76: =+J76/$J$265 -> 4.64672e-06 | N76: =+L76*(assessment!$J$273*assessment!$F$3) -> 166.17524 | P76: =+N76/payroll!F76 -> 6.2306609e-06 | R76: =IF(P76<$R$2,N76, +payroll!F76 * $R$2) -> 166.17524 | T76: =+N76-R76 -> 0 | V76: =+R76/N76 -> 1
A77: A475 | B77: Public Utility Counsel, Office of | C77: 0 | D77: 0 | E77: 0 | G77: =IF(SUM(C77:E77)>0,AVERAGE(C77:E77),0) -> 0 | H77: 1 | J77: =+G77*H77 -> 0 | L77: =+J77/$J$265 -> 0 | N77: =+L77*(assessment!$J$273*assessment!$F$3) -> 0 | P77: =+N77/payroll!F77 -> 0 | R77: =IF(P77<$R$2,N77, +payroll!F77 * $R$2) -> 0 | T77: =+N77-R77 -> 0 | V77: =+R77/N77 -> #DIV/0!
A78: A476 | B78: Racing Commission | C78: 0 | D78: 0 | E78: 0 | G78: =IF(SUM(C78:E78)>0,AVERAGE(C78:E78),0) -> 0 | H78: 1 | J78: =+G78*H78 -> 0 | L78: =+J78/$J$265 -> 0 | N78: =+L78*(assessment!$J$273*assessment!$F$3) -> 0 | P78: =+N78/payroll!F78 -> 0 | R78: =IF(P78<$R$2,N78, +payroll!F78 * $R$2) -> 0 | T78: =+N78-R78 -> 0 | V78: =+R78/N78 -> #DIV/0!
A79: A477 | B79: Commission on State Emergency Communication | C79: 0 | D79: 0 | E79: 0 | G79: =IF(SUM(C79:E79)>0,AVERAGE(C79:E79),0) -> 0 | H79: 1 | J79: =+G79*H79 -> 0 | L79: =+J79/$J$265 -> 0 | N79: =+L79*(assessment!$J$273*assessment!$F$3) -> 0 | P79: =+N79/payroll!F79 -> 0 | R79: =IF(P79<$R$2,N79, +payroll!F79 * $R$2) -> 0 | T79: =+N79-R79 -> 0 | V79: =+R79/N79 -> #DIV/0!
... A89: A515 | B89: Pharmacy, Board of | C89: 618.06 | D89: 180 | E89: 1616.66 | G89: =IF(SUM(C89:E89)>0,AVERAGE(C89:E89),0) -> 804.90667 | H89: 1 | J89: =+G89*H89 -> 804.90667 | L89: =+J89/$J$265 -> 2.1002785e-05 | N89: =+L89*(assessment!$J$273*assessment!$F$3) -> 751.09816 | P89: =+N89/payroll!F89 -> 0.00010387535 | R89: =IF(P89<$R$2,N89, +payroll!F89 * $R$2) -> 751.09816 | T89: =+N89-R89 -> 0 | V89: =+R89/N89 -> 1
A90: A529 | B90: Health & Human Services Commission | C90: =55475.1+6371231.99+131878.63+13132.96+4991.71+18368.74+47852.34+995.48+22775.32+502+5319.14+3215.67+4369.53+23154.62+949.36+9024.56 -> 6713237.2 | D90: =57485.6+8402952.17+47791.45+55090.72+4443.12-67.7+49832.37+1392.74+22373.97+474.64+6147.99+5732.06+1404.66+1634.86+35053.59+903.1+8632-152.5 -> 8701124.8 | E90: =57607.41+10969644.2+27316.54+19372.27+4293.41+12546.28+50746.35+57.54+14305.14+610.76+11092.03+4930.69+909.68+4838.61+23487.35+1553.61+8466 -> 11211778 | G90: =IF(SUM(C90:E90)>0,AVERAGE(C90:E90),0) -> 8875380 | H90: 1 | J90: =+G90*H90 -> 8875380 | L90: =+J90/$J$265 -> 0.23158921 | N90: =+L90*(assessment!$J$273*assessment!$F$3) -> 8282055.3 | P90: =+N90/payroll!F90 -> 0.0037584922 | R90: =IF(P90<$R$2,N90, +payroll!F90 * $R$2) -> 8282055.3 | T90: =+N90-R90 -> 0 | V90: =+R90/N90 -> 1
A91: A530 | B91: Dept. of Family and Protective Services | C91: 511088.26 | D91: 755596.93 | E91: 1174361.9 | G91: =IF(SUM(C91:E91)>0,AVERAGE(C91:E91),0) -> 813682.36 | H91: 1 | J91: =+G91*H91 -> 813682.36 | L91: =+J91/$J$265 -> 0.021231773 | N91: =+L91*(assessment!$J$273*assessment!$F$3) -> 759287.19 | P91: =+N91/payroll!F91 -> 0.0011034448 | R91: =IF(P91<$R$2,N91, +payroll!F91 * $R$2) -> 759287.19 | T91: =+N91-R91 -> 0 | V91: =+R91/N91 -> 1
A92: A533 | B92: Physical & Occup Therapy Examr, Exec Counc | C92: 0 | D92: 0 | E92: 3668.51 | G92: =IF(SUM(C92:E92)>0,AVERAGE(C92:E92),0) -> 1222.8367 | H92: 1 | J92: =+G92*H92 -> 1222.8367 | L92: =+J92/$J$265 -> 3.1908017e-05 | N92: =+L92*(assessment!$J$273*assessment!$F$3) -> 1141.0893 | P92: =+N92/payroll!F92 -> 0.00099407612 | R92: =IF(P92<$R$2,N92, +payroll!F92 * $R$2) -> 1141.0893 | T92: =+N92-R92 -> 0 | V92: =+R92/N92 -> 1
A93: A537 | B93: Dept. of State Health Services | C93: =35938.77+136161.41+26924.89+479.14+7520.14+1125.47 -> 208149.82 | D93: =60278.67+92590.39+26416 -> 179285.06 | E93: =58326.03+173127.82+508+25.81 -> 231987.66 | G93: =IF(SUM(C93:E93)>0,AVERAGE(C93:E93),0) -> 206474.18 | H93: 1 | J93: =+G93*H93 -> 206474.18 | L93: =+J93/$J$265 -> 0.0053876219 | N93: =+L93*(assessment!$J$273*assessment!$F$3) -> 192671.25 | P93: =+N93/payroll!F93 -> 0.00077795454 | R93: =IF(P93<$R$2,N93, +payroll!F93 * $R$2) -> 192671.25 | T93: =+N93-R93 -> 0 | V93: =+R93/N93 -> 1
A94: A542 | B94: Cancer Prevention and Research Institute | C94: 0 | D94: 0 | E94: 0 | G94: =IF(SUM(C94:E94)>0,AVERAGE(C94:E94),0) -> 0 | H94: 1 | J94: =+G94*H94 -> 0 | L94: =+J94/$J$265 -> 0 | N94: =+L94*(assessment!$J$273*assessment!$F$3) -> 0 | P94: =+N94/payroll!F94 -> 0 | R94: =IF(P94<$R$2,N94, +payroll!F94 * $R$2) -> 0 | T94: =+N94-R94 -> 0 | V94: =+R94/N94 -> #DIV/0!
A95: A551 | B95: Agriculture, Department of | C95: 17319.42 | D95: 23519.87 | E95: 103807.96 | G95: =IF(SUM(C95:E95)>0,AVERAGE(C95:E95),0) -> 48215.75 | H95: 1 | J95: =+G95*H95 -> 48215.75 | L95: =+J95/$J$265 -> 0.0012581148 | N95: =+L95*(assessment!$J$273*assessment!$F$3) -> 44992.497 | P95: =+N95/payroll!F95 -> 0.00099262701 | R95: =IF(P95<$R$2,N95, +payroll!F95 * $R$2) -> 44992.497 | T95: =+N95-R95 -> 0 | V95: =+R95/N95 -> 1
A96: A554 | B96: Animal Health Commission | C96: 43107.58 | D96: 29127.86 | E96: 60575.97 | G96: =IF(SUM(C96:E96)>0,AVERAGE(C96:E96),0) -> 44270.47 | H96: 1 | J96: =+G96*H96 -> 44270.47 | L96: =+J96/$J$265 -> 0.0011551689 | N96: =+L96*(assessment!$J$273*assessment!$F$3) -> 41310.962 | P96: =+N96/payroll!F96 -> 0.0033672965 | R96: =IF(P96<$R$2,N96, +payroll!F96 * $R$2) -> 41310.962 | T96: =+N96-R96 -> 0 | V96: =+R96/N96 -> 1
A97: A578 | B97: Veterinary Medical Examiners | C97: 0 | D97: 0 | E97: 0 | G97: =IF(SUM(C97:E97)>0,AVERAGE(C97:E97),0) -> 0 | H97: 1 | J97: =+G97*H97 -> 0 | L97: =+J97/$J$265 -> 0 | N97: =+L97*(assessment!$J$273*assessment!$F$3) -> 0 | P97: =+N97/payroll!F97 -> 0 | R97: =IF(P97<$R$2,N97, +payroll!F97 * $R$2) -> 0 | T97: =+N97-R97 -> 0 | V97: =+R97/N97 -> #DIV/0!
A98: A580 | B98: Water Development Board | C98: 0 | D98: 557.81 | E98: 477.4 | G98: =IF(SUM(C98:E98)>0,AVERAGE(C98:E98),0) -> 345.07 | H98: 1 | J98: =+G98*H98 -> 345.07 | L98: =+J98/$J$265 -> 9.0040638e-06 | N98: =+L98*(assessment!$J$273*assessment!$F$3) -> 322.00186 | P98: =+N98/payroll!F98 -> 8.5494882e-06 | R98: =IF(P98<$R$2,N98, +payroll!F98 * $R$2) -> 322.00186 | T98: =+N98-R98 -> 0 | V98: =+R98/N98 -> 1
A99: A582 | B99: Texas Comm. on Environmental Quality | C99: 7307.41 | D99: 42369.29 | E99: 52363.21 | G99: =IF(SUM(C99:E99)>0,AVERAGE(C99:E99),0) -> 34013.303 | H99: 1 | J99: =+G99*H99 -> 34013.303 | L99: =+J99/$J$265 -> 0.00088752413 | N99: =+L99*(assessment!$J$273*assessment!$F$3) -> 31739.493 | P99: =+N99/payroll!F99 -> 0.0001492169 | R99: =IF(P99<$R$2,N99, +payroll!F99 * $R$2) -> 31739.493 | T99: =+N99-R99 -> 0 | V99: =+R99/N99 -> 1
A100: A592 | B100: Soil & Water Conservation Board | C100: 0 | D100: 0 | E100: 0 | G100: =IF(SUM(C100:E100)>0,AVERAGE(C100:E100),0) -> 0 | H100: 1 | J100: =+G100*H100 -> 0 | L100: =+J100/$J$265 -> 0 | N100: =+L100*(assessment!$J$273*assessment!$F$3) -> 0 | P100: =+N100/payroll!F100 -> 0 | R100: =IF(P100<$R$2,N100, +payroll!F100 * $R$2) -> 0 | T100: =+N100-R100 -> 0 | V100: =+R100/N100 -> #DIV/0!
A101: A608 | B101: Department of Motor Vehicles | C101: 84231.88 | D101: 87367.28 | E101: 62701.29 | G101: =IF(SUM(C101:E101)>0,AVERAGE(C101:E101),0) -> 78100.15 | H101: 1 | J101: =+G101*H101 -> 78100.15 | L101: =+J101/$J$265 -> 0.0020379017 | N101: =+L101*(assessment!$J$273*assessment!$F$3) -> 72879.107 | P101: =+N101/payroll!F101 -> 0.0013227248 | R101: =IF(P101<$R$2,N101, +payroll!F101 * $R$2) -> 72879.107 | T101: =+N101-R101 -> 0 | V101: =+R101/N101 -> 1
A102: A644 | B102: Texas Juvenile Justice Department | C102: =1693181.55+67869.47 -> 1761051 | D102: =1926339.78+53395.72 -> 1979735.5 | E102: =2261775.17+85489.34 -> 2347264.5 | G102: =IF(SUM(C102:E102)>0,AVERAGE(C102:E102),0) -> 2029350.3 | H102: 1 | J102: =+G102*H102 -> 2029350.3 | L102: =+J102/$J$265 -> 0.052952734 | N102: =+L102*(assessment!$J$273*assessment!$F$3) -> 1893687 | P102: =+N102/payroll!F102 -> 0.014048178 | R102: =IF(P102<$R$2,N102, +payroll!F102 * $R$2) -> 1893687 | T102: =+N102-R102 -> 0 | V102: =+R102/N102 -> 1
A103: A696 | B103: Criminal Justice, Department of | C103: 17309253 | D103: 16427795 | E103: 14627517 | G103: =IF(SUM(C103:E103)>0,AVERAGE(C103:E103),0) -> 16121522 | H103: 1 | J103: =+G103*H103 -> 16121522 | L103: =+J103/$J$265 -> 0.42066598 | N103: =+L103*(assessment!$J$273*assessment!$F$3) -> 15043788 | P103: =+N103/payroll!F103 -> 0.0091124075 | R103: =IF(P103<$R$2,N103, +payroll!F103 * $R$2) -> 15043788 | T103: =+N103-R103 -> 0 | V103: =+R103/N103 -> 1
A104: WSD | B104: Windham School District | C104: 39883.65 | D104: 128155.51 | E104: 10631.05 | G104: =IF(SUM(C104:E104)>0,AVERAGE(C104:E104),0) -> 59556.737 | H104: 1 | J104: =+G104*H104 -> 59556.737 | L104: =+J104/$J$265 -> 0.0015540402 | N104: =+L104*(assessment!$J$273*assessment!$F$3) -> 55575.332 | P104: =+N104/payroll!F104 -> 0.00088099194 | R104: =IF(P104<$R$2,N104, +payroll!F104 * $R$2) -> 55575.332 | T104: =+N104-R104 -> 0 | V104: =+R104/N104 -> 1
A105: A701 | B105: Education Agency, Texas | C105: 1354.02 | D105: 2898.87 | E105: 2397.75 | G105: =IF(SUM(C105:E105)>0,AVERAGE(C105:E105),0) -> 2216.88 | H105: 1 | J105: =+G105*H105 -> 2216.88 | L105: =+J105/$J$265 -> 5.7846028e-05 | N105: =+L105*(assessment!$J$273*assessment!$F$3) -> 2068.6802 | P105: =+N105/payroll!F105 -> 1.7578882e-05 | R105: =IF(P105<$R$2,N105, +payroll!F105 * $R$2) -> 2068.6802 | T105: =+N105-R105 -> 0 | V105: =+R105/N105 -> 1
A106: A706 | B106: Texas Permanent School Fund Corporation | C106: 0 | D106: 0 | E106: 701.99 | G106: =IF(SUM(C106:E106)>0,AVERAGE(C106:E106),0) -> 233.99667 | H106: 1 | J106: =+G106*H106 -> 233.99667 | L106: =+J106/$J$265 -> 6.1057783e-06 | N106: =+L106*(assessment!$J$273*assessment!$F$3) -> 218.35384 | P106: =+N106/payroll!F106 -> 1.4211854e-05 | R106: =IF(P106<$R$2,N106, +payroll!F106 * $R$2) -> 218.35384 | T106: =+N106-R106 -> 0 | V106: =+R106/N106 -> 1
A107: A717 | B107: Texas Southern University | C107: 140002.92 | D107: 77797.19 | E107: 5955.22 | G107: =IF(SUM(C107:E107)>0,AVERAGE(C107:E107),0) -> 74585.11 | H107: 1 | J107: =+G107*H107 -> 74585.11 | L107: =+J107/$J$265 -> 0.0019461822 | N107: =+L107*(assessment!$J$273*assessment!$F$3) -> 69599.049 | P107: =+N107/payroll!F107 -> 0.00076152015 | R107: =IF(P107<$R$2,N107, +payroll!F107 * $R$2) -> 69599.049 | T107: =+N107-R107 -> 0 | V107: =+R107/N107 -> 1
A108: A719 | B108: Texas State Technical College - System | C108: 65669.21 | D108: 67743.21 | E108: 59484.84 | G108: =IF(SUM(C108:E108)>0,AVERAGE(C108:E108),0) -> 64299.087 | H108: 1 | J108: =+G108*H108 -> 64299.087 | L108: =+J108/$J$265 -> 0.0016777844 | N108: =+L108*(assessment!$J$273*assessment!$F$3) -> 60000.653 | P108: =+N108/payroll!F108 -> 0.0004814455 | R108: =IF(P108<$R$2,N108, +payroll!F108 * $R$2) -> 60000.653 | T108: =+N108-R108 -> 0 | V108: =+R108/N108 -> 1
A109: A730 | B109: University of Houston | C109: 375535.38 | D109: 342937.41 | E109: 593130.86 | G109: =IF(SUM(C109:E109)>0,AVERAGE(C109:E109),0) -> 437201.22 | H109: 1 | J109: =+G109*H109 -> 437201.22 | L109: =+J109/$J$265 -> 0.011408084 | N109: =+L109*(assessment!$J$273*assessment!$F$3) -> 407974.04 | P109: =+N109/payroll!F109 -> 0.00065095009 | R109: =IF(P109<$R$2,N109, +payroll!F109 * $R$2) -> 407974.04 | T109: =+N109-R109 -> 0 | V109: =+R109/N109 -> 1
A110: A731 | B110: Texas Woman's University | C110: 104852.15 | D110: 185189.51 | E110: 186455.06 | G110: =IF(SUM(C110:E110)>0,AVERAGE(C110:E110),0) -> 158832.24 | H110: 1 | J110: =+G110*H110 -> 158832.24 | L110: =+J110/$J$265 -> 0.0041444797 | N110: =+L110*(assessment!$J$273*assessment!$F$3) -> 148214.21 | P110: =+N110/payroll!F110 -> 0.0011570872 | R110: =IF(P110<$R$2,N110, +payroll!F110 * $R$2) -> 148214.21 | T110: =+N110-R110 -> 0 | V110: =+R110/N110 -> 1
A111: A733 | B111: Texas Tech University | C111: =616985.74+10256.03 -> 627241.77 | D111: =959287.99+27648.42 -> 986936.41 | E111: =646077.13+2038.63 -> 648115.76 | G111: =IF(SUM(C111:E111)>0,AVERAGE(C111:E111),0) -> 754097.98 | H111: 1 | J111: =+G111*H111 -> 754097.98 | L111: =+J111/$J$265 -> 0.019677011 | N111: =+L111*(assessment!$J$273*assessment!$F$3) -> 703686.06 | P111: =+N111/payroll!F111 -> 0.0012715644 | R111: =IF(P111<$R$2,N111, +payroll!F111 * $R$2) -> 703686.06 | T111: =+N111-R111 -> 0 | V111: =+R111/N111 -> 1
A112: A734 | B112: Lamar University - Beaumont | C112: 17709.58 | D112: 88688.78 | E112: 67704.3 | G112: =IF(SUM(C112:E112)>0,AVERAGE(C112:E112),0) -> 58034.22 | H112: 1 | J112: =+G112*H112 -> 58034.22 | L112: =+J112/$J$265 -> 0.0015143125 | N112: =+L112*(assessment!$J$273*assessment!$F$3) -> 54154.596 | P112: =+N112/payroll!F112 -> 0.00053319975 | R112: =IF(P112<$R$2,N112, +payroll!F112 * $R$2) -> 54154.596 | T112: =+N112-R112 -> 0 | V112: =+R112/N112 -> 1
A113: A735 | B113: Midwestern State University | C113: 50343.79 | D113: 25152.42 | E113: 91971.37 | G113: =IF(SUM(C113:E113)>0,AVERAGE(C113:E113),0) -> 55822.527 | H113: 1 | J113: =+G113*H113 -> 55822.527 | L113: =+J113/$J$265 -> 0.0014566018 | N113: =+L113*(assessment!$J$273*assessment!$F$3) -> 52090.756 | P113: =+N113/payroll!F113 -> 0.0012435892 | R113: =IF(P113<$R$2,N113, +payroll!F113 * $R$2) -> 52090.756 | T113: =+N113-R113 -> 0 | V113: =+R113/N113 -> 1
A114: A737 | B114: Angelo State University | C114: 32991.1 | D114: 6932.52 | E114: 8877.06 | G114: =IF(SUM(C114:E114)>0,AVERAGE(C114:E114),0) -> 16266.893 | H114: 1 | J114: =+G114*H114 -> 16266.893 | L114: =+J114/$J$265 -> 0.00042445922 | N114: =+L114*(assessment!$J$273*assessment!$F$3) -> 15179.441 | P114: =+N114/payroll!F114 -> 0.00025226556 | R114: =IF(P114<$R$2,N114, +payroll!F114 * $R$2) -> 15179.441 | T114: =+N114-R114 -> 0 | V114: =+R114/N114 -> 1
A115: A739 | B115: Texas Tech University Health Sciences Center | C115: 113124.12 | D115: 170159.42 | E115: 200789.21 | G115: =IF(SUM(C115:E115)>0,AVERAGE(C115:E115),0) -> 161357.58 | H115: 1 | J115: =+G115*H115 -> 161357.58 | L115: =+J115/$J$265 -> 0.0042103746 | N115: =+L115*(assessment!$J$273*assessment!$F$3) -> 150570.73 | P115: =+N115/payroll!F115 -> 0.00033817293 | R115: =IF(P115<$R$2,N115, +payroll!F115 * $R$2) -> 150570.73 | T115: =+N115-R115 -> 0 | V115: =+R115/N115 -> 1
A116: A752 | B116: University of North Texas | C116: 308578.22 | D116: 295139.12 | E116: 332633.45 | G116: =IF(SUM(C116:E116)>0,AVERAGE(C116:E116),0) -> 312116.93 | H116: 1 | J116: =+G116*H116 -> 312116.93 | L116: =+J116/$J$265 -> 0.0081442048 | N116: =+L116*(assessment!$J$273*assessment!$F$3) -> 291251.72 | P116: =+N116/payroll!F116 -> 0.00071269385 | R116: =IF(P116<$R$2,N116, +payroll!F116 * $R$2) -> 291251.72 | T116: =+N116-R116 -> 0 | V116: =+R116/N116 -> 1
A117: A753 | B117: Sam Houston State University | C117: 115506.67 | D117: 89309.44 | E117: 79735.52 | G117: =IF(SUM(C117:E117)>0,AVERAGE(C117:E117),0) -> 94850.543 | H117: 1 | J117: =+G117*H117 -> 94850.543 | L117: =+J117/$J$265 -> 0.0024749771 | N117: =+L117*(assessment!$J$273*assessment!$F$3) -> 88509.726 | P117: =+N117/payroll!F117 -> 0.00043752191 | R117: =IF(P117<$R$2,N117, +payroll!F117 * $R$2) -> 88509.726 | T117: =+N117-R117 -> 0 | V117: =+R117/N117 -> 1
A118: A754 | B118: Texas State University | C118: 193532.96 | D118: 231112.07 | E118: 374507.46 | G118: =IF(SUM(C118:E118)>0,AVERAGE(C118:E118),0) -> 266384.16 | H118: 1 | J118: =+G118*H118 -> 266384.16 | L118: =+J118/$J$265 -> 0.0069508795 | N118: =+L118*(assessment!$J$273*assessment!$F$3) -> 248576.22 | P118: =+N118/payroll!F118 -> 0.00067555146 | R118: =IF(P118<$R$2,N118, +payroll!F118 * $R$2) -> 248576.22 | T118: =+N118-R118 -> 0 | V118: =+R118/N118 -> 1
A119: A756 | B119: Sul Ross State University | C119: 16071.09 | D119: 42917.57 | E119: 66920.66 | G119: =IF(SUM(C119:E119)>0,AVERAGE(C119:E119),0) -> 41969.773 | H119: 1 | J119: =+G119*H119 -> 41969.773 | L119: =+J119/$J$265 -> 0.0010951358 | N119: =+L119*(assessment!$J$273*assessment!$F$3) -> 39164.068 | P119: =+N119/payroll!F119 -> 0.0015291536 | R119: =IF(P119<$R$2,N119, +payroll!F119 * $R$2) -> 39164.068 | T119: =+N119-R119 -> 0 | V119: =+R119/N119 -> 1
A120: A758 | B120: Texas State University System Administration | C120: 0 | D120: 0 | E120: 0 | G120: =IF(SUM(C120:E120)>0,AVERAGE(C120:E120),0) -> 0 | H120: 1 | J120: =+G120*H120 -> 0 | L120: =+J120/$J$265 -> 0 | N120: =+L120*(assessment!$J$273*assessment!$F$3) -> 0 | P120: =+N120/payroll!F120 -> 0 | R120: =IF(P120<$R$2,N120, +payroll!F120 * $R$2) -> 0 | T120: =+N120-R120 -> 0 | V120: =+R120/N120 -> #DIV/0!
A121: A759 | B121: University of Houston - Clear Lake | C121: 63941.05 | D121: 214892.61 | E121: 28236.93 | G121: =IF(SUM(C121:E121)>0,AVERAGE(C121:E121),0) -> 102356.86 | H121: 1 | J121: =+G121*H121 -> 102356.86 | L121: =+J121/$J$265 -> 0.0026708428 | N121: =+L121*(assessment!$J$273*assessment!$F$3) -> 95514.244 | P121: =+N121/payroll!F121 -> 0.0012311411 | R121: =IF(P121<$R$2,N121, +payroll!F121 * $R$2) -> 95514.244 | T121: =+N121-R121 -> 0 | V121: =+R121/N121 -> 1
A122: A763 | B122: Univ. of North Texas Health Science Center | C122: 154077.32 | D122: 95434.92 | E122: 85898.55 | G122: =IF(SUM(C122:E122)>0,AVERAGE(C122:E122),0) -> 111803.6 | H122: 1 | J122: =+G122*H122 -> 111803.6 | L122: =+J122/$J$265 -> 0.0029173406 | N122: =+L122*(assessment!$J$273*assessment!$F$3) -> 104329.46 | P122: =+N122/payroll!F122 -> 0.00079761917 | R122: =IF(P122<$R$2,N122, +payroll!F122 * $R$2) -> 104329.46 | T122: =+N122-R122 -> 0 | V122: =+R122/N122 -> 1
A123: A769 | B123: University of North Texas System Administration | C123: 1500.88 | D123: 20020.07 | E123: 8851.98 | G123: =IF(SUM(C123:E123)>0,AVERAGE(C123:E123),0) -> 10124.31 | H123: 1 | J123: =+G123*H123 -> 10124.31 | L123: =+J123/$J$265 -> 0.00026417809 | N123: =+L123*(assessment!$J$273*assessment!$F$3) -> 9447.4936 | P123: =+N123/payroll!F123 -> 0.00026987906 | R123: =IF(P123<$R$2,N123, +payroll!F123 * $R$2) -> 9447.4936 | T123: =+N123-R123 -> 0 | V123: =+R123/N123 -> 1
... A138: A907 | B138: Comptroller's State Energy Conservation Office | C138: 0 | D138: 0 | E138: 0 | G138: =IF(SUM(C138:E138)>0,AVERAGE(C138:E138),0) -> 0 | H138: 1 | J138: =+G138*H138 -> 0 | L138: =+J138/$J$265 -> 0 | N138: =+L138*(assessment!$J$273*assessment!$F$3) -> 0 | P138: =+N138/payroll!F138 -> 0 | R138: =IF(P138<$R$2,N138, +payroll!F138 * $R$2) -> 0 | T138: =+N138-R138 -> 0 | V138: =+R138/N138 -> #DIV/0!
A139: A909 | B139: Comptroller - Texas Broadband Development Office | C139: 0 | D139: 0 | E139: 0 | G139: =IF(SUM(C139:E139)>0,AVERAGE(C139:E139),0) -> 0 | H139: 1 | J139: =+G139*H139 -> 0 | L139: =+J139/$J$265 -> 0 | N139: =+L139*(assessment!$J$273*assessment!$F$3) -> 0 | P139: =+N139/payroll!F139 -> 0 | R139: =IF(P139<$R$2,N139, +payroll!F139 * $R$2) -> 0 | T139: =+N139-R139 -> 0
A140: A930 | B140: Texas Treasury Safekeeping Trust Company | C140: 0 | D140: 0 | E140: 0 | G140: =IF(SUM(C140:E140)>0,AVERAGE(C140:E140),0) -> 0 | H140: 1 | J140: =+G140*H140 -> 0 | L140: =+J140/$J$265 -> 0 | N140: =+L140*(assessment!$J$273*assessment!$F$3) -> 0 | P140: =+N140/payroll!F140 -> 0 | R140: =IF(P140<$R$2,N140, +payroll!F140 * $R$2) -> 0 | T140: =+N140-R140 -> 0
A141: C001 | B141: Anderson | C141: 0 | D141: 0 | E141: 0 | G141: =IF(SUM(C141:E141)>0,AVERAGE(C141:E141),0) -> 0 | H141: 1 | J141: =+G141*H141 -> 0 | L141: =+J141/$J$265 -> 0 | N141: =+L141*(assessment!$J$273*assessment!$F$3) -> 0 | P141: =+N141/payroll!F141 -> 0 | R141: =IF(P141<$R$2,N141, +payroll!F141 * $R$2) -> 0 | T141: =+N141-R141 -> 0 | V141: =+R141/N141 -> #DIV/0!
A142: C002 | B142: Andrews | C142: 0 | D142: 0 | E142: 0 | G142: =IF(SUM(C142:E142)>0,AVERAGE(C142:E142),0) -> 0 | H142: 1 | J142: =+G142*H142 -> 0 | L142: =+J142/$J$265 -> 0 | N142: =+L142*(assessment!$J$273*assessment!$F$3) -> 0 | P142: =+N142/payroll!F142 -> 0 | R142: =IF(P142<$R$2,N142, +payroll!F142 * $R$2) -> 0 | T142: =+N142-R142 -> 0 | V142: =+R142/N142 -> #DIV/0!
A143: C003 | B143: Angelina | C143: 0 | D143: 0 | E143: 0 | G143: =IF(SUM(C143:E143)>0,AVERAGE(C143:E143),0) -> 0 | H143: 1 | J143: =+G143*H143 -> 0 | L143: =+J143/$J$265 -> 0 | N143: =+L143*(assessment!$J$273*assessment!$F$3) -> 0 | P143: =+N143/payroll!F143 -> 0 | R143: =IF(P143<$R$2,N143, +payroll!F143 * $R$2) -> 0 | T143: =+N143-R143 -> 0 | V143: =+R143/N143 -> #DIV/0!
...
